Workbook

Sheet Cover
A1: Intuitive Surgical, Inc. (NasdaqGS: ISRG)
A2: Cover
A3: $ millions, except per share
A4: Period | B4: 3Q26E
A5: Period end | B5: =DATE(2026,9,30) -> 46295
A6: Days in period | B6: =B5-EOMONTH(B5,-3) -> 92
A8: Company Model — built by Shortcut
A9: Author: Shortcut (model built with Shortcut tools; not investment advice)
A11: Company | B11: Intuitive Surgical, Inc.
A12: Ticker | B12: ISRG
A13: Exchange | B13: Nasdaq Global Select Market (NasdaqGS:ISRG)
A14: Fiscal year end | B14: 31-Dec; FQ3 2026 = quarter ended 30-Sep-2026 (issuer calendar quarter; supplied label 2026-09-30 matches)
A15: Reporting currency | B15: USD; amounts in $ millions
A16: EPS basis | B16: Issuer non-GAAP diluted EPS = CapIQ normalized diluted EPS, USD per diluted common share
A17: Information cutoff | B17: 2026-10-18 21:34:46 UTC
A18: Expected report date | B18: 2026-10-20 after market close (issuer IR event page; CapIQ supplied 2026-10-20)
A19: Consensus capture | B19: CapIQ snapshot 18-Oct-2026 (date precision); 24 EPS / 25 revenue estimates
A21: 3Q26E headline | B21: Estimate | C21: Consensus | D21: Variance | E21: Var. % | F21: Guide mid | G21: 3Q25A | H21: Y/Y %
A22: Revenue ($m) | B22: ='Income Statement'!G13 -> 2942.4529 | C22: =Inputs!B281 -> 2906.81 | D22: =B22-C22 -> 35.6429 | E22: =B22/C22-1 -> 0.012261861 | F22: Not guided | G22: ='Income Statement'!B13 -> 2505.1 | H22: =B22/G22-1 -> 0.17458501
A23: Non-GAAP net income ($m) | B23: ='Income Statement'!G92 -> 983.93893 | C23: =Inputs!B294 -> 940.37 | D23: =B23-C23 -> 43.568933 | E23: =B23/C23-1 -> 0.046331692 | F23: Not guided | G23: ='Income Statement'!B92 -> 867.2 | H23: =B23/G23-1 -> 0.13461593
A24: Non-GAAP diluted EPS (scored basis) | B24: ='Income Statement'!G97 -> 2.7589651 | C24: =Inputs!B263 -> 2.64 | D24: =B24-C24 -> 0.11896514 | E24: =B24/C24-1 -> 0.045062552 | F24: Not guided | G24: ='Income Statement'!B100 -> 2.4 | H24: =B24/G24-1 -> 0.14956881
A25: Net income – GAAP ($m) | B25: ='Income Statement'!G62 -> 790.70893 | C25: =Inputs!B295 -> 798.91 | D25: =B25-C25 -> -8.2010667 | E25: =B25/C25-1 -> -0.01026532 | F25: Not guided | G25: ='Income Statement'!B62 -> 704.4 | H25: =B25/G25-1 -> 0.1225283
A26: Diluted EPS – GAAP | B26: ='Income Statement'!G71 -> 2.2171481 | C26: =Inputs!B272 -> 2.37 | D26: =B26-C26 -> -0.15285186 | E26: =B26/C26-1 -> -0.064494454 | F26: Not guided | G26: ='Income Statement'!B73 -> 1.95 | H26: =B26/G26-1 -> 0.13699905
A27: Non-GAAP operating income ($m) | B27: ='Income Statement'!G120 -> 1196.0502 | C27: =Inputs!B291 -> 1141.88 | D27: =B27-C27 -> 54.170236 | E27: =B27/C27-1 -> 0.047439518 | F27: Not guided | G27: ='Income Statement'!B120 -> 975.9 | H27: =B27/G27-1 -> 0.22558688
A28: Structural checks (see note 1) | B28: =IF(COUNTIF('Revenue summary'!B38:G38,">0.000001")+COUNTIF('Revenue summary'!B38:G38,"<-0.000001")+COUNTIF('Revenue summary'!B81:G81,">0.000001")+COUNTIF('Revenue summary'!B81:G81,"<-0.000001")+COUNTIF('Revenue summary'!B135:G135,">0.000001")+COUNTIF('Revenue summary'!B135:G135,"<-0.000001")+COUNTIF('Revenue summary'!B136:G136,">0.000001")+COUNTIF('Revenue summary'!B136:G136,"<-0.000001")+COUNTIF('Revenue summary'!B164:G164,">0.000001")+COUNTIF('Revenue summary'!B164:G164,"<-0.000001")+COUNTIF('Revenue summary'!B172:G172,">0.000001")+COUNTIF('Revenue summary'!B172:G172,"<-0.000001")+COUNTIF('Revenue summary'!B187:G187,">0.000001")+COUNTIF('Revenue summary'!B187:G187,"<-0.000001")+COUNTIF('Revenue summary'!B225:G225,">0.000001")+COUNTIF('Revenue summary'!B225:G225,"<-0.000001")+COUNTIF('Revenue summary'!B235:G235,">0.000001")+COUNTIF('Revenue summary'!B235:G235,"<-0.000001")+COUNTIF('Revenue summary'!B279:G279,">0.000001")+COUNTIF('Revenue summary'!B279:G279,"<-0.000001")+COUNTIF('Revenue summary'!B290:G290,">0.000001")+COUNTIF('Revenue summary'!B290:G290,"<-0.000001")+COUNTIF('Revenue summary'!B475:G475,">0.000001")+COUNTIF('Revenue summary'!B475:G475,"<-0.000001")+COUNTIF('Revenue summary'!B476:G476,">0.000001")+COUNTIF('Revenue summary'!B476:G476,"<-0.000001")+COUNTIF('Revenue summary'!B477:G477,">0.000001")+COUNTIF('Revenue summary'!B477:G477,"<-0.000001")+COUNTIF('Income Statement'!B74:G74,">0.000001")+COUNTIF('Income Statement'!B74:G74,"<-0.000001")+COUNTIF('Income Statement'!B96:G96,">0.000001")+COUNTIF('Income Statement'!B96:G96,"<-0.000001")+COUNTIF('Income Statement'!B101:G101,">0.000001")+COUNTIF('Income Statement'!B101:G101,"<-0.000001")+COUNTIF('Income Statement'!B140:G140,">0.000001")+COUNTIF('Income Statement'!B140:G140,"<-0.000001")+COUNTIF('Income Statement'!B168:G168,">0.000001")+COUNTIF('Income Statement'!B168:G168,"<-0.000001")+COUNTIF('Balance Sheet'!B39:G39,">0.000001")+COUNTIF('Balance Sheet'!B39:G39,"<-0.000001")+COUNTIF('Balance Sheet'!B41:G41,">0.000001")+COUNTIF('Balance Sheet'!B41:G41,"<-0.000001")+COUNTIF('Balance Sheet'!B43:G43,">0.000001")+COUNTIF('Balance Sheet'!B43:G43,"<-0.000001")+COUNTIF('Cash Flow Statement'!B25:G25,">0.000001")+COUNTIF('Cash Flow Statement'!B25:G25,"<-0.000001")+COUNTIF('Cash Flow Statement'!B35:G35,">0.000001")+COUNTIF('Cash Flow Statement'!B35:G35,"<-0.000001")+COUNTIF('Cash Flow Statement'!B43:G43,">0.000001")+COUNTIF('Cash Flow Statement'!B43:G43,"<-0.000001")+COUNTIF('Cash Flow Statement'!B49:G49,">0.000001")+COUNTIF('Cash Flow Statement'!B49:G49,"<-0.000001")+COUNTIF('Cash Flow Statement'!B50:G50,">0.000001")+COUNTIF('Cash Flow Statement'!B50:G50,"<-0.000001")+COUNTIF('Cash Flow Statement'!B51:G51,">0.000001")+COUNTIF('Cash Flow Statement'!B51:G51,"<-0.000001")+COUNTIF(Geo!B80:G80,">0.000001")+COUNTIF(Geo!B80:G80,"<-0.000001")+COUNTIF(Geo!B81:G81,">0.000001")+COUNTIF(Geo!B81:G81,"<-0.000001")+COUNTIF(Geo!B82:G82,">0.000001")+COUNTIF(Geo!B82:G82,"<-0.000001")+COUNTIF(Geo!B83:G83,">0.000001")+COUNTIF(Geo!B83:G83,"<-0.000001")+COUNTIF('Share Count'!B38:G38,">0.000001")+COUNTIF('Share Count'!B38:G38,"<-0.000001")+COUNTIF(B40,">0.000001")=0,"PASS","FAIL") -> PASS
A29: P(beat consensus EPS) | B29: =Inputs!B347 -> 0.86
A30: Confidence | B30: =Inputs!B349 -> medium
A32: Guidance context (FY26, 16-Jul-26)
A33: FY26 dV procedure growth guide mid | B33: =Guidance!F24 -> 0.145
A34: 3Q26E dV procedure growth (model) | B34: ='Revenue summary'!G78 -> 0.13592848
A35: FY26 non-GAAP GM guide midpoint | B35: =Guidance!F25 -> 0.685
A36: 3Q26E NG GM (input = guide mid) | B36: ='Income Statement'!G109 -> 0.685
A37: Non-GAAP tax rate midpoint (FY26) | B37: =Guidance!F29 -> 0.225
A38: 3Q26E NG tax (input = guide mid) | B38: ='Income Statement'!G130 -> 0.225
A40: Check: Cover ties to statements (= 0) | B40: =ROUND(ABS(B22-'Income Statement'!G13)+ABS(B23-'Income Statement'!G92)+ABS(B24-'Income Statement'!G97)+ABS(B25-'Income Statement'!G62)+ABS(B26-'Income Statement'!G71)+ABS(B27-'Income Statement'!G120),9) -> 0
A41: Notes
A42: (1) Checks: 3Q26E cells Income Statement!G74, G96, G101, G140; Revenue summary!G135, G279, G475:G477; Geo!G80:G83;
A43: Cash Flow Statement!G50:G51 and Share Count!G38 are identities by construction and cannot fail. Balance Sheet!G39 holds by double-entry
A44: construction. None validates forecast assumptions. Revenue summary!G136/G225 test independent inputs; historical columns tie to reported values.
A45: (2) GAAP consensus lines (C25 net income 798.91; C26 EPS 2.37, 6 estimates) come from different CapIQ contributor sets and
A46: imply ~337m shares vs ~356m for the normalized pair (940.37 / 2.64). Raw snapshot retained; GAAP variances are indicative
A47: only. Scored basis is row 24.
A48: (3) Target coverage: organic revenue growth is unavailable for 2026 periods because the acquired-distributor scope effect is
A49: not disclosed (Revenue summary!G41/G43 = n.d.); constant-currency growth (Revenue summary!G40) is the proxy. Issuer-defined
A50: EBITDA is not applicable (not reported; Income Statement!A141).
A51: (4) Free cash flow (Cash Flow Statement!G53) is model-defined as OCF less purchases of PP&E. It is not an issuer-defined or
A52: reconciled metric, although it matches the magnitudes management quoted on calls (S11: FY25 $2.5bn; S9: 1H26 $1.8bn).

Sheet Revenue summary
A1: Intuitive Surgical, Inc. (NasdaqGS: ISRG)
A2: Revenue summary — single reportable segment; drivers built here
A3: $ millions, except per share
A4: Period | B4: 3Q25A | C4: 4Q25A | D4: 1Q26A | E4: 2Q26A | F4: FY25A | G4: 3Q26E | H4: Source
A5: Period end | B5: =DATE(2025,9,30) -> 45930 | C5: =DATE(2025,12,31) -> 46022 | D5: =DATE(2026,3,31) -> 46112 | E5: =DATE(2026,6,30) -> 46203 | F5: =DATE(2025,12,31) -> 46022 | G5: =DATE(2026,9,30) -> 46295
A6: Days in period | B6: =B5-EOMONTH(B5,-3) -> 92 | C6: =C5-EOMONTH(C5,-3) -> 92 | D6: =D5-EOMONTH(D5,-3) -> 90 | E6: =E5-EOMONTH(E5,-3) -> 91 | F6: =F5-DATE(YEAR(F5)-1,12,31) -> 365 | G6: =G5-EOMONTH(G5,-3) -> 92
A8: Revenue by product line
A9: Single reportable segment; effectively ~66% U.S. / ~34% OUS revenue - split on Geo tab
A10: Instruments & accessories | B10: =B351 -> 1518.8 | C10: =C351 -> 1658.3 | D10: =D351 -> 1686.4 | E10: =E351 -> 1734.9 | F10: =F351 -> 6018.9 | G10: =G351 -> 1771.0315 | H10: S1
A11: Y/Y % | B11: =_xlfn.IFERROR(B10/Inputs!B45-1,"n.a.") -> 0.20139218 | C11: =_xlfn.IFERROR(C10/Inputs!C45-1,"n.a.") -> 0.17484945 | D11: =_xlfn.IFERROR(D10/Inputs!D45-1,"n.a.") -> 0.23301894 | E11: =_xlfn.IFERROR(E10/Inputs!E45-1,"n.a.") -> 0.17692151 | F11: =_xlfn.IFERROR(F10/Inputs!F45-1,"n.a.") -> 0.18505611 | G11: =_xlfn.IFERROR(G10/B10-1,"n.a.") -> 0.16607292
A12: Q/Q % | B12: =_xlfn.IFERROR(B10/Inputs!E45-1,"n.a.") -> 0.030323587 | C12: =_xlfn.IFERROR(C10/B10-1,"n.a.") -> 0.091848828 | D12: =_xlfn.IFERROR(D10/C10-1,"n.a.") -> 0.016945064 | E12: =_xlfn.IFERROR(E10/D10-1,"n.a.") -> 0.028759488 | F12: n.a. | G12: =_xlfn.IFERROR(G10/E10-1,"n.a.") -> 0.020826301
A13: % of total revenue | B13: =B10/B34 -> 0.60628318 | C13: =C10/C34 -> 0.57857093 | D13: =D10/D34 -> 0.60863289 | E13: =E10/E34 -> 0.59983404 | F13: =F10/F34 -> 0.59802081 | G13: =G10/G34 -> 0.60188952
A14: M&A / scope impact | B14: 0 | C14: 0 | D14: n.d. | E14: n.d. | F14: 0 | G14: n.d.
A15: FX impact | B15: n.d. | C15: n.d. | D15: n.d. | E15: n.d. | F15: n.d. | G15: n.d.
A16: Organic = (1+Y/Y)/((1+M&A)(1+FX))-1 | B16: =IF(AND(ISNUMBER(B14),ISNUMBER(B15),ISNUMBER(B11)),(1+B11)/((1+B14)*(1+B15))-1,"n.d.") -> n.d. | C16: =IF(AND(ISNUMBER(C14),ISNUMBER(C15),ISNUMBER(C11)),(1+C11)/((1+C14)*(1+C15))-1,"n.d.") -> n.d. | D16: =IF(AND(ISNUMBER(D14),ISNUMBER(D15),ISNUMBER(D11)),(1+D11)/((1+D14)*(1+D15))-1,"n.d.") -> n.d. | E16: =IF(AND(ISNUMBER(E14),ISNUMBER(E15),ISNUMBER(E11)),(1+E11)/((1+E14)*(1+E15))-1,"n.d.") -> n.d. | F16: =IF(AND(ISNUMBER(F14),ISNUMBER(F15),ISNUMBER(F11)),(1+F11)/((1+F14)*(1+F15))-1,"n.d.") -> n.d. | G16: =IF(AND(ISNUMBER(G14),ISNUMBER(G15),ISNUMBER(G11)),(1+G11)/((1+G14)*(1+G15))-1,"n.d.") -> n.d.
A17: Total Y/Y | B17: =B11 -> 0.20139218 | C17: =C11 -> 0.17484945 | D17: =D11 -> 0.23301894 | E17: =E11 -> 0.17692151 | F17: =F11 -> 0.18505611 | G17: =G11 -> 0.16607292
A18: Systems | B18: =B413 -> 590.4 | C18: =C413 -> 785.9 | D18: =D413 -> 650.7 | E18: =E413 -> 685 | F18: =F413 -> 2473.7 | G18: =G413 -> 692.2568 | H18: S1
A19: Y/Y % | B19: =_xlfn.IFERROR(B18/Inputs!B50-1,"n.a.") -> 0.32674157 | C19: =_xlfn.IFERROR(C18/Inputs!C50-1,"n.a.") -> 0.20058051 | D19: =_xlfn.IFERROR(D18/Inputs!D50-1,"n.a.") -> 0.24488234 | E19: =_xlfn.IFERROR(E18/Inputs!E50-1,"n.a.") -> 0.19192622 | F19: =_xlfn.IFERROR(F18/Inputs!F50-1,"n.a.") -> 0.25824008 | G19: =_xlfn.IFERROR(G18/B18-1,"n.a.") -> 0.17252168
A20: Q/Q % | B20: =_xlfn.IFERROR(B18/Inputs!E50-1,"n.a.") -> 0.027318601 | C20: =_xlfn.IFERROR(C18/B18-1,"n.a.") -> 0.33113144 | D20: =_xlfn.IFERROR(D18/C18-1,"n.a.") -> -0.17203207 | E20: =_xlfn.IFERROR(E18/D18-1,"n.a.") -> 0.052712464 | F20: n.a. | G20: =_xlfn.IFERROR(G18/E18-1,"n.a.") -> 0.010593869
A21: % of total revenue | B21: =B18/B34 -> 0.23567921 | C21: =C18/C34 -> 0.2741958 | D21: =D18/D34 -> 0.23484192 | E21: =E18/E34 -> 0.23683574 | F21: =F18/F34 -> 0.2457798 | G21: =G18/G34 -> 0.23526521
A22: M&A / scope impact | B22: 0 | C22: 0 | D22: n.d. | E22: n.d. | F22: 0 | G22: n.d.
A23: FX impact | B23: n.d. | C23: n.d. | D23: n.d. | E23: n.d. | F23: n.d. | G23: n.d.
A24: Organic = (1+Y/Y)/((1+M&A)(1+FX))-1 | B24: =IF(AND(ISNUMBER(B22),ISNUMBER(B23),ISNUMBER(B19)),(1+B19)/((1+B22)*(1+B23))-1,"n.d.") -> n.d. | C24: =IF(AND(ISNUMBER(C22),ISNUMBER(C23),ISNUMBER(C19)),(1+C19)/((1+C22)*(1+C23))-1,"n.d.") -> n.d. | D24: =IF(AND(ISNUMBER(D22),ISNUMBER(D23),ISNUMBER(D19)),(1+D19)/((1+D22)*(1+D23))-1,"n.d.") -> n.d. | E24: =IF(AND(ISNUMBER(E22),ISNUMBER(E23),ISNUMBER(E19)),(1+E19)/((1+E22)*(1+E23))-1,"n.d.") -> n.d. | F24: =IF(AND(ISNUMBER(F22),ISNUMBER(F23),ISNUMBER(F19)),(1+F19)/((1+F22)*(1+F23))-1,"n.d.") -> n.d. | G24: =IF(AND(ISNUMBER(G22),ISNUMBER(G23),ISNUMBER(G19)),(1+G19)/((1+G22)*(1+G23))-1,"n.d.") -> n.d.
A25: Total Y/Y | B25: =B19 -> 0.32674157 | C25: =C19 -> 0.20058051 | D25: =D19 -> 0.24488234 | E25: =E19 -> 0.19192622 | F25: =F19 -> 0.25824008 | G25: =G19 -> 0.17252168
A26: Services | B26: =B466 -> 395.9 | C26: =C466 -> 422 | D26: =D466 -> 433.7 | E26: =E466 -> 472.4 | F26: =F466 -> 1572.1 | G26: =G466 -> 479.16455 | H26: S1
A27: Y/Y % | B27: =_xlfn.IFERROR(B26/Inputs!B56-1,"n.a.") -> 0.20370933 | C27: =_xlfn.IFERROR(C26/Inputs!C56-1,"n.a.") -> 0.21473805 | D27: =_xlfn.IFERROR(D26/Inputs!D56-1,"n.a.") -> 0.19476584 | E27: =_xlfn.IFERROR(E26/Inputs!E56-1,"n.a.") -> 0.20756646 | F27: =_xlfn.IFERROR(F26/Inputs!F56-1,"n.a.") -> 0.20273889 | G27: =_xlfn.IFERROR(G26/B26-1,"n.a.") -> 0.21031713
A28: Q/Q % | B28: =_xlfn.IFERROR(B26/Inputs!E56-1,"n.a.") -> 0.012014315 | C28: =_xlfn.IFERROR(C26/B26-1,"n.a.") -> 0.065925739 | D28: =_xlfn.IFERROR(D26/C26-1,"n.a.") -> 0.027725118 | E28: =_xlfn.IFERROR(E26/D26-1,"n.a.") -> 0.089232188 | F28: n.a. | G28: =_xlfn.IFERROR(G26/E26-1,"n.a.") -> 0.014319539
A29: % of total revenue | B29: =B26/B34 -> 0.1580376 | C29: =C26/C34 -> 0.14723327 | D29: =D26/D34 -> 0.15652519 | E29: =E26/E34 -> 0.16333022 | F29: =F26/F34 -> 0.15619939 | G29: =G26/G34 -> 0.16284527
A30: M&A / scope impact | B30: 0 | C30: 0 | D30: n.d. | E30: n.d. | F30: 0 | G30: n.d.
A31: FX impact | B31: n.d. | C31: n.d. | D31: n.d. | E31: n.d. | F31: n.d. | G31: n.d.
A32: Organic = (1+Y/Y)/((1+M&A)(1+FX))-1 | B32: =IF(AND(ISNUMBER(B30),ISNUMBER(B31),ISNUMBER(B27)),(1+B27)/((1+B30)*(1+B31))-1,"n.d.") -> n.d. | C32: =IF(AND(ISNUMBER(C30),ISNUMBER(C31),ISNUMBER(C27)),(1+C27)/((1+C30)*(1+C31))-1,"n.d.") -> n.d. | D32: =IF(AND(ISNUMBER(D30),ISNUMBER(D31),ISNUMBER(D27)),(1+D27)/((1+D30)*(1+D31))-1,"n.d.") -> n.d. | E32: =IF(AND(ISNUMBER(E30),ISNUMBER(E31),ISNUMBER(E27)),(1+E27)/((1+E30)*(1+E31))-1,"n.d.") -> n.d. | F32: =IF(AND(ISNUMBER(F30),ISNUMBER(F31),ISNUMBER(F27)),(1+F27)/((1+F30)*(1+F31))-1,"n.d.") -> n.d. | G32: =IF(AND(ISNUMBER(G30),ISNUMBER(G31),ISNUMBER(G27)),(1+G27)/((1+G30)*(1+G31))-1,"n.d.") -> n.d.
A33: Total Y/Y | B33: =B27 -> 0.20370933 | C33: =C27 -> 0.21473805 | D33: =D27 -> 0.19476584 | E33: =E27 -> 0.20756646 | F33: =F27 -> 0.20273889 | G33: =G27 -> 0.21031713
A34: Total revenue | B34: =B10+B18+B26 -> 2505.1 | C34: =C10+C18+C26 -> 2866.2 | D34: =D10+D18+D26 -> 2770.8 | E34: =E10+E18+E26 -> 2892.3 | F34: =F10+F18+F26 -> 10064.7 | G34: =G10+G18+G26 -> 2942.4529 | H34: S1
A35: Y/Y % | B35: =_xlfn.IFERROR(B34/Inputs!B60-1,"n.a.") -> 0.22913498 | C35: =_xlfn.IFERROR(C34/Inputs!C60-1,"n.a.") -> 0.18756992 | D35: =_xlfn.IFERROR(D34/Inputs!D60-1,"n.a.") -> 0.22960859 | E35: =_xlfn.IFERROR(E34/Inputs!E60-1,"n.a.") -> 0.18536885 | F35: =_xlfn.IFERROR(F34/Inputs!F60-1,"n.a.") -> 0.20505023 | G35: =_xlfn.IFERROR(G34/B34-1,"n.a.") -> 0.17458501
A36: Q/Q % | B36: =_xlfn.IFERROR(B34/Inputs!E60-1,"n.a.") -> 0.026680328 | C36: =_xlfn.IFERROR(C34/B34-1,"n.a.") -> 0.14414594 | D36: =_xlfn.IFERROR(D34/C34-1,"n.a.") -> -0.033284488 | E36: =_xlfn.IFERROR(E34/D34-1,"n.a.") -> 0.043850152 | F36: n.a. | G36: =_xlfn.IFERROR(G34/E34-1,"n.a.") -> 0.017340145
A37: Total revenue (as reported) | B37: 2505.1 | C37: 2866.2 | D37: 2770.8 | E37: 2892.3 | F37: =Inputs!D60+Inputs!E60+B37+C37 -> 10064.7 | G37: n.a. | H37: S1
A38: Check: lines = reported total (= 0) | B38: =ROUND(B34-B37,6) -> 0 | C38: =ROUND(C34-C37,6) -> 0 | D38: =ROUND(D34-D37,6) -> 0 | E38: =ROUND(E34-E37,6) -> 0 | F38: =ROUND(F34-F37,6) -> 0 | G38: n.a.
A39: FX impact on OUS revenue ($m) | B39: 3 | C39: n.d. | D39: 36 | E39: 4 | F39: n.d. | G39: -5 | H39: S3/S4/S5; G: assumption (S19)
A40: Constant-currency revenue growth | B40: =IF(ISNUMBER(B39),(B34-B39)/Inputs!B60-1,"n.d.") -> 0.22766302 | C40: =IF(ISNUMBER(C39),(C34-C39)/Inputs!C60-1,"n.d.") -> n.d. | D40: =IF(ISNUMBER(D39),(D34-D39)/Inputs!D60-1,"n.d.") -> 0.21363273 | E40: =IF(ISNUMBER(E39),(E34-E39)/Inputs!E60-1,"n.d.") -> 0.18372951 | F40: n.d. | G40: =IF(ISNUMBER(G39),(G34-G39)/B34-1,"n.d.") -> 0.17658093
A41: M&A / scope impact | B41: 0 | C41: 0 | D41: n.d. | E41: n.d. | F41: 0 | G41: n.d.
A42: FX impact: FX$/(rev − FX$) | B42: =IF(ISNUMBER(B39),B39/(B34-B39),"n.d.") -> 0.0011989928 | C42: =IF(ISNUMBER(C39),C39/(C34-C39),"n.d.") -> n.d. | D42: =IF(ISNUMBER(D39),D39/(D34-D39),"n.d.") -> 0.013163668 | E42: =IF(ISNUMBER(E39),E39/(E34-E39),"n.d.") -> 0.0013848977 | F42: n.d. | G42: =IF(ISNUMBER(G39),G39/(G34-G39),"n.d.") -> -0.0016963799
A43: Organic = (1+Y/Y)/((1+M&A)(1+FX))-1 | B43: =IF(AND(ISNUMBER(B41),ISNUMBER(B42),ISNUMBER(B35)),(1+B35)/((1+B41)*(1+B42))-1,"n.d.") -> 0.22766302 | C43: =IF(AND(ISNUMBER(C41),ISNUMBER(C42),ISNUMBER(C35)),(1+C35)/((1+C41)*(1+C42))-1,"n.d.") -> n.d. | D43: =IF(AND(ISNUMBER(D41),ISNUMBER(D42),ISNUMBER(D35)),(1+D35)/((1+D41)*(1+D42))-1,"n.d.") -> n.d. | E43: =IF(AND(ISNUMBER(E41),ISNUMBER(E42),ISNUMBER(E35)),(1+E35)/((1+E41)*(1+E42))-1,"n.d.") -> n.d. | F43: =IF(AND(ISNUMBER(F41),ISNUMBER(F42),ISNUMBER(F35)),(1+F35)/((1+F41)*(1+F42))-1,"n.d.") -> n.d. | G43: =IF(AND(ISNUMBER(G41),ISNUMBER(G42),ISNUMBER(G35)),(1+G35)/((1+G41)*(1+G42))-1,"n.d.") -> n.d.
A44: Total Y/Y | B44: =B35 -> 0.22913498 | C44: =C35 -> 0.18756992 | D44: =D35 -> 0.22960859 | E44: =E35 -> 0.18536885 | F44: =F35 -> 0.20505023 | G44: =G35 -> 0.17458501
A45: Recurring revenue | B45: =B351+B466+B420 -> 2137.7 | C45: =C351+C466+C420 -> 2322.6 | D45: =D351+D466+D420 -> 2370.3 | E45: =E351+E466+E420 -> 2469.1 | F45: =F351+F466+F420 -> 8465.3 | G45: =G351+G466+G420 -> 2521.1591 | H45: S1
A46: Y/Y % | B46: =_xlfn.IFERROR(B45/Inputs!B63-1,"n.a.") -> 0.21398149 | C46: =_xlfn.IFERROR(C45/Inputs!C63-1,"n.a.") -> 0.1969697 | D46: =_xlfn.IFERROR(D45/Inputs!D63-1,"n.a.") -> 0.23074926 | E46: =_xlfn.IFERROR(E45/Inputs!E63-1,"n.a.") -> 0.18758116 | F46: =_xlfn.IFERROR(F45/Inputs!F63-1,"n.a.") -> 0.20240615 | G46: =_xlfn.IFERROR(G45/B45-1,"n.a.") -> 0.17937929
A47: Q/Q % | B47: =_xlfn.IFERROR(B45/Inputs!E63-1,"n.a.") -> 0.028185272 | C47: =_xlfn.IFERROR(C45/B45-1,"n.a.") -> 0.086494831 | D47: =_xlfn.IFERROR(D45/C45-1,"n.a.") -> 0.020537329 | E47: =_xlfn.IFERROR(E45/D45-1,"n.a.") -> 0.041682487 | F47: n.a. | G47: =_xlfn.IFERROR(G45/E45-1,"n.a.") -> 0.021084241
A48: Recurring % of total revenue | B48: =B45/B34 -> 0.85333919 | C48: =C45/C34 -> 0.81034122 | D48: =D45/D34 -> 0.85545691 | E48: =E45/E34 -> 0.85368046 | F48: =F45/F34 -> 0.84108816 | G48: =G45/G34 -> 0.85682225
A49: M&A / scope impact | B49: 0 | C49: 0 | D49: n.d. | E49: n.d. | F49: 0 | G49: n.d.
A50: FX impact | B50: n.d. | C50: n.d. | D50: n.d. | E50: n.d. | F50: n.d. | G50: n.d.
A51: Organic = (1+Y/Y)/((1+M&A)(1+FX))-1 | B51: =IF(AND(ISNUMBER(B49),ISNUMBER(B50),ISNUMBER(B46)),(1+B46)/((1+B49)*(1+B50))-1,"n.d.") -> n.d. | C51: =IF(AND(ISNUMBER(C49),ISNUMBER(C50),ISNUMBER(C46)),(1+C46)/((1+C49)*(1+C50))-1,"n.d.") -> n.d. | D51: =IF(AND(ISNUMBER(D49),ISNUMBER(D50),ISNUMBER(D46)),(1+D46)/((1+D49)*(1+D50))-1,"n.d.") -> n.d. | E51: =IF(AND(ISNUMBER(E49),ISNUMBER(E50),ISNUMBER(E46)),(1+E46)/((1+E49)*(1+E50))-1,"n.d.") -> n.d. | F51: =IF(AND(ISNUMBER(F49),ISNUMBER(F50),ISNUMBER(F46)),(1+F46)/((1+F49)*(1+F50))-1,"n.d.") -> n.d. | G51: =IF(AND(ISNUMBER(G49),ISNUMBER(G50),ISNUMBER(G46)),(1+G46)/((1+G49)*(1+G50))-1,"n.d.") -> n.d.
A52: Total Y/Y | B52: =B46 -> 0.21398149 | C52: =C46 -> 0.1969697 | D52: =D46 -> 0.23074926 | E52: =E46 -> 0.18758116 | F52: =F46 -> 0.20240615 | G52: =G46 -> 0.17937929
A53: Ion revenue (all lines) | B53: =B340+B405+B458 -> 131.5 | C53: =C340+C405+C458 -> 136 | D53: =D340+D405+D458 -> 137.9 | E53: =E340+E405+E458 -> 158.3 | F53: =F340+F405+F458 -> 488.4 | G53: =G340+G405+G458 -> 165.1553 | H53: S1
A54: Y/Y % | B54: =_xlfn.IFERROR(B53/Inputs!B61-1,"n.a.") -> 0.39153439 | C54: =_xlfn.IFERROR(C53/Inputs!C61-1,"n.a.") -> 0.30895091 | D54: =_xlfn.IFERROR(D53/Inputs!D61-1,"n.a.") -> 0.2911985 | E54: =_xlfn.IFERROR(E53/Inputs!E61-1,"n.a.") -> 0.38737949 | F54: =_xlfn.IFERROR(F53/Inputs!F61-1,"n.a.") -> 0.31184529 | G54: =_xlfn.IFERROR(G53/B53-1,"n.a.") -> 0.25593384
A55: Q/Q % | B55: =_xlfn.IFERROR(B53/Inputs!E61-1,"n.a.") -> 0.15249781 | C55: =_xlfn.IFERROR(C53/B53-1,"n.a.") -> 0.034220532 | D55: =_xlfn.IFERROR(D53/C53-1,"n.a.") -> 0.013970588 | E55: =_xlfn.IFERROR(E53/D53-1,"n.a.") -> 0.14793328 | F55: n.a. | G55: =_xlfn.IFERROR(G53/E53-1,"n.a.") -> 0.043305749
A56: % of total revenue | B56: =B53/B34 -> 0.052492914 | C56: =C53/C34 -> 0.047449585 | D56: =D53/D34 -> 0.04976902 | E56: =E53/E34 -> 0.054731529 | F56: =F53/F34 -> 0.048526037 | G56: =G53/G34 -> 0.056128443
A57: M&A / scope impact | B57: 0 | C57: 0 | D57: n.d. | E57: n.d. | F57: 0 | G57: n.d.
A58: FX impact | B58: n.d. | C58: n.d. | D58: n.d. | E58: n.d. | F58: n.d. | G58: n.d.
A59: Organic = (1+Y/Y)/((1+M&A)(1+FX))-1 | B59: =IF(AND(ISNUMBER(B57),ISNUMBER(B58),ISNUMBER(B54)),(1+B54)/((1+B57)*(1+B58))-1,"n.d.") -> n.d. | C59: =IF(AND(ISNUMBER(C57),ISNUMBER(C58),ISNUMBER(C54)),(1+C54)/((1+C57)*(1+C58))-1,"n.d.") -> n.d. | D59: =IF(AND(ISNUMBER(D57),ISNUMBER(D58),ISNUMBER(D54)),(1+D54)/((1+D57)*(1+D58))-1,"n.d.") -> n.d. | E59: =IF(AND(ISNUMBER(E57),ISNUMBER(E58),ISNUMBER(E54)),(1+E54)/((1+E57)*(1+E58))-1,"n.d.") -> n.d. | F59: =IF(AND(ISNUMBER(F57),ISNUMBER(F58),ISNUMBER(F54)),(1+F54)/((1+F57)*(1+F58))-1,"n.d.") -> n.d. | G59: =IF(AND(ISNUMBER(G57),ISNUMBER(G58),ISNUMBER(G54)),(1+G54)/((1+G57)*(1+G58))-1,"n.d.") -> n.d.
A60: Total Y/Y | B60: =B54 -> 0.39153439 | C60: =C54 -> 0.30895091 | D60: =D54 -> 0.2911985 | E60: =E54 -> 0.38737949 | F60: =F54 -> 0.31184529 | G60: =G54 -> 0.25593384
A61: da Vinci revenue (total less Ion) | B61: =B34-B53 -> 2373.6 | C61: =C34-C53 -> 2730.2 | D61: =D34-D53 -> 2632.9 | E61: =E34-E53 -> 2734 | F61: =F34-F53 -> 9576.3 | G61: =G34-G53 -> 2777.2976
A62: Y/Y % | B62: =_xlfn.IFERROR(B61/Inputs!B62-1,"n.a.") -> 0.22123894 | C62: =_xlfn.IFERROR(C61/Inputs!C62-1,"n.a.") -> 0.18210946 | D62: =_xlfn.IFERROR(D61/Inputs!D62-1,"n.a.") -> 0.2265443 | E62: =_xlfn.IFERROR(E61/Inputs!E62-1,"n.a.") -> 0.17545896 | F62: =_xlfn.IFERROR(F61/Inputs!F62-1,"n.a.") -> 0.20006767 | G62: =_xlfn.IFERROR(G61/B61-1,"n.a.") -> 0.17007819
A63: Q/Q % | B63: =_xlfn.IFERROR(B61/Inputs!E62-1,"n.a.") -> 0.02050819 | C63: =_xlfn.IFERROR(C61/B61-1,"n.a.") -> 0.15023593 | D63: =_xlfn.IFERROR(D61/C61-1,"n.a.") -> -0.035638415 | E63: =_xlfn.IFERROR(E61/D61-1,"n.a.") -> 0.038398724 | F63: n.a. | G63: =_xlfn.IFERROR(G61/E61-1,"n.a.") -> 0.015836723
A64: % of total revenue | B64: =B61/B34 -> 0.94750709 | C64: =C61/C34 -> 0.95255042 | D64: =D61/D34 -> 0.95023098 | E64: =E61/E34 -> 0.94526847 | F64: =F61/F34 -> 0.95147396 | G64: =G61/G34 -> 0.94387156
A65: M&A / scope impact | B65: 0 | C65: 0 | D65: n.d. | E65: n.d. | F65: 0 | G65: n.d.
A66: FX impact | B66: n.d. | C66: n.d. | D66: n.d. | E66: n.d. | F66: n.d. | G66: n.d.
A67: Organic = (1+Y/Y)/((1+M&A)(1+FX))-1 | B67: =IF(AND(ISNUMBER(B65),ISNUMBER(B66),ISNUMBER(B62)),(1+B62)/((1+B65)*(1+B66))-1,"n.d.") -> n.d. | C67: =IF(AND(ISNUMBER(C65),ISNUMBER(C66),ISNUMBER(C62)),(1+C62)/((1+C65)*(1+C66))-1,"n.d.") -> n.d. | D67: =IF(AND(ISNUMBER(D65),ISNUMBER(D66),ISNUMBER(D62)),(1+D62)/((1+D65)*(1+D66))-1,"n.d.") -> n.d. | E67: =IF(AND(ISNUMBER(E65),ISNUMBER(E66),ISNUMBER(E62)),(1+E62)/((1+E65)*(1+E66))-1,"n.d.") -> n.d. | F67: =IF(AND(ISNUMBER(F65),ISNUMBER(F66),ISNUMBER(F62)),(1+F62)/((1+F65)*(1+F66))-1,"n.d.") -> n.d. | G67: =IF(AND(ISNUMBER(G65),ISNUMBER(G66),ISNUMBER(G62)),(1+G62)/((1+G65)*(1+G66))-1,"n.d.") -> n.d.
A68: Total Y/Y | B68: =B62 -> 0.22123894 | C68: =C62 -> 0.18210946 | D68: =D62 -> 0.2265443 | E68: =E62 -> 0.17545896 | F68: =F62 -> 0.20006767 | G68: =G62 -> 0.17007819
A70: Procedures (000s)
A71: U.S. da Vinci procedures | B71: 507 | C71: 545 | D71: 528 | E71: 552 | F71: =Inputs!D9+Inputs!E9+B71+C71 -> 2012 | G71: =B71*(1+G72) -> 560.235 | H71: S1
A72: Y/Y % (3Q26E: assumption) | B72: =_xlfn.IFERROR(B71/Inputs!B9-1,"n.a.") -> 0.15753425 | C72: =_xlfn.IFERROR(C71/Inputs!C9-1,"n.a.") -> 0.14978903 | D72: =_xlfn.IFERROR(D71/Inputs!D9-1,"n.a.") -> 0.13548387 | E72: =_xlfn.IFERROR(E71/Inputs!E9-1,"n.a.") -> 0.11515152 | F72: =_xlfn.IFERROR(F71/Inputs!F9-1,"n.a.") -> 0.14513375 | G72: 0.105
A73: Q/Q change | B73: =_xlfn.IFERROR(B71-Inputs!E9,"n.a.") -> 12 | C73: =_xlfn.IFERROR(C71-B71,"n.a.") -> 38 | D73: =_xlfn.IFERROR(D71-C71,"n.a.") -> -17 | E73: =_xlfn.IFERROR(E71-D71,"n.a.") -> 24 | F73: n.a. | G73: =_xlfn.IFERROR(G71-E71,"n.a.") -> 8.235
A74: OUS da Vinci procedures | B74: 290 | C74: 304 | D74: 319 | E74: 337 | F74: =Inputs!D10+Inputs!E10+B74+C74 -> 1141 | G74: =B74*(1+G75) -> 345.1 | H74: S1
A75: Y/Y % (3Q26E: assumption) | B75: =_xlfn.IFERROR(B74/Inputs!B10-1,"n.a.") -> 0.25 | C75: =_xlfn.IFERROR(C74/Inputs!C10-1,"n.a.") -> 0.21115538 | D75: =_xlfn.IFERROR(D74/Inputs!D10-1,"n.a.") -> 0.19475655 | E75: =_xlfn.IFERROR(E74/Inputs!E10-1,"n.a.") -> 0.20357143 | F75: =_xlfn.IFERROR(F74/Inputs!F10-1,"n.a.") -> 0.23218143 | G75: 0.19
A76: Q/Q change | B76: =_xlfn.IFERROR(B74-Inputs!E10,"n.a.") -> 10 | C76: =_xlfn.IFERROR(C74-B74,"n.a.") -> 14 | D76: =_xlfn.IFERROR(D74-C74,"n.a.") -> 15 | E76: =_xlfn.IFERROR(E74-D74,"n.a.") -> 18 | F76: n.a. | G76: =_xlfn.IFERROR(G74-E74,"n.a.") -> 8.1
A77: Total da Vinci procedures | B77: =B71+B74 -> 797 | C77: =C71+C74 -> 849 | D77: =D71+D74 -> 847 | E77: =E71+E74 -> 889 | F77: =F71+F74 -> 3153 | G77: =G71+G74 -> 905.335 | H77: S1
A78: Y/Y % | B78: =_xlfn.IFERROR(B77/Inputs!B11-1,"n.a.") -> 0.18955224 | C78: =_xlfn.IFERROR(C77/Inputs!C11-1,"n.a.") -> 0.17103448 | D78: =_xlfn.IFERROR(D77/Inputs!D11-1,"n.a.") -> 0.15710383 | E78: =_xlfn.IFERROR(E77/Inputs!E11-1,"n.a.") -> 0.14709677 | F78: =_xlfn.IFERROR(F77/Inputs!F11-1,"n.a.") -> 0.17517704 | G78: =_xlfn.IFERROR(G77/B77-1,"n.a.") -> 0.13592848
A79: Q/Q change | B79: =_xlfn.IFERROR(B77-Inputs!E11,"n.a.") -> 22 | C79: =_xlfn.IFERROR(C77-B77,"n.a.") -> 52 | D79: =_xlfn.IFERROR(D77-C77,"n.a.") -> -2 | E79: =_xlfn.IFERROR(E77-D77,"n.a.") -> 42 | F79: n.a. | G79: =_xlfn.IFERROR(G77-E77,"n.a.") -> 16.335
A80: da Vinci procedures (as reported) | B80: 797 | C80: 849 | D80: 847 | E80: 889 | F80: =Inputs!D11+Inputs!E11+B80+C80 -> 3153 | G80: n.a. | H80: S1
A81: Check: U.S. + OUS = reported (= 0) | B81: =B77-B80 -> 0 | C81: =C77-C80 -> 0 | D81: =D77-D80 -> 0 | E81: =E77-E80 -> 0 | F81: =F77-F80 -> 0 | G81: n.a.
A82: OUS % of da Vinci procedures | B82: =B74/B77 -> 0.36386449 | C82: =C74/C77 -> 0.35806832 | D82: =D74/D77 -> 0.37662338 | E82: =E74/E77 -> 0.37907762 | F82: =F74/F77 -> 0.36187758 | G82: =G74/G77 -> 0.38118487
A83: Y/Y change (bp) | B83: =_xlfn.IFERROR((B82-Inputs!B12)*10000,"n.a.") -> 175.95835 | C83: =_xlfn.IFERROR((C82-Inputs!C12)*10000,"n.a.") -> 118.61419 | D83: =_xlfn.IFERROR((D82-Inputs!D12)*10000,"n.a.") -> 118.69278 | E83: =_xlfn.IFERROR((E82-Inputs!E12)*10000,"n.a.") -> 177.87293 | F83: =_xlfn.IFERROR((F82-Inputs!F12)*10000,"n.a.") -> 167.41535 | G83: =_xlfn.IFERROR((G82-B82)*10000,"n.a.") -> 173.20373
A84: Q/Q change (bp) | B84: =_xlfn.IFERROR((B82-Inputs!E12)*10000,"n.a.") -> 25.741693 | C84: =_xlfn.IFERROR((C82-B82)*10000,"n.a.") -> -57.961762 | D84: =_xlfn.IFERROR((D82-C82)*10000,"n.a.") -> 185.55061 | E84: =_xlfn.IFERROR((E82-D82)*10000,"n.a.") -> 24.542387 | F84: n.a. | G84: =_xlfn.IFERROR((G82-E82)*10000,"n.a.") -> 21.0725
A85: Ion procedures | B85: 37.9 | C85: 40.2 | D85: 42.7 | E85: 47.9 | F85: =Inputs!D13+Inputs!E13+B85+C85 -> 144.1 | G85: =B85*(1+G86) -> 50.786 | H85: S1
A86: Y/Y % (3Q26E: assumption) | B86: =_xlfn.IFERROR(B85/Inputs!B13-1,"n.a.") -> 0.52208835 | C86: =_xlfn.IFERROR(C85/Inputs!C13-1,"n.a.") -> 0.44086022 | D86: =_xlfn.IFERROR(D85/Inputs!D13-1,"n.a.") -> 0.39087948 | E86: =_xlfn.IFERROR(E85/Inputs!E13-1,"n.a.") -> 0.35694051 | F86: =_xlfn.IFERROR(F85/Inputs!F13-1,"n.a.") -> 0.50890052 | G86: 0.34
A87: Q/Q change | B87: =_xlfn.IFERROR(B85-Inputs!E13,"n.a.") -> 2.6 | C87: =_xlfn.IFERROR(C85-B85,"n.a.") -> 2.3 | D87: =_xlfn.IFERROR(D85-C85,"n.a.") -> 2.5 | E87: =_xlfn.IFERROR(E85-D85,"n.a.") -> 5.2 | F87: n.a. | G87: =_xlfn.IFERROR(G85-E85,"n.a.") -> 2.886
A88: Total procedures (da Vinci + Ion) | B88: =B77+B85 -> 834.9 | C88: =C77+C85 -> 889.2 | D88: =D77+D85 -> 889.7 | E88: =E77+E85 -> 936.9 | F88: =F77+F85 -> 3297.1 | G88: =G77+G85 -> 956.121
A89: Y/Y % | B89: =_xlfn.IFERROR(B88/Inputs!B14-1,"n.a.") -> 0.20146784 | C89: =_xlfn.IFERROR(C88/Inputs!C14-1,"n.a.") -> 0.18103334 | D89: =_xlfn.IFERROR(D88/Inputs!D14-1,"n.a.") -> 0.1665137 | E89: =_xlfn.IFERROR(E88/Inputs!E14-1,"n.a.") -> 0.15623843 | F89: =_xlfn.IFERROR(F88/Inputs!F14-1,"n.a.") -> 0.18664747 | G89: =_xlfn.IFERROR(G88/B88-1,"n.a.") -> 0.14519224
A90: Q/Q change | B90: =_xlfn.IFERROR(B88-Inputs!E14,"n.a.") -> 24.6 | C90: =_xlfn.IFERROR(C88-B88,"n.a.") -> 54.3 | D90: =_xlfn.IFERROR(D88-C88,"n.a.") -> 0.5 | E90: =_xlfn.IFERROR(E88-D88,"n.a.") -> 47.2 | F90: n.a. | G90: =_xlfn.IFERROR(G88-E88,"n.a.") -> 19.221
A92: da Vinci system placements (units)
A93: da Vinci X dual console | B93: 1 | C93: 3 | D93: 3 | E93: 0 | F93: =Inputs!D15+Inputs!E15+B93+C93 -> 6 | G93: 1 | H93: S1
A94: Y/Y % | B94: =_xlfn.IFERROR(B93/Inputs!B15-1,"n.a.") -> n.a. | C94: =_xlfn.IFERROR(C93/Inputs!C15-1,"n.a.") -> 0.5 | D94: =_xlfn.IFERROR(D93/Inputs!D15-1,"n.a.") -> n.a. | E94: =_xlfn.IFERROR(E93/Inputs!E15-1,"n.a.") -> -1 | F94: =_xlfn.IFERROR(F93/Inputs!F15-1,"n.a.") -> 0.2 | G94: =_xlfn.IFERROR(G93/B93-1,"n.a.") -> 0
A95: Q/Q change | B95: =_xlfn.IFERROR(B93-Inputs!E15,"n.a.") -> -1 | C95: =_xlfn.IFERROR(C93-B93,"n.a.") -> 2 | D95: =_xlfn.IFERROR(D93-C93,"n.a.") -> 0 | E95: =_xlfn.IFERROR(E93-D93,"n.a.") -> -3 | F95: n.a. | G95: =_xlfn.IFERROR(G93-E93,"n.a.") -> 1
A96: da Vinci X single console | B96: 41 | C96: 35 | D96: 38 | E96: 58 | F96: =Inputs!D16+Inputs!E16+B96+C96 -> 161 | G96: 45 | H96: S1
A97: Y/Y % | B97: =_xlfn.IFERROR(B96/Inputs!B16-1,"n.a.") -> -0.12765957 | C97: =_xlfn.IFERROR(C96/Inputs!C16-1,"n.a.") -> -0.25531915 | D97: =_xlfn.IFERROR(D96/Inputs!D16-1,"n.a.") -> 0 | E97: =_xlfn.IFERROR(E96/Inputs!E16-1,"n.a.") -> 0.23404255 | F97: =_xlfn.IFERROR(F96/Inputs!F16-1,"n.a.") -> -0.052941176 | G97: =_xlfn.IFERROR(G96/B96-1,"n.a.") -> 0.097560976
A98: Q/Q change | B98: =_xlfn.IFERROR(B96-Inputs!E16,"n.a.") -> -6 | C98: =_xlfn.IFERROR(C96-B96,"n.a.") -> -6 | D98: =_xlfn.IFERROR(D96-C96,"n.a.") -> 3 | E98: =_xlfn.IFERROR(E96-D96,"n.a.") -> 20 | F98: n.a. | G98: =_xlfn.IFERROR(G96-E96,"n.a.") -> -13
A99: da Vinci Xi dual console | B99: 34 | C99: 32 | D99: 34 | E99: 19 | F99: =Inputs!D17+Inputs!E17+B99+C99 -> 127 | G99: 25 | H99: S1
A100: Y/Y % | B100: =_xlfn.IFERROR(B99/Inputs!B17-1,"n.a.") -> -0.24444444 | C100: =_xlfn.IFERROR(C99/Inputs!C17-1,"n.a.") -> -0.57894737 | D100: =_xlfn.IFERROR(D99/Inputs!D17-1,"n.a.") -> -0.15 | E100: =_xlfn.IFERROR(E99/Inputs!E17-1,"n.a.") -> -0.095238095 | F100: =_xlfn.IFERROR(F99/Inputs!F17-1,"n.a.") -> -0.43049327 | G100: =_xlfn.IFERROR(G99/B99-1,"n.a.") -> -0.26470588
A101: Q/Q change | B101: =_xlfn.IFERROR(B99-Inputs!E17,"n.a.") -> 13 | C101: =_xlfn.IFERROR(C99-B99,"n.a.") -> -2 | D101: =_xlfn.IFERROR(D99-C99,"n.a.") -> 2 | E101: =_xlfn.IFERROR(E99-D99,"n.a.") -> -15 | F101: n.a. | G101: =_xlfn.IFERROR(G99-E99,"n.a.") -> 6
A102: da Vinci Xi single console | B102: 81 | C102: 124 | D102: 90 | E102: 107 | F102: =Inputs!D18+Inputs!E18+B102+C102 -> 450 | G102: 95 | H102: S1
A103: Y/Y % | B103: =_xlfn.IFERROR(B102/Inputs!B18-1,"n.a.") -> -0.48076923 | C103: =_xlfn.IFERROR(C102/Inputs!C18-1,"n.a.") -> -0.24390244 | D103: =_xlfn.IFERROR(D102/Inputs!D18-1,"n.a.") -> -0.26829268 | E103: =_xlfn.IFERROR(E102/Inputs!E18-1,"n.a.") -> -0.12295082 | F103: =_xlfn.IFERROR(F102/Inputs!F18-1,"n.a.") -> -0.32835821 | G103: =_xlfn.IFERROR(G102/B102-1,"n.a.") -> 0.17283951
...

Sheet Income Statement
A1: Intuitive Surgical, Inc. (NasdaqGS: ISRG)
A2: Income Statement (GAAP) and non-GAAP bridge
A3: $ millions, except per share
A4: Period | B4: 3Q25A | C4: 4Q25A | D4: 1Q26A | E4: 2Q26A | F4: FY25A | G4: 3Q26E | H4: Source
A5: Period end | B5: =DATE(2025,9,30) -> 45930 | C5: =DATE(2025,12,31) -> 46022 | D5: =DATE(2026,3,31) -> 46112 | E5: =DATE(2026,6,30) -> 46203 | F5: =DATE(2025,12,31) -> 46022 | G5: =DATE(2026,9,30) -> 46295
A6: Days in period | B6: =B5-EOMONTH(B5,-3) -> 92 | C6: =C5-EOMONTH(C5,-3) -> 92 | D6: =D5-EOMONTH(D5,-3) -> 90 | E6: =E5-EOMONTH(E5,-3) -> 91 | F6: =F5-DATE(YEAR(F5)-1,12,31) -> 365 | G6: =G5-EOMONTH(G5,-3) -> 92
A8: Revenue
A9: Instruments & accessories | B9: ='Revenue summary'!B351 -> 1518.8 | C9: ='Revenue summary'!C351 -> 1658.3 | D9: ='Revenue summary'!D351 -> 1686.4 | E9: ='Revenue summary'!E351 -> 1734.9 | F9: ='Revenue summary'!F351 -> 6018.9 | G9: ='Revenue summary'!G351 -> 1771.0315 | H9: S1
A10: Systems | B10: ='Revenue summary'!B413 -> 590.4 | C10: ='Revenue summary'!C413 -> 785.9 | D10: ='Revenue summary'!D413 -> 650.7 | E10: ='Revenue summary'!E413 -> 685 | F10: ='Revenue summary'!F413 -> 2473.7 | G10: ='Revenue summary'!G413 -> 692.2568 | H10: S1
A11: Product revenue | B11: =B9+B10 -> 2109.2 | C11: =C9+C10 -> 2444.2 | D11: =D9+D10 -> 2337.1 | E11: =E9+E10 -> 2419.9 | F11: =F9+F10 -> 8492.6 | G11: =G9+G10 -> 2463.2883
A12: Services | B12: ='Revenue summary'!B466 -> 395.9 | C12: ='Revenue summary'!C466 -> 422 | D12: ='Revenue summary'!D466 -> 433.7 | E12: ='Revenue summary'!E466 -> 472.4 | F12: ='Revenue summary'!F466 -> 1572.1 | G12: ='Revenue summary'!G466 -> 479.16455 | H12: S1
A13: Total revenue | B13: =B11+B12 -> 2505.1 | C13: =C11+C12 -> 2866.2 | D13: =D11+D12 -> 2770.8 | E13: =E11+E12 -> 2892.3 | F13: =F11+F12 -> 10064.7 | G13: =G11+G12 -> 2942.4529
A14: Y/Y % | B14: =_xlfn.IFERROR(B13/Inputs!B60-1,"n.a.") -> 0.22913498 | C14: =_xlfn.IFERROR(C13/Inputs!C60-1,"n.a.") -> 0.18756992 | D14: =_xlfn.IFERROR(D13/Inputs!D60-1,"n.a.") -> 0.22960859 | E14: =_xlfn.IFERROR(E13/Inputs!E60-1,"n.a.") -> 0.18536885 | F14: =_xlfn.IFERROR(F13/Inputs!F60-1,"n.a.") -> 0.20505023 | G14: =_xlfn.IFERROR(G13/B13-1,"n.a.") -> 0.17458501
A15: Q/Q % | B15: =_xlfn.IFERROR(B13/Inputs!E60-1,"n.a.") -> 0.026680328 | C15: =_xlfn.IFERROR(C13/B13-1,"n.a.") -> 0.14414594 | D15: =_xlfn.IFERROR(D13/C13-1,"n.a.") -> -0.033284488 | E15: =_xlfn.IFERROR(E13/D13-1,"n.a.") -> 0.043850152 | F15: n.a. | G15: =_xlfn.IFERROR(G13/E13-1,"n.a.") -> 0.017340145
A16: Cost of revenue
A17: Cost of revenue – service | B17: 143.3 | C17: 152.1 | D17: 160.3 | E17: 154.9 | F17: =Inputs!D73+Inputs!E73+B17+C17 -> 556.3 | G17: =G12*(1-G28) -> 162.91595 | H17: S2/S7
A18: Cost of revenue – product | B18: 699.4 | C18: 809.8 | D18: 780 | E18: 777 | F18: =Inputs!D72+Inputs!E72+B18+C18 -> 2866.1 | G18: =G19-G17 -> 828.75672 | H18: S2/S7
A19: Total cost of revenue | B19: =B18+B17 -> 842.7 | C19: =C18+C17 -> 961.9 | D19: =D18+D17 -> 940.3 | E19: =E18+E17 -> 931.9 | F19: =F18+F17 -> 3422.4 | G19: =G13-G20 -> 991.67266
A20: Gross profit | B20: =B13-B19 -> 1662.4 | C20: =C13-C19 -> 1904.3 | D20: =D13-D19 -> 1830.5 | E20: =E13-E19 -> 1960.4 | F20: =F13-F19 -> 6642.3 | G20: =G107-(G144+G145+G146+G147) -> 1950.7802
A21: Y/Y % | B21: =_xlfn.IFERROR(B20/Inputs!B75-1,"n.a.") -> 0.20998617 | C21: =_xlfn.IFERROR(C20/Inputs!C75-1,"n.a.") -> 0.15960297 | D21: =_xlfn.IFERROR(D20/Inputs!D75-1,"n.a.") -> 0.25574535 | E21: =_xlfn.IFERROR(E20/Inputs!E75-1,"n.a.") -> 0.21169417 | F21: =_xlfn.IFERROR(F20/Inputs!F75-1,"n.a.") -> 0.17892514 | G21: =_xlfn.IFERROR(G20/B20-1,"n.a.") -> 0.17347223
A22: Gross margin | B22: =B20/B13 -> 0.66360624 | C22: =C20/C13 -> 0.66439886 | D22: =D20/D13 -> 0.66063953 | E22: =E20/E13 -> 0.67779967 | F22: =F20/F13 -> 0.65996006 | G22: =G20/G13 -> 0.66297756
A23: Y/Y change (bp) | B23: =_xlfn.IFERROR((B22-Inputs!B137)*10000,"n.a.") -> -105.01995 | C23: =_xlfn.IFERROR((C22-Inputs!C137)*10000,"n.a.") -> -160.23767 | D23: =_xlfn.IFERROR((D22-Inputs!D137)*10000,"n.a.") -> 137.50381 | E23: =_xlfn.IFERROR((E22-Inputs!E137)*10000,"n.a.") -> 147.25905 | F23: =_xlfn.IFERROR((F22-Inputs!F137)*10000,"n.a.") -> -146.24777 | G23: =_xlfn.IFERROR((G22-B22)*10000,"n.a.") -> -6.2868583
A24: Q/Q change (bp) | B24: =_xlfn.IFERROR((B22-Inputs!E137)*10000,"n.a.") -> 5.3247277 | C24: =_xlfn.IFERROR((C22-B22)*10000,"n.a.") -> 7.9261236 | D24: =_xlfn.IFERROR((D22-C22)*10000,"n.a.") -> -37.593291 | E24: =_xlfn.IFERROR((E22-D22)*10000,"n.a.") -> 171.60149 | F24: n.a. | G24: =_xlfn.IFERROR((G22-E22)*10000,"n.a.") -> -148.22118
A25: Product gross margin | B25: =1-B18/B11 -> 0.66840508 | C25: =1-C18/C11 -> 0.66868505 | D25: =1-D18/D11 -> 0.66625305 | E25: =1-E18/E11 -> 0.67891235 | F25: =1-F18/F11 -> 0.66251796 | G25: =1-G18/G11 -> 0.66355676
A26: Y/Y change (bp) | B26: =_xlfn.IFERROR((B25-Inputs!B163)*10000,"n.a.") -> -66.475737 | C26: =_xlfn.IFERROR((C25-Inputs!C163)*10000,"n.a.") -> -99.849076 | D26: =_xlfn.IFERROR((D25-Inputs!D163)*10000,"n.a.") -> 210.45685 | E26: =_xlfn.IFERROR((E25-Inputs!E163)*10000,"n.a.") -> 138.40114 | F26: =_xlfn.IFERROR((F25-Inputs!F163)*10000,"n.a.") -> -91.498927 | G26: =_xlfn.IFERROR((G25-B25)*10000,"n.a.") -> -48.483237
A27: Q/Q change (bp) | B27: =_xlfn.IFERROR((B25-Inputs!E163)*10000,"n.a.") -> 33.328451 | C27: =_xlfn.IFERROR((C25-B25)*10000,"n.a.") -> 2.7996783 | D27: =_xlfn.IFERROR((D25-C25)*10000,"n.a.") -> -24.320017 | E27: =_xlfn.IFERROR((E25-D25)*10000,"n.a.") -> 126.59303 | F27: n.a. | G27: =_xlfn.IFERROR((G25-E25)*10000,"n.a.") -> -153.55593
A28: Service GM (3Q26E: input) | B28: =1-B17/B12 -> 0.63803991 | C28: =1-C17/C12 -> 0.63957346 | D28: =1-D17/D12 -> 0.63038967 | E28: =1-E17/E12 -> 0.67209992 | F28: =1-F17/F12 -> 0.6461421 | G28: 0.66
A29: Y/Y change (bp) | B29: =_xlfn.IFERROR((B28-Inputs!B164)*10000,"n.a.") -> -311.60456 | C29: =_xlfn.IFERROR((C28-Inputs!C164)*10000,"n.a.") -> -512.72827 | D29: =_xlfn.IFERROR((D28-Inputs!D164)*10000,"n.a.") -> -252.57713 | E29: =_xlfn.IFERROR((E28-Inputs!E164)*10000,"n.a.") -> 194.92553 | F29: =_xlfn.IFERROR((F28-Inputs!F164)*10000,"n.a.") -> -441.64683 | G29: =_xlfn.IFERROR((G28-B28)*10000,"n.a.") -> 219.60091
A30: Q/Q change (bp) | B30: =_xlfn.IFERROR((B28-Inputs!E164)*10000,"n.a.") -> -145.67453 | C30: =_xlfn.IFERROR((C28-B28)*10000,"n.a.") -> 15.335506 | D30: =_xlfn.IFERROR((D28-C28)*10000,"n.a.") -> -91.837894 | E30: =_xlfn.IFERROR((E28-D28)*10000,"n.a.") -> 417.10245 | F30: n.a. | G30: =_xlfn.IFERROR((G28-E28)*10000,"n.a.") -> -120.99915
A31: Operating expenses
A32: Selling, general & administrative | B32: 573.3 | C32: 687.1 | D32: 613.3 | E32: 617.9 | F32: =Inputs!D76+Inputs!E76+B32+C32 -> 2385 | G32: =G112+G148+G149+G150+G151+G152+G153+G154 -> 621.37 | H32: S1
A33: Y/Y % | B33: =_xlfn.IFERROR(B32/Inputs!B76-1,"n.a.") -> 0.12279671 | C33: =_xlfn.IFERROR(C32/Inputs!C76-1,"n.a.") -> 0.1216128 | D33: =_xlfn.IFERROR(D32/Inputs!D76-1,"n.a.") -> 0.0885694 | E33: =_xlfn.IFERROR(E32/Inputs!E76-1,"n.a.") -> 0.1010335 | F33: =_xlfn.IFERROR(F32/Inputs!F76-1,"n.a.") -> 0.11448598 | G33: =_xlfn.IFERROR(G32/B32-1,"n.a.") -> 0.083847898
A34: Q/Q change | B34: =_xlfn.IFERROR(B32-Inputs!E76,"n.a.") -> 12.1 | C34: =_xlfn.IFERROR(C32-B32,"n.a.") -> 113.8 | D34: =_xlfn.IFERROR(D32-C32,"n.a.") -> -73.8 | E34: =_xlfn.IFERROR(E32-D32,"n.a.") -> 4.6 | F34: n.a. | G34: =_xlfn.IFERROR(G32-E32,"n.a.") -> 3.47
A35: SG&A % of revenue | B35: =B32/B13 -> 0.22885314 | C35: =C32/C13 -> 0.23972507 | D35: =D32/D13 -> 0.22134402 | E35: =E32/E13 -> 0.21363621 | F35: =F32/F13 -> 0.23696682 | G35: =G32/G13 -> 0.21117415
A36: Y/Y change (bp) | B36: =_xlfn.IFERROR((B35-Inputs!B165)*10000,"n.a.") -> -216.74312 | C36: =_xlfn.IFERROR((C35-Inputs!C165)*10000,"n.a.") -> -140.97178 | D36: =_xlfn.IFERROR((D35-Inputs!D165)*10000,"n.a.") -> -286.78173 | E36: =_xlfn.IFERROR((E35-Inputs!E165)*10000,"n.a.") -> -163.63794 | F36: =_xlfn.IFERROR((F35-Inputs!F165)*10000,"n.a.") -> -192.56161 | G36: =_xlfn.IFERROR((G35-B35)*10000,"n.a.") -> -176.78986
A37: Q/Q change (bp) | B37: =_xlfn.IFERROR((B35-Inputs!E165)*10000,"n.a.") -> -11.468604 | C37: =_xlfn.IFERROR((C35-B35)*10000,"n.a.") -> 108.71932 | D37: =_xlfn.IFERROR((D35-C35)*10000,"n.a.") -> -183.81055 | E37: =_xlfn.IFERROR((E35-D35)*10000,"n.a.") -> -77.078097 | F37: n.a. | G37: =_xlfn.IFERROR((G35-E35)*10000,"n.a.") -> -24.620531
A38: Research & development | B38: 329.4 | C38: 352.9 | D38: 361.9 | E38: 370.6 | F38: =Inputs!D77+Inputs!E77+B38+C38 -> 1311.8 | G38: =G115+G155+G156 -> 391.36 | H38: S1
A39: Y/Y % | B39: =_xlfn.IFERROR(B38/Inputs!B77-1,"n.a.") -> 0.15174825 | C39: =_xlfn.IFERROR(C38/Inputs!C77-1,"n.a.") -> 0.19748897 | D39: =_xlfn.IFERROR(D38/Inputs!D77-1,"n.a.") -> 0.14452878 | E39: =_xlfn.IFERROR(E38/Inputs!E77-1,"n.a.") -> 0.1828918 | F39: =_xlfn.IFERROR(F38/Inputs!F77-1,"n.a.") -> 0.14537676 | G39: =_xlfn.IFERROR(G38/B38-1,"n.a.") -> 0.18809957
A40: Q/Q change | B40: =_xlfn.IFERROR(B38-Inputs!E77,"n.a.") -> 16.1 | C40: =_xlfn.IFERROR(C38-B38,"n.a.") -> 23.5 | D40: =_xlfn.IFERROR(D38-C38,"n.a.") -> 9 | E40: =_xlfn.IFERROR(E38-D38,"n.a.") -> 8.7 | F40: n.a. | G40: =_xlfn.IFERROR(G38-E38,"n.a.") -> 20.76
A41: R&D % of revenue | B41: =B38/B13 -> 0.13149176 | C41: =C38/C13 -> 0.12312469 | D41: =D38/D13 -> 0.1306121 | E41: =E38/E13 -> 0.12813332 | F41: =F38/F13 -> 0.13033672 | G41: =G38/G13 -> 0.13300468
A42: Y/Y change (bp) | B42: =_xlfn.IFERROR((B41-Inputs!B166)*10000,"n.a.") -> -88.350181 | C42: =_xlfn.IFERROR((C41-Inputs!C166)*10000,"n.a.") -> 10.198677 | D42: =_xlfn.IFERROR((D41-Inputs!D166)*10000,"n.a.") -> -97.091947 | E42: =_xlfn.IFERROR((E41-Inputs!E166)*10000,"n.a.") -> -2.6831984 | F42: =_xlfn.IFERROR((F41-Inputs!F166)*10000,"n.a.") -> -67.904682 | G42: =_xlfn.IFERROR((G41-B41)*10000,"n.a.") -> 15.12921
A43: Q/Q change (bp) | B43: =_xlfn.IFERROR((B41-Inputs!E166)*10000,"n.a.") -> 30.901175 | C43: =_xlfn.IFERROR((C41-B41)*10000,"n.a.") -> -83.670621 | D43: =_xlfn.IFERROR((D41-C41)*10000,"n.a.") -> 74.874029 | E43: =_xlfn.IFERROR((E41-D41)*10000,"n.a.") -> -24.787781 | F43: n.a. | G43: =_xlfn.IFERROR((G41-E41)*10000,"n.a.") -> 48.713583
A44: Total operating expenses | B44: =B32+B38 -> 902.7 | C44: =C32+C38 -> 1040 | D44: =D32+D38 -> 975.2 | E44: =E32+E38 -> 988.5 | F44: =F32+F38 -> 3696.8 | G44: =G32+G38 -> 1012.73
A45: Y/Y % | B45: =_xlfn.IFERROR(B44/Inputs!B78-1,"n.a.") -> 0.13319106 | C45: =_xlfn.IFERROR(C44/Inputs!C78-1,"n.a.") -> 0.14625813 | D45: =_xlfn.IFERROR(D44/Inputs!D78-1,"n.a.") -> 0.10868577 | E45: =_xlfn.IFERROR(E44/Inputs!E78-1,"n.a.") -> 0.13036021 | F45: =_xlfn.IFERROR(F44/Inputs!F78-1,"n.a.") -> 0.12525492 | G45: =_xlfn.IFERROR(G44/B44-1,"n.a.") -> 0.12188989
A46: Income from operations (GAAP) | B46: =B20-B44 -> 759.7 | C46: =C20-C44 -> 864.3 | D46: =D20-D44 -> 855.3 | E46: =E20-E44 -> 971.9 | F46: =F20-F44 -> 2945.5 | G46: =G20-G44 -> 938.05024
A47: Y/Y % | B47: =_xlfn.IFERROR(B46/Inputs!B79-1,"n.a.") -> 0.31595358 | C47: =_xlfn.IFERROR(C46/Inputs!C79-1,"n.a.") -> 0.17607838 | D47: =_xlfn.IFERROR(D46/Inputs!D79-1,"n.a.") -> 0.47950182 | E47: =_xlfn.IFERROR(E46/Inputs!E79-1,"n.a.") -> 0.30737154 | F47: =_xlfn.IFERROR(F46/Inputs!F79-1,"n.a.") -> 0.25399123 | G47: =_xlfn.IFERROR(G46/B46-1,"n.a.") -> 0.23476403
A48: GAAP operating margin | B48: =B46/B13 -> 0.30326135 | C48: =C46/C13 -> 0.30154909 | D48: =D46/D13 -> 0.30868341 | E48: =E46/E13 -> 0.33603015 | F48: =F46/F13 -> 0.29265651 | G48: =G46/G13 -> 0.31879873
A49: Y/Y change (bp) | B49: =_xlfn.IFERROR((B48-Inputs!B138)*10000,"n.a.") -> 200.07336 | C49: =_xlfn.IFERROR((C48-Inputs!C138)*10000,"n.a.") -> -29.464565 | D49: =_xlfn.IFERROR((D48-Inputs!D138)*10000,"n.a.") -> 521.37748 | E49: =_xlfn.IFERROR((E48-Inputs!E138)*10000,"n.a.") -> 313.58018 | F49: =_xlfn.IFERROR((F48-Inputs!F138)*10000,"n.a.") -> 114.21853 | G49: =_xlfn.IFERROR((G48-B48)*10000,"n.a.") -> 155.37379
A50: Q/Q change (bp) | B50: =_xlfn.IFERROR((B48-Inputs!E138)*10000,"n.a.") -> -14.107843 | C50: =_xlfn.IFERROR((C48-B48)*10000,"n.a.") -> -17.122575 | D50: =_xlfn.IFERROR((D48-C48)*10000,"n.a.") -> 71.343233 | E50: =_xlfn.IFERROR((E48-D48)*10000,"n.a.") -> 273.46736 | F50: n.a. | G50: =_xlfn.IFERROR((G48-E48)*10000,"n.a.") -> -172.31423
A51: Interest and other income, net | B51: 95.5 | C51: 91.3 | D51: 85.1 | E51: 82.7 | F51: =Inputs!D80+Inputs!E80+B51+C51 -> 365.9 | G51: =G125-G157 -> 80 | H51: S1
A52: Y/Y % | B52: =_xlfn.IFERROR(B51/Inputs!B80-1,"n.a.") -> 0.019210245 | C52: =_xlfn.IFERROR(C51/Inputs!C80-1,"n.a.") -> 0.21895861 | D52: =_xlfn.IFERROR(D51/Inputs!D80-1,"n.a.") -> -0.058628319 | E52: =_xlfn.IFERROR(E51/Inputs!E80-1,"n.a.") -> -0.067643743 | F52: =_xlfn.IFERROR(F51/Inputs!F80-1,"n.a.") -> 0.12619267 | G52: =_xlfn.IFERROR(G51/B51-1,"n.a.") -> -0.16230366
A53: Q/Q change | B53: =_xlfn.IFERROR(B51-Inputs!E80,"n.a.") -> 6.8 | C53: =_xlfn.IFERROR(C51-B51,"n.a.") -> -4.2 | D53: =_xlfn.IFERROR(D51-C51,"n.a.") -> -6.2 | E53: =_xlfn.IFERROR(E51-D51,"n.a.") -> -2.4 | F53: n.a. | G53: =_xlfn.IFERROR(G51-E51,"n.a.") -> -2.7
A54: Income before taxes | B54: =B46+B51 -> 855.2 | C54: =C46+C51 -> 955.6 | D54: =D46+D51 -> 940.4 | E54: =E46+E51 -> 1054.6 | F54: =F46+F51 -> 3311.4 | G54: =G46+G51 -> 1018.0502
A55: Y/Y % | B55: =_xlfn.IFERROR(B54/Inputs!B81-1,"n.a.") -> 0.27451565 | C55: =_xlfn.IFERROR(C54/Inputs!C81-1,"n.a.") -> 0.18004446 | D55: =_xlfn.IFERROR(D54/Inputs!D81-1,"n.a.") -> 0.40673149 | E55: =_xlfn.IFERROR(E54/Inputs!E81-1,"n.a.") -> 0.26739575 | F55: =_xlfn.IFERROR(F54/Inputs!F81-1,"n.a.") -> 0.23846211 | G55: =_xlfn.IFERROR(G54/B54-1,"n.a.") -> 0.19042357
A56: Income tax expense (benefit) | B56: 146 | C56: 156.1 | D56: 114.4 | E56: 231.4 | F56: =Inputs!D82+Inputs!E82+B56+C56 -> 434.8 | G56: =G129+G90 -> 222.3413 | H56: S1
A57: Effective tax rate | B57: =B56/B54 -> 0.1707203 | C57: =C56/C54 -> 0.16335287 | D57: =D56/D54 -> 0.12165036 | E57: =E56/E54 -> 0.21941969 | F57: =F56/F54 -> 0.13130398 | G57: =G56/G54 -> 0.21839915
A58: Y/Y change (bp) | B58: =_xlfn.IFERROR((B57-Inputs!B139)*10000,"n.a.") -> 210.92878 | C58: =_xlfn.IFERROR((C57-Inputs!C139)*10000,"n.a.") -> 129.45359 | D58: =_xlfn.IFERROR((D57-Inputs!D139)*10000,"n.a.") -> 1743.0556 | E58: =_xlfn.IFERROR((E57-Inputs!E139)*10000,"n.a.") -> 176.41053 | F58: =_xlfn.IFERROR((F57-Inputs!F139)*10000,"n.a.") -> 55.279311 | G58: =_xlfn.IFERROR((G57-B57)*10000,"n.a.") -> 476.78848
A59: Q/Q change (bp) | B59: =_xlfn.IFERROR((B57-Inputs!E139)*10000,"n.a.") -> -310.58333 | C59: =_xlfn.IFERROR((C57-B57)*10000,"n.a.") -> -73.67432 | D59: =_xlfn.IFERROR((D57-C57)*10000,"n.a.") -> -417.02506 | E59: =_xlfn.IFERROR((E57-D57)*10000,"n.a.") -> 977.69324 | F59: n.a. | G59: =_xlfn.IFERROR((G57-E57)*10000,"n.a.") -> -10.205382
A60: Net income | B60: =B54-B56 -> 709.2 | C60: =C54-C56 -> 799.5 | D60: =D54-D56 -> 826 | E60: =E54-E56 -> 823.2 | F60: =F54-F56 -> 2876.6 | G60: =G54-G56 -> 795.70893
A61: Less: NCI (Intuitive-Fosun JV) | B61: 4.8 | C61: 4.7 | D61: 4.5 | E61: 5.1 | F61: =Inputs!D84+Inputs!E84+B61+C61 -> 20.6 | G61: =G133+G158 -> 5 | H61: S1
A62: GAAP net income to Intuitive | B62: =B60-B61 -> 704.4 | C62: =C60-C61 -> 794.8 | D62: =D60-D61 -> 821.5 | E62: =E60-E61 -> 818.1 | F62: =F60-F61 -> 2856 | G62: =G60-G61 -> 790.70893
A63: Y/Y % | B63: =_xlfn.IFERROR(B62/Inputs!B85-1,"n.a.") -> 0.24650504 | C63: =_xlfn.IFERROR(C62/Inputs!C85-1,"n.a.") -> 0.15910748 | D63: =_xlfn.IFERROR(D62/Inputs!D85-1,"n.a.") -> 0.17626002 | E63: =_xlfn.IFERROR(E62/Inputs!E85-1,"n.a.") -> 0.24255772 | F63: =_xlfn.IFERROR(F62/Inputs!F85-1,"n.a.") -> 0.22965642 | G63: =_xlfn.IFERROR(G62/B62-1,"n.a.") -> 0.1225283
A64: Q/Q % | B64: =_xlfn.IFERROR(B62/Inputs!E85-1,"n.a.") -> 0.069866343 | C64: =_xlfn.IFERROR(C62/B62-1,"n.a.") -> 0.12833617 | D64: =_xlfn.IFERROR(D62/C62-1,"n.a.") -> 0.033593357 | E64: =_xlfn.IFERROR(E62/D62-1,"n.a.") -> -0.0041387705 | F64: n.a. | G64: =_xlfn.IFERROR(G62/E62-1,"n.a.") -> -0.033481319
A65: GAAP net margin | B65: =B62/B13 -> 0.28118638 | C65: =C62/C13 -> 0.27730096 | D65: =D62/D13 -> 0.29648477 | E65: =E62/E13 -> 0.28285448 | F65: =F62/F13 -> 0.28376405 | G65: =G62/G13 -> 0.26872441
A66: Y/Y change (bp) | B66: =_xlfn.IFERROR((B65-Inputs!B167)*10000,"n.a.") -> 39.18336 | C66: =_xlfn.IFERROR((C65-Inputs!C167)*10000,"n.a.") -> -68.092574 | D66: =_xlfn.IFERROR((D65-Inputs!D167)*10000,"n.a.") -> -134.46889 | E66: =_xlfn.IFERROR((E65-Inputs!E167)*10000,"n.a.") -> 130.1841 | F66: =_xlfn.IFERROR((F65-Inputs!F167)*10000,"n.a.") -> 56.782957 | G66: =_xlfn.IFERROR((G65-B65)*10000,"n.a.") -> -124.61965
A67: Q/Q change (bp) | B67: =_xlfn.IFERROR((B65-Inputs!E167)*10000,"n.a.") -> 113.50314 | C67: =_xlfn.IFERROR((C65-B65)*10000,"n.a.") -> -38.854238 | D67: =_xlfn.IFERROR((D65-C65)*10000,"n.a.") -> 191.83814 | E67: =_xlfn.IFERROR((E65-D65)*10000,"n.a.") -> -136.30294 | F67: n.a. | G67: =_xlfn.IFERROR((G65-E65)*10000,"n.a.") -> -141.30061
A68: Basic weighted average shares (m) | B68: 356.6 | C68: 354.9 | D68: 354.9 | E68: 354.1 | F68: 356.9 | G68: ='Share Count'!G24 -> 353.63333 | H68: S2/S6
A69: Diluted weighted average shares (m) | B69: 361.8 | C69: 360.4 | D69: 359.8 | E69: 357.3 | F69: 362.7 | G69: ='Share Count'!G30 -> 356.63333 | H69: S1
A70: GAAP basic EPS | B70: =B62/B68 -> 1.9753225 | C70: =C62/C68 -> 2.2395041 | D70: =D62/D68 -> 2.3147365 | E70: =E62/E68 -> 2.3103643 | F70: =F62/F68 -> 8.0022415 | G70: =G62/G68 -> 2.235957
A71: GAAP diluted EPS | B71: =B62/B69 -> 1.946932 | C71: =C62/C69 -> 2.2053274 | D71: =D62/D69 -> 2.2832129 | E71: =E62/E69 -> 2.2896725 | F71: =F62/F69 -> 7.8742763 | G71: =G62/G69 -> 2.2171481
A72: Y/Y % (hist. cols: recomputed EPS) | B72: =_xlfn.IFERROR(B71/Inputs!B88-1,"n.a.") -> 0.2496058 | C72: =_xlfn.IFERROR(C71/Inputs!C88-1,"n.a.") -> 0.17036407 | D72: =_xlfn.IFERROR(D71/Inputs!D88-1,"n.a.") -> 0.19195221 | E72: =_xlfn.IFERROR(E71/Inputs!E88-1,"n.a.") -> 0.26620561 | F72: =_xlfn.IFERROR(F71/Inputs!F88-1,"n.a.") -> 0.22728322 | G72: =_xlfn.IFERROR(G71/B73-1,"n.a.") -> 0.13699905
A73: GAAP diluted EPS (as reported) | B73: 1.95 | C73: 2.21 | D73: 2.28 | E73: 2.29 | F73: 7.87 | G73: n.a. | H73: S1
A74: Check: EPS = reported (= 0) | B74: =ROUND(ROUND(B71,2)-B73,6) -> 0 | C74: =ROUND(ROUND(C71,2)-C73,6) -> 0 | D74: =ROUND(ROUND(D71,2)-D73,6) -> 0 | E74: =ROUND(ROUND(E71,2)-E73,6) -> 0 | F74: =ROUND(ROUND(F71,2)-F73,6) -> 0 | G74: =ROUND(G71-G62/G69,9) -> 0
A76: GAAP to non-GAAP bridge (consensus basis = issuer non-GAAP)
A77: GAAP net income (bridge start) | B77: =B62 -> 704.4 | C77: =C62 -> 794.8 | D77: =D62 -> 821.5 | E77: =E62 -> 818.1 | F77: =F62 -> 2856 | G77: =G62 -> 790.70893
A78: Share-based compensation expense | B78: =B144+B148+B155 -> 203.5 | C78: =C144+C148+C155 -> 203.2 | D78: =D144+D148+D155 -> 209.5 | E78: =E144+E148+E155 -> 209.9 | F78: =F144+F148+F155 -> 788.1 | G78: =G144+G148+G155 -> 230
A79: Long-term incentive plan expense | B79: =B145+B149 -> 1.3 | C79: =C145+C149 -> -1.4 | D79: =D145+D149 -> 0.5 | E79: =E145+E149 -> -0.4 | F79: =F145+F149 -> 1 | G79: =G145+G149 -> 0
A80: Amortization of intangible assets | B80: =B146+B150+B156 -> 3.3 | C80: =C146+C150+C156 -> 3.3 | D80: =D146+D150+D156 -> 7.1 | E80: =E146+E150+E156 -> 24 | F80: =F146+F150+F156 -> 13.2 | G80: =G146+G150+G156 -> 24
A81: Facilities asset abandonment charge | B81: =B151 -> 0 | C81: =C151 -> 0 | D81: =D151 -> 0 | E81: =E151 -> 6.9 | F81: =F151 -> 0 | G81: =G151 -> 0
A82: Litigation charges | B82: =B152 -> 8.1 | C82: =C152 -> 2 | D82: =D152 -> 6.3 | E82: =E152 -> 0 | F82: =F152 -> 13.6 | G82: =G152 -> 0
A83: Gains on sale of businesses/assets | B83: =B153 -> 0 | C83: =C153 -> -1 | D83: =D153 -> -7.9 | E83: =E153 -> 0 | F83: =F153 -> -1 | G83: =G153 -> 0
A84: Acquisition-related items | B84: =B147+B154 -> 0 | C84: =C147+C154 -> 0 | D84: =D147+D154 -> 6 | E84: =E147+E154 -> 5.7 | F84: =F147+F154 -> 0 | G84: =G147+G154 -> 4
A85: (Gains) losses on strategic invest. | B85: =B157 -> -3 | C85: =C157 -> -4.9 | D85: =D157 -> -0.6 | E85: =E157 -> -0.2 | F85: =F157 -> -2.9 | G85: =G157 -> 0
A86: Total pre-tax adjustments | B86: =B78+B79+B80+B81+B82+B83+B84+B85 -> 213.2 | C86: =C78+C79+C80+C81+C82+C83+C84+C85 -> 201.2 | D86: =D78+D79+D80+D81+D82+D83+D84+D85 -> 220.9 | E86: =E78+E79+E80+E81+E82+E83+E84+E85 -> 245.9 | F86: =F78+F79+F80+F81+F82+F83+F84+F85 -> 812 | G86: =G78+G79+G80+G81+G82+G83+G84+G85 -> 258
A87: Tax adj (a): SBC excess tax benefit | B87: =B161 -> -24.2 | C87: =C161 -> -43 | D87: =D161 -> -73.3 | E87: =E161 -> -17.3 | F87: =F161 -> -245.5 | G87: =G161 -> -20
A88: Tax adj (b): intra-entity transfers | B88: =B162 -> 10.6 | C88: =C162 -> 10.6 | D88: =D162 -> 10.7 | E88: =E162 -> 10.7 | F88: =F162 -> 42.6 | G88: =G162 -> 10.7
A89: Tax adj (c): tax on adjustments | B89: =B166 -> -36.3 | C89: =C166 -> -50.3 | D89: =D166 -> -78.5 | E89: =E166 -> -55.5 | F89: =F166 -> -224.1 | G89: =G166 -> -55.47
A90: Total tax adjustments | B90: =B87+B88+B89 -> -49.9 | C90: =C87+C88+C89 -> -82.7 | D90: =D87+D88+D89 -> -141.1 | E90: =E87+E88+E89 -> -62.1 | F90: =F87+F88+F89 -> -427 | G90: =G87+G88+G89 -> -64.77
A91: Adjustments attributable to NCI | B91: =B158 -> -0.5 | C91: =C158 -> 0.3 | D91: =D158 -> -0.2 | E91: =E158 -> 0.2 | F91: =F158 -> -0.8 | G91: =G158 -> 0
A92: Non-GAAP net income to Intuitive | B92: =B77+B86+B90+B91 -> 867.2 | C92: =C77+C86+C90+C91 -> 913.6 | D92: =D77+D86+D90+D91 -> 901.1 | E92: =E77+E86+E90+E91 -> 1002.1 | F92: =F77+F86+F90+F91 -> 3240.2 | G92: =G77+G86+G90+G91 -> 983.93893
A93: Y/Y % | B93: =_xlfn.IFERROR(B92/Inputs!B111-1,"n.a.") -> 0.29606935 | C93: =_xlfn.IFERROR(C92/Inputs!C111-1,"n.a.") -> 0.13532994 | D93: =_xlfn.IFERROR(D92/Inputs!D111-1,"n.a.") -> 0.36220711 | E93: =_xlfn.IFERROR(E92/Inputs!E111-1,"n.a.") -> 0.25592179 | F93: =_xlfn.IFERROR(F92/Inputs!F111-1,"n.a.") -> 0.22000075 | G93: =_xlfn.IFERROR(G92/B92-1,"n.a.") -> 0.13461593
A94: Q/Q % | B94: =_xlfn.IFERROR(B92/Inputs!E111-1,"n.a.") -> 0.086852989 | C94: =_xlfn.IFERROR(C92/B92-1,"n.a.") -> 0.053505535 | D94: =_xlfn.IFERROR(D92/C92-1,"n.a.") -> -0.013682137 | E94: =_xlfn.IFERROR(E92/D92-1,"n.a.") -> 0.11208523 | F94: n.a. | G94: =_xlfn.IFERROR(G92/E92-1,"n.a.") -> -0.018123008
A95: Non-GAAP net income (as reported) | B95: 867.2 | C95: 913.6 | D95: 901.1 | E95: 1002.1 | F95: 3240.2 | G95: n.a. | H95: S1
A96: Check: bridge = reported NI (= 0) | B96: =ROUND(B92-B95,6) -> 0 | C96: =ROUND(C92-C95,6) -> 0 | D96: =ROUND(D92-D95,6) -> 0 | E96: =ROUND(E92-E95,6) -> 0 | F96: =ROUND(F92-F95,6) -> 0 | G96: =ROUND(G92-G136,6) -> 0
A97: Non-GAAP diluted EPS (cons. basis) | B97: =B92/B69 -> 2.3969044 | C97: =C92/C69 -> 2.5349612 | D97: =D92/D69 -> 2.5044469 | E97: =E92/E69 -> 2.804646 | F97: =F92/F69 -> 8.9335539 | G97: =G92/G69 -> 2.7589651
A98: Y/Y % (hist. cols: recomputed EPS) | B98: =_xlfn.IFERROR(B97/Inputs!B112-1,"n.a.") -> 0.2992934 | C98: =_xlfn.IFERROR(C97/Inputs!C112-1,"n.a.") -> 0.14635562 | D98: =_xlfn.IFERROR(D97/Inputs!D112-1,"n.a.") -> 0.38037996 | E98: =_xlfn.IFERROR(E97/Inputs!E112-1,"n.a.") -> 0.27982403 | F98: =_xlfn.IFERROR(F97/Inputs!F112-1,"n.a.") -> 0.21764619 | G98: =_xlfn.IFERROR(G97/B100-1,"n.a.") -> 0.14956881
A99: Q/Q change ($) (hist.: recomputed) | B99: =_xlfn.IFERROR(B97-Inputs!E112,"n.a.") -> 0.20547344 | C99: =_xlfn.IFERROR(C97-B97,"n.a.") -> 0.13805679 | D99: =_xlfn.IFERROR(D97-C97,"n.a.") -> -0.030514239 | E99: =_xlfn.IFERROR(E97-D97,"n.a.") -> 0.30019904 | F99: n.a. | G99: =_xlfn.IFERROR(G97-E100,"n.a.") -> -0.041034863
A100: Non-GAAP diluted EPS (as reported) | B100: 2.4 | C100: 2.53 | D100: 2.5 | E100: 2.8 | F100: 8.93 | G100: n.a. | H100: S1
A101: Check: EPS = reported (= 0) | B101: =ROUND(ROUND(B97,2)-B100,6) -> 0 | C101: =ROUND(ROUND(C97,2)-C100,6) -> 0 | D101: =ROUND(ROUND(D97,2)-D100,6) -> 0 | E101: =ROUND(ROUND(E97,2)-E100,6) -> 0 | F101: =ROUND(ROUND(F97,2)-F100,6) -> 0 | G101: =ROUND(G97-G92/G69,9) -> 0
A102: CapIQ normalized EPS consensus | B102: =Inputs!C323 -> 1.99 | C102: =Inputs!C324 -> 2.27 | D102: =Inputs!C325 -> 2.11 | E102: =Inputs!C326 -> 2.5 | F102: n.a. | G102: =Inputs!B263 -> 2.64 | H102: S13/S14
...

Sheet Balance Sheet
A1: Intuitive Surgical, Inc. (NasdaqGS: ISRG)
A2: Balance Sheet
A3: $ millions, except per share
A4: Period | B4: 3Q25A | C4: 4Q25A | D4: 1Q26A | E4: 2Q26A | F4: FY25A | G4: 3Q26E | H4: Source
A5: Period end | B5: =DATE(2025,9,30) -> 45930 | C5: =DATE(2025,12,31) -> 46022 | D5: =DATE(2026,3,31) -> 46112 | E5: =DATE(2026,6,30) -> 46203 | F5: =DATE(2025,12,31) -> 46022 | G5: =DATE(2026,9,30) -> 46295
A6: Days in period | B6: =B5-EOMONTH(B5,-3) -> 92 | C6: =C5-EOMONTH(C5,-3) -> 92 | D6: =D5-EOMONTH(D5,-3) -> 90 | E6: =E5-EOMONTH(E5,-3) -> 91 | F6: =F5-DATE(YEAR(F5)-1,12,31) -> 365 | G6: =G5-EOMONTH(G5,-3) -> 92
A8: Assets
A9: Cash and cash equivalents | B9: 2806.6 | C9: 3368 | D9: 2006.5 | E9: 2760.4 | F9: =C9 -> 3368 | G9: ='Cash Flow Statement'!G47-G45-G46 -> 3229.1089 | H9: S3/S4/S5/S6
A10: Short-term investments | B10: 2102.2 | C10: 2566.9 | D10: 2510.8 | E10: 2455.8 | F10: =C10 -> 2566.9 | G10: =E10-('Cash Flow Statement'!G27+'Cash Flow Statement'!G28+'Cash Flow Statement'!G29) -> 2455.8 | H10: S3/S4/S5/S6
A11: Accounts receivable, net | B11: 1259.7 | C11: 1527.3 | D11: 1595.6 | E11: 1673.2 | F11: =C11 -> 1527.3 | G11: =E11-'Cash Flow Statement'!G16 -> 1733.2 | H11: S3/S4/S5/S6
A12: Inventory | B12: 1781.9 | C12: 1840 | D12: 1945.1 | E12: 2028.7 | F12: =C12 -> 1840 | G12: =E12-'Cash Flow Statement'!G17-'Cash Flow Statement'!G60 -> 2068.7 | H12: S3/S4/S5/S6
A13: Prepaids and other current assets | B13: 574.9 | C13: 477.3 | D13: 751.5 | E13: 624.6 | F13: =C13 -> 477.3 | G13: =E13-'Cash Flow Statement'!G18 -> 654.6 | H13: S3/S4/S5/S6
A14: Total current assets | B14: =B9+B10+B11+B12+B13 -> 8525.3 | C14: =C9+C10+C11+C12+C13 -> 9779.5 | D14: =D9+D10+D11+D12+D13 -> 8809.5 | E14: =E9+E10+E11+E12+E13 -> 9542.7 | F14: =F9+F10+F11+F12+F13 -> 9779.5 | G14: =G9+G10+G11+G12+G13 -> 10141.409
A15: Property, plant and equipment, net | B15: 5150.9 | C15: 5342.4 | D15: 5447.9 | E15: 5551.5 | F15: =C15 -> 5342.4 | G15: =E15-'Cash Flow Statement'!G31+'Cash Flow Statement'!G60-'Cash Flow Statement'!G10 -> 5696.5 | H15: S3/S4/S5/S6
A16: Long-term investments | B16: 3523.7 | C16: 3099.2 | D16: 3461.9 | E16: 3409.3 | F16: =C16 -> 3099.2 | G16: =E16-'Cash Flow Statement'!G12 -> 3419.3 | H16: S3/S4/S5/S6
A17: Deferred tax assets | B17: 978.9 | C17: 1018.6 | D17: 683.8 | E17: 652.4 | F17: =C17 -> 1018.6 | G17: =E17-'Cash Flow Statement'!G14 -> 622.4 | H17: S3/S4/S5/S6
A18: Intangible and other assets, net | B18: 824.9 | C18: 848.7 | D18: 1094.7 | E18: 1140.1 | F18: =C18 -> 848.7 | G18: =E18-'Cash Flow Statement'!G11-'Cash Flow Statement'!G32 -> 1102.1 | H18: S3/S4/S5/S6
A19: Goodwill | B19: 348.1 | C19: 370.3 | D19: 613.2 | E19: 580.6 | F19: =C19 -> 370.3 | G19: =E19 -> 580.6 | H19: S3/S4/S5/S6
A20: Total assets | B20: =B14+B15+B16+B17+B18+B19 -> 19351.8 | C20: =C14+C15+C16+C17+C18+C19 -> 20458.7 | D20: =D14+D15+D16+D17+D18+D19 -> 20111 | E20: =E14+E15+E16+E17+E18+E19 -> 20876.6 | F20: =F14+F15+F16+F17+F18+F19 -> 20458.7 | G20: =G14+G15+G16+G17+G18+G19 -> 21562.309
A21: Liabilities
A22: Accounts payable | B22: 291.2 | C22: 255.1 | D22: 332.9 | E22: 277.2 | F22: =C22 -> 255.1 | G22: =E22+'Cash Flow Statement'!G19 -> 287.2 | H22: S3/S4/S5/S6
A23: Accrued compensation & benefits | B23: 455.5 | C23: 648.4 | D23: 370.7 | E23: 425.7 | F23: =C23 -> 648.4 | G23: =E23+'Cash Flow Statement'!G20 -> 485.7 | H23: S3/S4/S5/S6
A24: Deferred revenue | B24: 491.1 | C24: 506.7 | D24: 559.5 | E24: 549.4 | F24: =C24 -> 506.7 | G24: =E24+'Cash Flow Statement'!G21 -> 549.4 | H24: S3/S4/S5/S6
A25: Other accrued liabilities | B25: 565.4 | C25: 596 | D25: 647.9 | E25: 670.6 | F25: =C25 -> 596 | G25: =E25+'Cash Flow Statement'!G22 -> 690.6 | H25: S3/S4/S5/S6
A26: Total current liabilities | B26: =B22+B23+B24+B25 -> 1803.2 | C26: =C22+C23+C24+C25 -> 2006.2 | D26: =D22+D23+D24+D25 -> 1911 | E26: =E22+E23+E24+E25 -> 1922.9 | F26: =F22+F23+F24+F25 -> 2006.2 | G26: =G22+G23+G24+G25 -> 2012.9
A27: Other long-term liabilities | B27: 506.5 | C27: 510.8 | D27: 602.8 | E27: 656 | F27: =C27 -> 510.8 | G27: =E27 -> 656 | H27: S3/S4/S5/S6
A28: Total liabilities | B28: =B26+B27 -> 2309.7 | C28: =C26+C27 -> 2517 | D28: =D26+D27 -> 2513.8 | E28: =E26+E27 -> 2578.9 | F28: =F26+F27 -> 2517 | G28: =G26+G27 -> 2668.9
A29: Stockholders' equity
A30: Common stock | B30: 0.4 | C30: 0.4 | D30: 0.4 | E30: 0.4 | F30: =C30 -> 0.4 | G30: =E30 -> 0.4 | H30: S3/S4/S5/S6
A31: Additional paid-in capital | B31: 10478.8 | C31: 10768.5 | D31: 11059.9 | E31: 11325 | F31: =C31 -> 10768.5 | G31: =E31+'Cash Flow Statement'!G15+'Cash Flow Statement'!G37+'Cash Flow Statement'!G38+'Cash Flow Statement'!G40 -> 11625 | H31: S3/S4/S5/S6
A32: Retained earnings | B32: 6424 | C32: 7011.8 | D32: 6397.7 | E32: 6837.2 | F32: =C32 -> 7011.8 | G32: =E32+'Income Statement'!G62+'Cash Flow Statement'!G39 -> 7127.9089 | H32: S3/S4/S5/S6
A33: Accumulated OCI | B33: 26.5 | C33: 43.3 | D33: 16.5 | E33: 5.8 | F33: =C33 -> 43.3 | G33: =E33 -> 5.8 | H33: S3/S4/S5/S6
A34: Total Intuitive stockholders' equity | B34: =B30+B31+B32+B33 -> 16929.7 | C34: =C30+C31+C32+C33 -> 17824 | D34: =D30+D31+D32+D33 -> 17474.5 | E34: =E30+E31+E32+E33 -> 18168.4 | F34: =F30+F31+F32+F33 -> 17824 | G34: =G30+G31+G32+G33 -> 18759.109
A35: Noncontrolling interest (JV) | B35: 112.4 | C35: 117.7 | D35: 122.7 | E35: 129.3 | F35: =C35 -> 117.7 | G35: =E35+'Income Statement'!G61 -> 134.3 | H35: S3/S4/S5/S6
A36: Total stockholders' equity | B36: =B34+B35 -> 17042.1 | C36: =C34+C35 -> 17941.7 | D36: =D34+D35 -> 17597.2 | E36: =E34+E35 -> 18297.7 | F36: =F34+F35 -> 17941.7 | G36: =G34+G35 -> 18893.409
A37: Total liabilities & equity | B37: =B28+B36 -> 19351.8 | C37: =C28+C36 -> 20458.7 | D37: =D28+D36 -> 20111 | E37: =E28+E36 -> 20876.6 | F37: =F28+F36 -> 20458.7 | G37: =G28+G36 -> 21562.309
A38: Checks
A39: Check: assets - liab. - equity (= 0) | B39: =ROUND(B20-B28-B36,6) -> 0 | C39: =ROUND(C20-C28-C36,6) -> 0 | D39: =ROUND(D20-D28-D36,6) -> 0 | E39: =ROUND(E20-E28-E36,6) -> 0 | F39: =ROUND(F20-F28-F36,6) -> 0 | G39: =ROUND(G20-G28-G36,6) -> 0
A40: Total assets (as reported) | B40: 19351.8 | C40: 20458.7 | D40: 20111 | E40: 20876.6 | F40: =C40 -> 20458.7 | G40: n.a. | H40: S3/S4/S5/S6
A41: Check: total assets = reported (= 0) | B41: =ROUND(B20-B40,6) -> 0 | C41: =ROUND(C20-C40,6) -> 0 | D41: =ROUND(D20-D40,6) -> 0 | E41: =ROUND(E20-E40,6) -> 0 | F41: =ROUND(F20-F40,6) -> 0 | G41: n.a.
A42: Total liabilities (as reported) | B42: 2309.7 | C42: 2517 | D42: 2513.8 | E42: 2578.9 | F42: =C42 -> 2517 | G42: n.a. | H42: S3/S4/S5/S6
A43: Check: liabilities = reported (= 0) | B43: =ROUND(B28-B42,6) -> 0 | C43: =ROUND(C28-C42,6) -> 0 | D43: =ROUND(D28-D42,6) -> 0 | E43: =ROUND(E28-E42,6) -> 0 | F43: =ROUND(F28-F42,6) -> 0 | G43: n.a.
A44: Memo
A45: Restricted cash (other current) | B45: 27.9 | C45: 24.4 | D45: 30.6 | E45: 30.3 | F45: =C45 -> 24.4 | G45: =E45 -> 30.3 | H45: S3/S4/S5/S6
A46: Restricted cash (other assets) | B46: 15 | C46: 15 | D46: 15 | E46: 15 | F46: =C46 -> 15 | G46: =E46 -> 15 | H46: S3/S4/S5/S6
A47: Cash incl. restricted cash | B47: =B9+B45+B46 -> 2849.5 | C47: =C9+C45+C46 -> 3407.4 | D47: =D9+D45+D46 -> 2052.1 | E47: =E9+E45+E46 -> 2805.7 | F47: =F9+F45+F46 -> 3407.4 | G47: =G9+G45+G46 -> 3274.4089
A48: Cash and investments | B48: =B9+B10+B16 -> 8432.5 | C48: =C9+C10+C16 -> 9034.1 | D48: =D9+D10+D16 -> 7979.2 | E48: =E9+E10+E16 -> 8625.5 | F48: =F9+F10+F16 -> 9034.1 | G48: =G9+G10+G16 -> 9104.2089
A49: Net cash (no debt outstanding) | B49: =B48 -> 8432.5 | C49: =C48 -> 9034.1 | D49: =D48 -> 7979.2 | E49: =E48 -> 8625.5 | F49: =F48 -> 9034.1 | G49: =G48 -> 9104.2089
A50: Common shares outstanding (m) | B50: 354.9 | C50: 355.1 | D50: 354.4 | E50: 353.9 | F50: =C50 -> 355.1 | G50: ='Share Count'!G14 -> 353.36667 | H50: S3/S4/S5/S6
A51: Book value per share ($) | B51: =B34/B50 -> 47.702733 | C51: =C34/C50 -> 50.194311 | D51: =D34/D50 -> 49.30728 | E51: =E34/E50 -> 51.337666 | F51: =F34/F50 -> 50.194311 | G51: =G34/G50 -> 53.08681
A52: Note: 3Q26E roll assumes Cash Flow Statement!G13 (gain on sale), G30 (asset-sale proceeds) and G44 (FX on cash) = 0; no BS offset is mapped for nonzero values.

Sheet Cash Flow Statement
A1: Intuitive Surgical, Inc. (NasdaqGS: ISRG)
A2: Cash Flow Statement
A3: $ millions, except per share
A4: Period | B4: 3Q25A | C4: 4Q25A | D4: 1Q26A | E4: 2Q26A | F4: FY25A | G4: 3Q26E | H4: Source
A5: Period end | B5: =DATE(2025,9,30) -> 45930 | C5: =DATE(2025,12,31) -> 46022 | D5: =DATE(2026,3,31) -> 46112 | E5: =DATE(2026,6,30) -> 46203 | F5: =DATE(2025,12,31) -> 46022 | G5: =DATE(2026,9,30) -> 46295
A6: Days in period | B6: =B5-EOMONTH(B5,-3) -> 92 | C6: =C5-EOMONTH(C5,-3) -> 92 | D6: =D5-EOMONTH(D5,-3) -> 90 | E6: =E5-EOMONTH(E5,-3) -> 91 | F6: =F5-DATE(YEAR(F5)-1,12,31) -> 365 | G6: =G5-EOMONTH(G5,-3) -> 92
A8: Operating activities
A9: Net income | B9: =Inputs!C192-Inputs!B192 -> 709.2 | C9: =Inputs!D192-Inputs!C192 -> 799.5 | D9: =Inputs!E192 -> 826 | E9: =Inputs!F192-Inputs!E192 -> 823.2 | F9: =Inputs!B192+B9+C9 -> 2876.6 | G9: ='Income Statement'!G60 -> 795.70893 | H9: S3/S4/S5/S6
A10: Depreciation & loss on PP&E disposal | B10: =Inputs!C193-Inputs!B193 -> 156.7 | C10: =Inputs!D193-Inputs!C193 -> 168.4 | D10: =Inputs!E193 -> 178.9 | E10: =Inputs!F193-Inputs!E193 -> 192.3 | F10: =Inputs!B193+B10+C10 -> 614.7 | G10: 195 | H10: S3/S4/S5/S6
A11: Amortization of intangibles & other | B11: =Inputs!C194-Inputs!B194 -> 12.9 | C11: =Inputs!D194-Inputs!C194 -> 25.1 | D11: =Inputs!E194 -> 21.1 | E11: =Inputs!F194-Inputs!E194 -> 38.8 | F11: =Inputs!B194+B11+C11 -> 62.4 | G11: 38 | H11: S3/S4/S5/S6
A12: (Gains) on investments/accretion | B12: =Inputs!C197-Inputs!B197 -> -14.9 | C12: =Inputs!D197-Inputs!C197 -> -14.9 | D12: =Inputs!E197 -> -10.2 | E12: =Inputs!F197-Inputs!E197 -> -8.8 | F12: =Inputs!B197+B12+C12 -> -57.2 | G12: -10 | H12: S3/S4/S5/S6
A13: Gain on sale of business and assets | B13: =Inputs!C198-Inputs!B198 -> 0 | C13: =Inputs!D198-Inputs!C198 -> -1 | D13: =Inputs!E198 -> -7.9 | E13: =Inputs!F198-Inputs!E198 -> 0 | F13: =Inputs!B198+B13+C13 -> -1 | G13: 0 | H13: S3/S4/S5/S6
A14: Deferred income taxes | B14: =Inputs!C199-Inputs!B199 -> 88 | C14: =Inputs!D199-Inputs!C199 -> -39.5 | D14: =Inputs!E199 -> 339.3 | E14: =Inputs!F199-Inputs!E199 -> 31 | F14: =Inputs!B199+B14+C14 -> 19.1 | G14: 30 | H14: S3/S4/S5/S6
A15: Share-based compensation expense | B15: =Inputs!C200-Inputs!B200 -> 203.5 | C15: =Inputs!D200-Inputs!C200 -> 203.3 | D15: =Inputs!E200 -> 209.5 | E15: =Inputs!F200-Inputs!E200 -> 209.9 | F15: =Inputs!B200+B15+C15 -> 788.2 | G15: ='Income Statement'!G159 -> 230 | H15: S3/S4/S5/S6
A16: Change in accounts receivable | B16: =Inputs!C201-Inputs!B201 -> 9.9 | C16: =Inputs!D201-Inputs!C201 -> -267.5 | D16: =Inputs!E201 -> 25.1 | E16: =Inputs!F201-Inputs!E201 -> -74.9 | F16: =Inputs!B201+B16+C16 -> -301.7 | G16: -60 | H16: S3/S4/S5/S6
A17: Change in inventory | B17: =Inputs!C202-Inputs!B202 -> -316.2 | C17: =Inputs!D202-Inputs!C202 -> -253 | D17: =Inputs!E202 -> -266.6 | E17: =Inputs!F202-Inputs!E202 -> -248 | F17: =Inputs!B202+B17+C17 -> -1063.4 | G17: -250 | H17: S3/S4/S5/S6
A18: Change in prepaids and other assets | B18: =Inputs!C203-Inputs!B203 -> -107.1 | C18: =Inputs!D203-Inputs!C203 -> 61.8 | D18: =Inputs!E203 -> -269.3 | E18: =Inputs!F203-Inputs!E203 -> 90.3 | F18: =Inputs!B203+B18+C18 -> -187.1 | G18: -30 | H18: S3/S4/S5/S6
A19: Change in accounts payable | B19: =Inputs!C204-Inputs!B204 -> 24.6 | C19: =Inputs!D204-Inputs!C204 -> -39.1 | D19: =Inputs!E204 -> 73.9 | E19: =Inputs!F204-Inputs!E204 -> -52.5 | F19: =Inputs!B204+B19+C19 -> 57.9 | G19: 10 | H19: S3/S4/S5/S6
A20: Change in accrued compensation | B20: =Inputs!C205-Inputs!B205 -> 34.7 | C20: =Inputs!D205-Inputs!C205 -> 192.9 | D20: =Inputs!E205 -> -284.7 | E20: =Inputs!F205-Inputs!E205 -> 55 | F20: =Inputs!B205+B20+C20 -> 112.7 | G20: 60 | H20: S3/S4/S5/S6
A21: Change in deferred revenue | B21: =Inputs!C206-Inputs!B206 -> -1.2 | C21: =Inputs!D206-Inputs!C206 -> 27.6 | D21: =Inputs!E206 -> 46.1 | E21: =Inputs!F206-Inputs!E206 -> -1.4 | F21: =Inputs!B206+B21+C21 -> 75.2 | G21: 0 | H21: S3/S4/S5/S6
A22: Change in other liabilities | B22: =Inputs!C207-Inputs!B207 -> 40.9 | C22: =Inputs!D207-Inputs!C207 -> 28.9 | D22: =Inputs!E207 -> 30.7 | E22: =Inputs!F207-Inputs!E207 -> 6.1 | F22: =Inputs!B207+B22+C22 -> 34.1 | G22: 20 | H22: S3/S4/S5/S6
A23: Net cash from operating activities | B23: =B9+B10+B11+B12+B13+B14+B15+B16+B17+B18+B19+B20+B21+B22 -> 841 | C23: =C9+C10+C11+C12+C13+C14+C15+C16+C17+C18+C19+C20+C21+C22 -> 892.5 | D23: =D9+D10+D11+D12+D13+D14+D15+D16+D17+D18+D19+D20+D21+D22 -> 911.9 | E23: =E9+E10+E11+E12+E13+E14+E15+E16+E17+E18+E19+E20+E21+E22 -> 1061 | F23: =F9+F10+F11+F12+F13+F14+F15+F16+F17+F18+F19+F20+F21+F22 -> 3030.5 | G23: =G9+G10+G11+G12+G13+G14+G15+G16+G17+G18+G19+G20+G21+G22 -> 1028.7089
A24: Operating cash flow (as reported) | B24: =Inputs!C208-Inputs!B208 -> 841 | C24: =Inputs!D208-Inputs!C208 -> 892.5 | D24: =Inputs!E208 -> 911.9 | E24: =Inputs!F208-Inputs!E208 -> 1061 | F24: =Inputs!B208+B24+C24 -> 3030.5 | G24: n.a. | H24: S3/S4/S5/S6
A25: Check: OCF = reported (= 0) | B25: =ROUND(B23-B24,6) -> 0 | C25: =ROUND(C23-C24,6) -> 0 | D25: =ROUND(D23-D24,6) -> 0 | E25: =ROUND(E23-E24,6) -> 0 | F25: =ROUND(F23-F24,6) -> 0 | G25: n.a.
A26: Investing activities
A27: Purchases of investments | B27: =Inputs!C209-Inputs!B209 -> -99.1 | C27: =Inputs!D209-Inputs!C209 -> -425 | D27: =Inputs!E209 -> -911.3 | E27: =Inputs!F209-Inputs!E209 -> -437.8 | F27: =Inputs!B209+B27+C27 -> -1215.9 | G27: -700 | H27: S3/S4/S5/S6
A28: Proceeds from sales of investments | B28: =Inputs!C210-Inputs!B210 -> 0 | C28: =Inputs!D210-Inputs!C210 -> 10.8 | D28: =Inputs!E210 -> 0 | E28: =Inputs!F210-Inputs!E210 -> 0.1 | F28: =Inputs!B210+B28+C28 -> 259.9 | G28: 0 | H28: S3/S4/S5/S6
A29: Maturities of investments | B29: =Inputs!C211-Inputs!B211 -> 605.5 | C29: =Inputs!D211-Inputs!C211 -> 380 | D29: =Inputs!E211 -> 582.3 | E29: =Inputs!F211-Inputs!E211 -> 523.7 | F29: =Inputs!B211+B29+C29 -> 2175.5 | G29: 700 | H29: S3/S4/S5/S6
A30: Proceeds from sale of assets | B30: =Inputs!C212-Inputs!B212 -> 0 | C30: =Inputs!D212-Inputs!C212 -> 0 | D30: =Inputs!E212 -> 46 | E30: =Inputs!F212-Inputs!E212 -> 0 | F30: =Inputs!B212+B30+C30 -> 0 | G30: 0 | H30: S3/S4/S5/S6
A31: Purchases of PP&E (capex) | B31: =Inputs!C213-Inputs!B213 -> -105.4 | C31: =Inputs!D213-Inputs!C213 -> -162.5 | D31: =Inputs!E213 -> -103.3 | E31: =Inputs!F213-Inputs!E213 -> -112.6 | F31: =Inputs!B213+B31+C31 -> -539.8 | G31: -130 | H31: S3/S4/S5/S6
A32: Acquisitions, IP and other | B32: =Inputs!C214-Inputs!B214 -> 0 | C32: =Inputs!D214-Inputs!C214 -> -12.7 | D32: =Inputs!E214 -> -528.2 | E32: =Inputs!F214-Inputs!E214 -> 0 | F32: =Inputs!B214+B32+C32 -> -13.9 | G32: 0 | H32: S3/S4/S5/S6
A33: Net cash from investing activities | B33: =B27+B28+B29+B30+B31+B32 -> 401 | C33: =C27+C28+C29+C30+C31+C32 -> -209.4 | D33: =D27+D28+D29+D30+D31+D32 -> -914.5 | E33: =E27+E28+E29+E30+E31+E32 -> -26.6 | F33: =F27+F28+F29+F30+F31+F32 -> 665.8 | G33: =G27+G28+G29+G30+G31+G32 -> -130
A34: Investing cash flow (as reported) | B34: =Inputs!C215-Inputs!B215 -> 401 | C34: =Inputs!D215-Inputs!C215 -> -209.4 | D34: =Inputs!E215 -> -914.5 | E34: =Inputs!F215-Inputs!E215 -> -26.6 | F34: =Inputs!B215+B34+C34 -> 665.8 | G34: n.a. | H34: S3/S4/S5/S6
A35: Check: lines sum to reported (= 0) | B35: =ROUND(B33-B34,6) -> 0 | C35: =ROUND(C33-C34,6) -> 0 | D35: =ROUND(D33-D34,6) -> 0 | E35: =ROUND(E33-E34,6) -> 0 | F35: =ROUND(F33-F34,6) -> 0 | G35: n.a.
A36: Financing activities
A37: Proceeds from employee stock plans | B37: =Inputs!C216-Inputs!B216 -> 90 | C37: =Inputs!D216-Inputs!C216 -> 76.6 | D37: =Inputs!E216 -> 121.8 | E37: =Inputs!F216-Inputs!E216 -> 65.6 | F37: =Inputs!B216+B37+C37 -> 350.3 | G37: 90 | H37: S3/S4/S5/S6
A38: Taxes paid on net share settlement | B38: =Inputs!C217-Inputs!B217 -> -19.7 | C38: =Inputs!D217-Inputs!C217 -> -13.1 | D38: =Inputs!E217 -> -352.3 | E38: =Inputs!F217-Inputs!E217 -> -13.1 | F38: =Inputs!B217+B38+C38 -> -419.1 | G38: -20 | H38: S3/S4/S5/S6
A39: Repurchase of common stock | B39: =Inputs!C218-Inputs!B218 -> -1913.3 | C39: =Inputs!D218-Inputs!C218 -> -201 | D39: =Inputs!E218 -> -1123.2 | E39: =Inputs!F218-Inputs!E218 -> -320.3 | F39: =Inputs!B218+B39+C39 -> -2295.3 | G39: =-'Share Count'!G16 -> -500 | H39: S3/S4/S5/S6
A40: Other financing activities | B40: =Inputs!C219-Inputs!B219 -> 0 | C40: =Inputs!D219-Inputs!C219 -> 0 | D40: =Inputs!E219 -> 0 | E40: =Inputs!F219-Inputs!E219 -> -20.1 | F40: =Inputs!B219+B40+C40 -> 0 | G40: 0 | H40: S3/S4/S5/S6
A41: Net cash from financing activities | B41: =B37+B38+B39+B40 -> -1843 | C41: =C37+C38+C39+C40 -> -137.5 | D41: =D37+D38+D39+D40 -> -1353.7 | E41: =E37+E38+E39+E40 -> -287.9 | F41: =F37+F38+F39+F40 -> -2364.1 | G41: =G37+G38+G39+G40 -> -430
A42: Financing cash flow (as reported) | B42: =Inputs!C220-Inputs!B220 -> -1843 | C42: =Inputs!D220-Inputs!C220 -> -137.5 | D42: =Inputs!E220 -> -1353.7 | E42: =Inputs!F220-Inputs!E220 -> -287.9 | F42: =Inputs!B220+B42+C42 -> -2364.1 | G42: n.a. | H42: S3/S4/S5/S6
A43: Check: lines sum to reported (= 0) | B43: =ROUND(B41-B42,6) -> 0 | C43: =ROUND(C41-C42,6) -> 0 | D43: =ROUND(D41-D42,6) -> 0 | E43: =ROUND(E41-E42,6) -> 0 | F43: =ROUND(F41-F42,6) -> 0 | G43: n.a.
A44: Effect of exchange rates on cash | B44: =Inputs!C221-Inputs!B221 -> 4 | C44: =Inputs!D221-Inputs!C221 -> 12.3 | D44: =Inputs!E221 -> 1 | E44: =Inputs!F221-Inputs!E221 -> 7.1 | F44: =Inputs!B221+B44+C44 -> 12.8 | G44: 0 | H44: S3/S4/S5/S6
A45: Net change in cash incl. restricted | B45: =B23+B33+B41+B44 -> -597 | C45: =C23+C33+C41+C44 -> 557.9 | D45: =D23+D33+D41+D44 -> -1355.3 | E45: =E23+E33+E41+E44 -> 753.6 | F45: =F23+F33+F41+F44 -> 1345 | G45: =G23+G33+G41+G44 -> 468.70893
A46: Beginning cash incl. restricted | B46: =Inputs!B224 -> 3446.5 | C46: =B47 -> 2849.5 | D46: =C47 -> 3407.4 | E46: =D47 -> 2052.1 | F46: =Inputs!B223 -> 2062.4 | G46: =E47 -> 2805.7
A47: Ending cash incl. restricted | B47: =B46+B45 -> 2849.5 | C47: =C46+C45 -> 3407.4 | D47: =D46+D45 -> 2052.1 | E47: =E46+E45 -> 2805.7 | F47: =F46+F45 -> 3407.4 | G47: =G46+G45 -> 3274.4089
A48: Ending cash (as reported) | B48: =Inputs!C224 -> 2849.5 | C48: =Inputs!D224 -> 3407.4 | D48: =Inputs!E224 -> 2052.1 | E48: =Inputs!F224 -> 2805.7 | F48: =Inputs!D224 -> 3407.4 | G48: n.a.
A49: Check: ending cash = reported (= 0) | B49: =ROUND(B47-B48,6) -> 0 | C49: =ROUND(C47-C48,6) -> 0 | D49: =ROUND(D47-D48,6) -> 0 | E49: =ROUND(E47-E48,6) -> 0 | F49: =ROUND(F47-F48,6) -> 0 | G49: n.a.
A50: Check: cash ties to BS (= 0) | B50: =ROUND(B47-'Balance Sheet'!B47,6) -> 0 | C50: =ROUND(C47-'Balance Sheet'!C47,6) -> 0 | D50: =ROUND(D47-'Balance Sheet'!D47,6) -> 0 | E50: =ROUND(E47-'Balance Sheet'!E47,6) -> 0 | F50: =ROUND(F47-'Balance Sheet'!F47,6) -> 0 | G50: =ROUND(G47-'Balance Sheet'!G47,6) -> 0
A51: Check: change in cash = BS change | B51: n.a. | C51: =ROUND(C45-('Balance Sheet'!C47-'Balance Sheet'!B47),6) -> 0 | D51: =ROUND(D45-('Balance Sheet'!D47-'Balance Sheet'!C47),6) -> 0 | E51: =ROUND(E45-('Balance Sheet'!E47-'Balance Sheet'!D47),6) -> 0 | F51: n.a. | G51: =ROUND(G45-('Balance Sheet'!G47-'Balance Sheet'!E47),6) -> 0
A52: Free cash flow and memo
A53: Free cash flow (model-defined) | B53: =B23+B31 -> 735.6 | C53: =C23+C31 -> 730 | D53: =D23+D31 -> 808.6 | E53: =E23+E31 -> 948.4 | F53: =F23+F31 -> 2490.7 | G53: =G23+G31 -> 898.70893
A54: FCF margin | B54: =B53/'Income Statement'!B13 -> 0.29364097 | C54: =C53/'Income Statement'!C13 -> 0.25469262 | D54: =D53/'Income Statement'!D13 -> 0.29182907 | E54: =E53/'Income Statement'!E13 -> 0.32790513 | F54: =F53/'Income Statement'!F13 -> 0.24746888 | G54: =G53/'Income Statement'!G13 -> 0.30542849
A55: Y/Y change (bp) | B55: n.a. | C55: n.a. | D55: n.a. | E55: n.a. | F55: n.a. | G55: =_xlfn.IFERROR((G54-B54)*10000,"n.a.") -> 117.87513
A56: Q/Q change (bp) | B56: n.a. | C56: =_xlfn.IFERROR((C54-B54)*10000,"n.a.") -> -389.48348 | D56: =_xlfn.IFERROR((D54-C54)*10000,"n.a.") -> 371.3645 | E56: =_xlfn.IFERROR((E54-D54)*10000,"n.a.") -> 360.76053 | F56: n.a. | G56: =_xlfn.IFERROR((G54-E54)*10000,"n.a.") -> -224.76642
A57: Capex % of revenue | B57: =-B31/'Income Statement'!B13 -> 0.042074169 | C57: =-C31/'Income Statement'!C13 -> 0.056695276 | D57: =-D31/'Income Statement'!D13 -> 0.037281652 | E57: =-E31/'Income Statement'!E13 -> 0.038930955 | F57: =-F31/'Income Statement'!F13 -> 0.053632995 | G57: =-G31/'Income Statement'!G13 -> 0.044180826
A58: Y/Y change (bp) | B58: n.a. | C58: n.a. | D58: n.a. | E58: n.a. | F58: n.a. | G58: =_xlfn.IFERROR((G57-B57)*10000,"n.a.") -> 21.066574
A59: Q/Q change (bp) | B59: n.a. | C59: =_xlfn.IFERROR((C57-B57)*10000,"n.a.") -> 146.21107 | D59: =_xlfn.IFERROR((D57-C57)*10000,"n.a.") -> -194.13624 | E59: =_xlfn.IFERROR((E57-D57)*10000,"n.a.") -> 16.493031 | F59: n.a. | G59: =_xlfn.IFERROR((G57-E57)*10000,"n.a.") -> 52.498715
A60: Non-cash: inventory-to-PP&E transfers | B60: n.d. | C60: n.d. | D60: n.d. | E60: n.d. | F60: n.d. | G60: 210 | H60: S3

Sheet Geo
A1: Intuitive Surgical, Inc. (NasdaqGS: ISRG)
A2: Revenue by geography (U.S. / OUS)
A3: $ millions, except per share
A4: Period | B4: 3Q25A | C4: 4Q25A | D4: 1Q26A | E4: 2Q26A | F4: FY25A | G4: 3Q26E | H4: Source
A5: Period end | B5: =DATE(2025,9,30) -> 45930 | C5: =DATE(2025,12,31) -> 46022 | D5: =DATE(2026,3,31) -> 46112 | E5: =DATE(2026,6,30) -> 46203 | F5: =DATE(2025,12,31) -> 46022 | G5: =DATE(2026,9,30) -> 46295
A6: Days in period | B6: =B5-EOMONTH(B5,-3) -> 92 | C6: =C5-EOMONTH(C5,-3) -> 92 | D6: =D5-EOMONTH(D5,-3) -> 90 | E6: =E5-EOMONTH(E5,-3) -> 91 | F6: =F5-DATE(YEAR(F5)-1,12,31) -> 365 | G6: =G5-EOMONTH(G5,-3) -> 92
A8: United States
A9: U.S. instruments & accessories | B9: 1062 | C9: 1160.3 | D9: 1121.8 | E9: 1180.4 | F9: =Inputs!D64+Inputs!E64+B9+C9 -> 4203.4 | G9: ='Revenue summary'!G351-G39 -> 1204.3015 | H9: S1
A10: Y/Y % | B10: =_xlfn.IFERROR(B9/Inputs!B64-1,"n.a.") -> 0.17374005 | C10: =_xlfn.IFERROR(C9/Inputs!C64-1,"n.a.") -> 0.15131971 | D10: =_xlfn.IFERROR(D9/Inputs!D64-1,"n.a.") -> 0.16393443 | E10: =_xlfn.IFERROR(E9/Inputs!E64-1,"n.a.") -> 0.16032635 | F10: =_xlfn.IFERROR(F9/Inputs!F64-1,"n.a.") -> 0.15911096 | G10: =_xlfn.IFERROR(G9/B9-1,"n.a.") -> 0.13399384
A11: Q/Q % | B11: =_xlfn.IFERROR(B9/Inputs!E64-1,"n.a.") -> 0.043939841 | C11: =_xlfn.IFERROR(C9/B9-1,"n.a.") -> 0.092561205 | D11: =_xlfn.IFERROR(D9/C9-1,"n.a.") -> -0.033181074 | E11: =_xlfn.IFERROR(E9/D9-1,"n.a.") -> 0.052237475 | F11: n.a. | G11: =_xlfn.IFERROR(G9/E9-1,"n.a.") -> 0.020248606
A12: M&A / scope impact | B12: 0 | C12: 0 | D12: 0 | E12: 0 | F12: 0 | G12: 0 | H12: S3; G: assumption
A13: FX impact | B13: 0 | C13: 0 | D13: 0 | E13: 0 | F13: 0 | G13: 0
A14: Organic = (1+Y/Y)/((1+M&A)(1+FX))-1 | B14: =IF(AND(ISNUMBER(B12),ISNUMBER(B13),ISNUMBER(B10)),(1+B10)/((1+B12)*(1+B13))-1,"n.d.") -> 0.17374005 | C14: =IF(AND(ISNUMBER(C12),ISNUMBER(C13),ISNUMBER(C10)),(1+C10)/((1+C12)*(1+C13))-1,"n.d.") -> 0.15131971 | D14: =IF(AND(ISNUMBER(D12),ISNUMBER(D13),ISNUMBER(D10)),(1+D10)/((1+D12)*(1+D13))-1,"n.d.") -> 0.16393443 | E14: =IF(AND(ISNUMBER(E12),ISNUMBER(E13),ISNUMBER(E10)),(1+E10)/((1+E12)*(1+E13))-1,"n.d.") -> 0.16032635 | F14: =IF(AND(ISNUMBER(F12),ISNUMBER(F13),ISNUMBER(F10)),(1+F10)/((1+F12)*(1+F13))-1,"n.d.") -> 0.15911096 | G14: =IF(AND(ISNUMBER(G12),ISNUMBER(G13),ISNUMBER(G10)),(1+G10)/((1+G12)*(1+G13))-1,"n.d.") -> 0.13399384
A15: Total Y/Y | B15: =B10 -> 0.17374005 | C15: =C10 -> 0.15131971 | D15: =D10 -> 0.16393443 | E15: =E10 -> 0.16032635 | F15: =F10 -> 0.15911096 | G15: =G10 -> 0.13399384
A16: U.S. systems | B16: 397.5 | C16: 494.4 | D16: 379.8 | E16: 442.1 | F16: =Inputs!D65+Inputs!E65+B16+C16 -> 1581.8 | G16: ='Revenue summary'!G413-G46 -> 456.88949 | H16: S1
A17: Y/Y % | B17: =_xlfn.IFERROR(B16/Inputs!B65-1,"n.a.") -> 0.49773926 | C17: =_xlfn.IFERROR(C16/Inputs!C65-1,"n.a.") -> 0.17602284 | D17: =_xlfn.IFERROR(D16/Inputs!D65-1,"n.a.") -> 0.13069366 | E17: =_xlfn.IFERROR(E16/Inputs!E65-1,"n.a.") -> 0.24887006 | F17: =_xlfn.IFERROR(F16/Inputs!F65-1,"n.a.") -> 0.40905042 | G17: =_xlfn.IFERROR(G16/B16-1,"n.a.") -> 0.14940752
A18: Q/Q % | B18: =_xlfn.IFERROR(B16/Inputs!E65-1,"n.a.") -> 0.12288136 | C18: =_xlfn.IFERROR(C16/B16-1,"n.a.") -> 0.24377358 | D18: =_xlfn.IFERROR(D16/C16-1,"n.a.") -> -0.23179612 | E18: =_xlfn.IFERROR(E16/D16-1,"n.a.") -> 0.1640337 | F18: n.a. | G18: =_xlfn.IFERROR(G16/E16-1,"n.a.") -> 0.033452812
A19: M&A / scope impact | B19: 0 | C19: 0 | D19: 0 | E19: 0 | F19: 0 | G19: 0 | H19: S3; G: assumption
A20: FX impact | B20: 0 | C20: 0 | D20: 0 | E20: 0 | F20: 0 | G20: 0
A21: Organic = (1+Y/Y)/((1+M&A)(1+FX))-1 | B21: =IF(AND(ISNUMBER(B19),ISNUMBER(B20),ISNUMBER(B17)),(1+B17)/((1+B19)*(1+B20))-1,"n.d.") -> 0.49773926 | C21: =IF(AND(ISNUMBER(C19),ISNUMBER(C20),ISNUMBER(C17)),(1+C17)/((1+C19)*(1+C20))-1,"n.d.") -> 0.17602284 | D21: =IF(AND(ISNUMBER(D19),ISNUMBER(D20),ISNUMBER(D17)),(1+D17)/((1+D19)*(1+D20))-1,"n.d.") -> 0.13069366 | E21: =IF(AND(ISNUMBER(E19),ISNUMBER(E20),ISNUMBER(E17)),(1+E17)/((1+E19)*(1+E20))-1,"n.d.") -> 0.24887006 | F21: =IF(AND(ISNUMBER(F19),ISNUMBER(F20),ISNUMBER(F17)),(1+F17)/((1+F19)*(1+F20))-1,"n.d.") -> 0.40905042 | G21: =IF(AND(ISNUMBER(G19),ISNUMBER(G20),ISNUMBER(G17)),(1+G17)/((1+G19)*(1+G20))-1,"n.d.") -> 0.14940752
A22: Total Y/Y | B22: =B17 -> 0.49773926 | C22: =C17 -> 0.17602284 | D22: =D17 -> 0.13069366 | E22: =E17 -> 0.24887006 | F22: =F17 -> 0.40905042 | G22: =G17 -> 0.14940752
A23: U.S. services | B23: 258.1 | C23: 275.9 | D23: 281.7 | E23: 310.7 | F23: =Inputs!D66+Inputs!E66+B23+C23 -> 1030.6 | G23: ='Revenue summary'!G466-G53 -> 315.29027 | H23: S1
A24: Y/Y % | B24: =_xlfn.IFERROR(B23/Inputs!B66-1,"n.a.") -> 0.23374761 | C24: =_xlfn.IFERROR(C23/Inputs!C66-1,"n.a.") -> 0.23114681 | D24: =_xlfn.IFERROR(D23/Inputs!D66-1,"n.a.") -> 0.18113208 | E24: =_xlfn.IFERROR(E23/Inputs!E66-1,"n.a.") -> 0.20379698 | F24: =_xlfn.IFERROR(F23/Inputs!F66-1,"n.a.") -> 0.2263208 | G24: =_xlfn.IFERROR(G23/B23-1,"n.a.") -> 0.22158184
A25: Q/Q % | B25: =_xlfn.IFERROR(B23/Inputs!E66-1,"n.a.") -> 0 | C25: =_xlfn.IFERROR(C23/B23-1,"n.a.") -> 0.068965517 | D25: =_xlfn.IFERROR(D23/C23-1,"n.a.") -> 0.021022109 | E25: =_xlfn.IFERROR(E23/D23-1,"n.a.") -> 0.1029464 | F25: n.a. | G25: =_xlfn.IFERROR(G23/E23-1,"n.a.") -> 0.014773975
A26: M&A / scope impact | B26: 0 | C26: 0 | D26: 0 | E26: 0 | F26: 0 | G26: 0 | H26: S3; G: assumption
A27: FX impact | B27: 0 | C27: 0 | D27: 0 | E27: 0 | F27: 0 | G27: 0
A28: Organic = (1+Y/Y)/((1+M&A)(1+FX))-1 | B28: =IF(AND(ISNUMBER(B26),ISNUMBER(B27),ISNUMBER(B24)),(1+B24)/((1+B26)*(1+B27))-1,"n.d.") -> 0.23374761 | C28: =IF(AND(ISNUMBER(C26),ISNUMBER(C27),ISNUMBER(C24)),(1+C24)/((1+C26)*(1+C27))-1,"n.d.") -> 0.23114681 | D28: =IF(AND(ISNUMBER(D26),ISNUMBER(D27),ISNUMBER(D24)),(1+D24)/((1+D26)*(1+D27))-1,"n.d.") -> 0.18113208 | E28: =IF(AND(ISNUMBER(E26),ISNUMBER(E27),ISNUMBER(E24)),(1+E24)/((1+E26)*(1+E27))-1,"n.d.") -> 0.20379698 | F28: =IF(AND(ISNUMBER(F26),ISNUMBER(F27),ISNUMBER(F24)),(1+F24)/((1+F26)*(1+F27))-1,"n.d.") -> 0.2263208 | G28: =IF(AND(ISNUMBER(G26),ISNUMBER(G27),ISNUMBER(G24)),(1+G24)/((1+G26)*(1+G27))-1,"n.d.") -> 0.22158184
A29: Total Y/Y | B29: =B24 -> 0.23374761 | C29: =C24 -> 0.23114681 | D29: =D24 -> 0.18113208 | E29: =E24 -> 0.20379698 | F29: =F24 -> 0.2263208 | G29: =G24 -> 0.22158184
A30: Total U.S. revenue | B30: =B9+B16+B23 -> 1717.6 | C30: =C9+C16+C23 -> 1930.6 | D30: =D9+D16+D23 -> 1783.3 | E30: =E9+E16+E23 -> 1933.2 | F30: =F9+F16+F23 -> 6815.8 | G30: =G9+G16+G23 -> 1976.4812
A31: Y/Y % | B31: =_xlfn.IFERROR(B30/Inputs!B70-1,"n.a.") -> 0.24517906 | C31: =_xlfn.IFERROR(C30/Inputs!C70-1,"n.a.") -> 0.16843188 | D31: =_xlfn.IFERROR(D30/Inputs!D70-1,"n.a.") -> 0.15934209 | E31: =_xlfn.IFERROR(E30/Inputs!E70-1,"n.a.") -> 0.186449 | F31: =_xlfn.IFERROR(F30/Inputs!F70-1,"n.a.") -> 0.21941532 | G31: =_xlfn.IFERROR(G30/B30-1,"n.a.") -> 0.15072265
A32: Q/Q % | B32: =_xlfn.IFERROR(B30/Inputs!E70-1,"n.a.") -> 0.054130355 | C32: =_xlfn.IFERROR(C30/B30-1,"n.a.") -> 0.12401025 | D32: =_xlfn.IFERROR(D30/C30-1,"n.a.") -> -0.076297524 | E32: =_xlfn.IFERROR(E30/D30-1,"n.a.") -> 0.084057646 | F32: n.a. | G32: =_xlfn.IFERROR(G30/E30-1,"n.a.") -> 0.02238838
A33: % of total revenue | B33: =B30/'Revenue summary'!B34 -> 0.68564129 | C33: =C30/'Revenue summary'!C34 -> 0.67357477 | D33: =D30/'Revenue summary'!D34 -> 0.64360474 | E33: =E30/'Revenue summary'!E34 -> 0.66839539 | F33: =F30/'Revenue summary'!F34 -> 0.67719853 | G33: =G30/'Revenue summary'!G34 -> 0.6717121
A34: M&A / scope impact | B34: 0 | C34: 0 | D34: 0 | E34: 0 | F34: 0 | G34: 0 | H34: S3; G: assumption
A35: FX impact | B35: 0 | C35: 0 | D35: 0 | E35: 0 | F35: 0 | G35: 0
A36: Organic = (1+Y/Y)/((1+M&A)(1+FX))-1 | B36: =IF(AND(ISNUMBER(B34),ISNUMBER(B35),ISNUMBER(B31)),(1+B31)/((1+B34)*(1+B35))-1,"n.d.") -> 0.24517906 | C36: =IF(AND(ISNUMBER(C34),ISNUMBER(C35),ISNUMBER(C31)),(1+C31)/((1+C34)*(1+C35))-1,"n.d.") -> 0.16843188 | D36: =IF(AND(ISNUMBER(D34),ISNUMBER(D35),ISNUMBER(D31)),(1+D31)/((1+D34)*(1+D35))-1,"n.d.") -> 0.15934209 | E36: =IF(AND(ISNUMBER(E34),ISNUMBER(E35),ISNUMBER(E31)),(1+E31)/((1+E34)*(1+E35))-1,"n.d.") -> 0.186449 | F36: =IF(AND(ISNUMBER(F34),ISNUMBER(F35),ISNUMBER(F31)),(1+F31)/((1+F34)*(1+F35))-1,"n.d.") -> 0.21941532 | G36: =IF(AND(ISNUMBER(G34),ISNUMBER(G35),ISNUMBER(G31)),(1+G31)/((1+G34)*(1+G35))-1,"n.d.") -> 0.15072265
A37: Total Y/Y | B37: =B31 -> 0.24517906 | C37: =C31 -> 0.16843188 | D37: =D31 -> 0.15934209 | E37: =E31 -> 0.186449 | F37: =F31 -> 0.21941532 | G37: =G31 -> 0.15072265
A38: Outside the United States (OUS)
A39: OUS instruments & accessories | B39: 456.8 | C39: 498 | D39: 564.6 | E39: 554.5 | F39: =Inputs!D67+Inputs!E67+B39+C39 -> 1815.5 | G39: ='Revenue summary'!G351*G70 -> 566.7301 | H39: S1
A40: Y/Y % | B40: =_xlfn.IFERROR(B39/Inputs!B67-1,"n.a.") -> 0.27100723 | C40: =_xlfn.IFERROR(C39/Inputs!C67-1,"n.a.") -> 0.2335893 | D40: =_xlfn.IFERROR(D39/Inputs!D67-1,"n.a.") -> 0.39787076 | E40: =_xlfn.IFERROR(E39/Inputs!E67-1,"n.a.") -> 0.21387916 | F40: =_xlfn.IFERROR(F39/Inputs!F67-1,"n.a.") -> 0.24982789 | G40: =_xlfn.IFERROR(G39/B39-1,"n.a.") -> 0.24065257
A41: Q/Q % | B41: =_xlfn.IFERROR(B39/Inputs!E67-1,"n.a.") -> 0 | C41: =_xlfn.IFERROR(C39/B39-1,"n.a.") -> 0.090192644 | D41: =_xlfn.IFERROR(D39/C39-1,"n.a.") -> 0.13373494 | E41: =_xlfn.IFERROR(E39/D39-1,"n.a.") -> -0.017888771 | F41: n.a. | G41: =_xlfn.IFERROR(G39/E39-1,"n.a.") -> 0.022056079
A42: M&A / scope impact | B42: 0 | C42: 0 | D42: n.d. | E42: n.d. | F42: 0 | G42: n.d.
A43: FX impact | B43: n.d. | C43: n.d. | D43: n.d. | E43: n.d. | F43: n.d. | G43: n.d.
A44: Organic = (1+Y/Y)/((1+M&A)(1+FX))-1 | B44: =IF(AND(ISNUMBER(B42),ISNUMBER(B43),ISNUMBER(B40)),(1+B40)/((1+B42)*(1+B43))-1,"n.d.") -> n.d. | C44: =IF(AND(ISNUMBER(C42),ISNUMBER(C43),ISNUMBER(C40)),(1+C40)/((1+C42)*(1+C43))-1,"n.d.") -> n.d. | D44: =IF(AND(ISNUMBER(D42),ISNUMBER(D43),ISNUMBER(D40)),(1+D40)/((1+D42)*(1+D43))-1,"n.d.") -> n.d. | E44: =IF(AND(ISNUMBER(E42),ISNUMBER(E43),ISNUMBER(E40)),(1+E40)/((1+E42)*(1+E43))-1,"n.d.") -> n.d. | F44: =IF(AND(ISNUMBER(F42),ISNUMBER(F43),ISNUMBER(F40)),(1+F40)/((1+F42)*(1+F43))-1,"n.d.") -> n.d. | G44: =IF(AND(ISNUMBER(G42),ISNUMBER(G43),ISNUMBER(G40)),(1+G40)/((1+G42)*(1+G43))-1,"n.d.") -> n.d.
A45: Total Y/Y | B45: =B40 -> 0.27100723 | C45: =C40 -> 0.2335893 | D45: =D40 -> 0.39787076 | E45: =E40 -> 0.21387916 | F45: =F40 -> 0.24982789 | G45: =G40 -> 0.24065257
A46: OUS systems | B46: 192.9 | C46: 291.5 | D46: 270.9 | E46: 242.9 | F46: =Inputs!D68+Inputs!E68+B46+C46 -> 891.9 | G46: ='Revenue summary'!G413*G73 -> 235.36731 | H46: S1
A47: Y/Y % | B47: =_xlfn.IFERROR(B46/Inputs!B68-1,"n.a.") -> 0.074053452 | C47: =_xlfn.IFERROR(C46/Inputs!C68-1,"n.a.") -> 0.24466268 | D47: =_xlfn.IFERROR(D46/Inputs!D68-1,"n.a.") -> 0.45021413 | E47: =_xlfn.IFERROR(E46/Inputs!E68-1,"n.a.") -> 0.10058903 | F47: =_xlfn.IFERROR(F46/Inputs!F68-1,"n.a.") -> 0.057505336 | G47: =_xlfn.IFERROR(G46/B46-1,"n.a.") -> 0.22015195
A48: Q/Q % | B48: =_xlfn.IFERROR(B46/Inputs!E68-1,"n.a.") -> -0.12596285 | C48: =_xlfn.IFERROR(C46/B46-1,"n.a.") -> 0.51114567 | D48: =_xlfn.IFERROR(D46/C46-1,"n.a.") -> -0.070668954 | E48: =_xlfn.IFERROR(E46/D46-1,"n.a.") -> -0.10335917 | F48: n.a. | G48: =_xlfn.IFERROR(G46/E46-1,"n.a.") -> -0.031011478
A49: M&A / scope impact | B49: 0 | C49: 0 | D49: n.d. | E49: n.d. | F49: 0 | G49: n.d.
A50: FX impact | B50: n.d. | C50: n.d. | D50: n.d. | E50: n.d. | F50: n.d. | G50: n.d.
A51: Organic = (1+Y/Y)/((1+M&A)(1+FX))-1 | B51: =IF(AND(ISNUMBER(B49),ISNUMBER(B50),ISNUMBER(B47)),(1+B47)/((1+B49)*(1+B50))-1,"n.d.") -> n.d. | C51: =IF(AND(ISNUMBER(C49),ISNUMBER(C50),ISNUMBER(C47)),(1+C47)/((1+C49)*(1+C50))-1,"n.d.") -> n.d. | D51: =IF(AND(ISNUMBER(D49),ISNUMBER(D50),ISNUMBER(D47)),(1+D47)/((1+D49)*(1+D50))-1,"n.d.") -> n.d. | E51: =IF(AND(ISNUMBER(E49),ISNUMBER(E50),ISNUMBER(E47)),(1+E47)/((1+E49)*(1+E50))-1,"n.d.") -> n.d. | F51: =IF(AND(ISNUMBER(F49),ISNUMBER(F50),ISNUMBER(F47)),(1+F47)/((1+F49)*(1+F50))-1,"n.d.") -> n.d. | G51: =IF(AND(ISNUMBER(G49),ISNUMBER(G50),ISNUMBER(G47)),(1+G47)/((1+G49)*(1+G50))-1,"n.d.") -> n.d.
A52: Total Y/Y | B52: =B47 -> 0.074053452 | C52: =C47 -> 0.24466268 | D52: =D47 -> 0.45021413 | E52: =E47 -> 0.10058903 | F52: =F47 -> 0.057505336 | G52: =G47 -> 0.22015195
A53: OUS services | B53: 137.8 | C53: 146.1 | D53: 152 | E53: 161.7 | F53: =Inputs!D69+Inputs!E69+B53+C53 -> 541.5 | G53: ='Revenue summary'!G466*G76 -> 163.87428 | H53: S1
A54: Y/Y % | B54: =_xlfn.IFERROR(B53/Inputs!B69-1,"n.a.") -> 0.15121136 | C54: =_xlfn.IFERROR(C53/Inputs!C69-1,"n.a.") -> 0.18491484 | D54: =_xlfn.IFERROR(D53/Inputs!D69-1,"n.a.") -> 0.22088353 | E54: =_xlfn.IFERROR(E53/Inputs!E69-1,"n.a.") -> 0.21487603 | F54: =_xlfn.IFERROR(F53/Inputs!F69-1,"n.a.") -> 0.16027427 | G54: =_xlfn.IFERROR(G53/B53-1,"n.a.") -> 0.18921826
A55: Q/Q % | B55: =_xlfn.IFERROR(B53/Inputs!E69-1,"n.a.") -> 0.035311796 | C55: =_xlfn.IFERROR(C53/B53-1,"n.a.") -> 0.060232221 | D55: =_xlfn.IFERROR(D53/C53-1,"n.a.") -> 0.040383299 | E55: =_xlfn.IFERROR(E53/D53-1,"n.a.") -> 0.063815789 | F55: n.a. | G55: =_xlfn.IFERROR(G53/E53-1,"n.a.") -> 0.013446358
A56: M&A / scope impact | B56: 0 | C56: 0 | D56: n.d. | E56: n.d. | F56: 0 | G56: n.d.
A57: FX impact | B57: n.d. | C57: n.d. | D57: n.d. | E57: n.d. | F57: n.d. | G57: n.d.
A58: Organic = (1+Y/Y)/((1+M&A)(1+FX))-1 | B58: =IF(AND(ISNUMBER(B56),ISNUMBER(B57),ISNUMBER(B54)),(1+B54)/((1+B56)*(1+B57))-1,"n.d.") -> n.d. | C58: =IF(AND(ISNUMBER(C56),ISNUMBER(C57),ISNUMBER(C54)),(1+C54)/((1+C56)*(1+C57))-1,"n.d.") -> n.d. | D58: =IF(AND(ISNUMBER(D56),ISNUMBER(D57),ISNUMBER(D54)),(1+D54)/((1+D56)*(1+D57))-1,"n.d.") -> n.d. | E58: =IF(AND(ISNUMBER(E56),ISNUMBER(E57),ISNUMBER(E54)),(1+E54)/((1+E56)*(1+E57))-1,"n.d.") -> n.d. | F58: =IF(AND(ISNUMBER(F56),ISNUMBER(F57),ISNUMBER(F54)),(1+F54)/((1+F56)*(1+F57))-1,"n.d.") -> n.d. | G58: =IF(AND(ISNUMBER(G56),ISNUMBER(G57),ISNUMBER(G54)),(1+G54)/((1+G56)*(1+G57))-1,"n.d.") -> n.d.
A59: Total Y/Y | B59: =B54 -> 0.15121136 | C59: =C54 -> 0.18491484 | D59: =D54 -> 0.22088353 | E59: =E54 -> 0.21487603 | F59: =F54 -> 0.16027427 | G59: =G54 -> 0.18921826
A60: Total OUS revenue | B60: =B39+B46+B53 -> 787.5 | C60: =C39+C46+C53 -> 935.6 | D60: =D39+D46+D53 -> 987.5 | E60: =E39+E46+E53 -> 959.1 | F60: =F39+F46+F53 -> 3248.9 | G60: =G39+G46+G53 -> 965.97168
A61: Y/Y % | B61: =_xlfn.IFERROR(B60/Inputs!B71-1,"n.a.") -> 0.19553666 | C61: =_xlfn.IFERROR(C60/Inputs!C71-1,"n.a.") -> 0.22911193 | D61: =_xlfn.IFERROR(D60/Inputs!D71-1,"n.a.") -> 0.38073266 | E61: =_xlfn.IFERROR(E60/Inputs!E71-1,"n.a.") -> 0.18319763 | F61: =_xlfn.IFERROR(F60/Inputs!F71-1,"n.a.") -> 0.17598726 | G61: =_xlfn.IFERROR(G60/B60-1,"n.a.") -> 0.22663071
A62: Q/Q % | B62: =_xlfn.IFERROR(B60/Inputs!E71-1,"n.a.") -> -0.028497409 | C62: =_xlfn.IFERROR(C60/B60-1,"n.a.") -> 0.18806349 | D62: =_xlfn.IFERROR(D60/C60-1,"n.a.") -> 0.055472424 | E62: =_xlfn.IFERROR(E60/D60-1,"n.a.") -> -0.028759494 | F62: n.a. | G62: =_xlfn.IFERROR(G60/E60-1,"n.a.") -> 0.0071647212
A63: % of total revenue | B63: =B60/'Revenue summary'!B34 -> 0.31435871 | C63: =C60/'Revenue summary'!C34 -> 0.32642523 | D63: =D60/'Revenue summary'!D34 -> 0.35639526 | E63: =E60/'Revenue summary'!E34 -> 0.33160461 | F63: =F60/'Revenue summary'!F34 -> 0.32280147 | G63: =G60/'Revenue summary'!G34 -> 0.3282879
A64: M&A / scope impact | B64: 0 | C64: 0 | D64: n.d. | E64: n.d. | F64: 0 | G64: n.d.
A65: FX impact: FX$/(OUS rev − FX$) | B65: =IF(ISNUMBER('Revenue summary'!B39),'Revenue summary'!B39/(B60-'Revenue summary'!B39),"n.d.") -> 0.0038240918 | C65: =IF(ISNUMBER('Revenue summary'!C39),'Revenue summary'!C39/(C60-'Revenue summary'!C39),"n.d.") -> n.d. | D65: =IF(ISNUMBER('Revenue summary'!D39),'Revenue summary'!D39/(D60-'Revenue summary'!D39),"n.d.") -> 0.037834997 | E65: =IF(ISNUMBER('Revenue summary'!E39),'Revenue summary'!E39/(E60-'Revenue summary'!E39),"n.d.") -> 0.0041880431 | F65: n.d. | G65: =IF(ISNUMBER('Revenue summary'!G39),'Revenue summary'!G39/(G60-'Revenue summary'!G39),"n.d.") -> -0.0051494808
A66: Organic = (1+Y/Y)/((1+M&A)(1+FX))-1 | B66: =IF(AND(ISNUMBER(B64),ISNUMBER(B65),ISNUMBER(B61)),(1+B61)/((1+B64)*(1+B65))-1,"n.d.") -> 0.19098224 | C66: =IF(AND(ISNUMBER(C64),ISNUMBER(C65),ISNUMBER(C61)),(1+C61)/((1+C64)*(1+C65))-1,"n.d.") -> n.d. | D66: =IF(AND(ISNUMBER(D64),ISNUMBER(D65),ISNUMBER(D61)),(1+D61)/((1+D64)*(1+D65))-1,"n.d.") -> n.d. | E66: =IF(AND(ISNUMBER(E64),ISNUMBER(E65),ISNUMBER(E61)),(1+E61)/((1+E64)*(1+E65))-1,"n.d.") -> n.d. | F66: =IF(AND(ISNUMBER(F64),ISNUMBER(F65),ISNUMBER(F61)),(1+F61)/((1+F64)*(1+F65))-1,"n.d.") -> n.d. | G66: =IF(AND(ISNUMBER(G64),ISNUMBER(G65),ISNUMBER(G61)),(1+G61)/((1+G64)*(1+G65))-1,"n.d.") -> n.d.
A67: OUS constant-currency growth | B67: =IF(ISNUMBER(B65),(1+B61)/(1+B65)-1,"n.d.") -> 0.19098224 | C67: =IF(ISNUMBER(C65),(1+C61)/(1+C65)-1,"n.d.") -> n.d. | D67: =IF(ISNUMBER(D65),(1+D61)/(1+D65)-1,"n.d.") -> 0.33039709 | E67: =IF(ISNUMBER(E65),(1+E61)/(1+E65)-1,"n.d.") -> 0.17826302 | F67: =IF(ISNUMBER(F65),(1+F61)/(1+F65)-1,"n.d.") -> n.d. | G67: =IF(ISNUMBER(G65),(1+G61)/(1+G65)-1,"n.d.") -> 0.23297992
A68: Total Y/Y | B68: =B61 -> 0.19553666 | C68: =C61 -> 0.22911193 | D68: =D61 -> 0.38073266 | E68: =E61 -> 0.18319763 | F68: =F61 -> 0.17598726 | G68: =G61 -> 0.22663071
A69: OUS share by line (3Q26E: assumptions)
A70: OUS share of I&A revenue | B70: =B39/'Revenue summary'!B351 -> 0.30076376 | C70: =C39/'Revenue summary'!C351 -> 0.30030754 | D70: =D39/'Revenue summary'!D351 -> 0.33479602 | E70: =E39/'Revenue summary'!E351 -> 0.31961496 | F70: =F39/'Revenue summary'!F351 -> 0.30163319 | G70: 0.32
A71: Y/Y change (bp) | B71: =_xlfn.IFERROR((B70-Inputs!B160)*10000,"n.a.") -> 164.733 | C71: =_xlfn.IFERROR((C70-Inputs!C160)*10000,"n.a.") -> 142.99751 | D71: =_xlfn.IFERROR((D70-Inputs!D160)*10000,"n.a.") -> 394.82715 | E71: =_xlfn.IFERROR((E70-Inputs!E160)*10000,"n.a.") -> 97.309664 | F71: =_xlfn.IFERROR((F70-Inputs!F160)*10000,"n.a.") -> 156.32007 | G71: =_xlfn.IFERROR((G70-B70)*10000,"n.a.") -> 192.36239
A72: Q/Q change (bp) | B72: =_xlfn.IFERROR((B70-Inputs!E160)*10000,"n.a.") -> -91.202362 | C72: =_xlfn.IFERROR((C70-B70)*10000,"n.a.") -> -4.5621699 | D72: =_xlfn.IFERROR((D70-C70)*10000,"n.a.") -> 344.88471 | E72: =_xlfn.IFERROR((E70-D70)*10000,"n.a.") -> -151.81052 | F72: n.a. | G72: =_xlfn.IFERROR((G70-E70)*10000,"n.a.") -> 3.850366
A73: OUS share of systems revenue | B73: =B46/'Revenue summary'!B413 -> 0.32672764 | C73: =C46/'Revenue summary'!C413 -> 0.37091233 | D73: =D46/'Revenue summary'!D413 -> 0.41632089 | E73: =E46/'Revenue summary'!E413 -> 0.35459854 | F73: =F46/'Revenue summary'!F413 -> 0.36055302 | G73: 0.34
A74: Y/Y change (bp) | B74: =_xlfn.IFERROR((B73-Inputs!B161)*10000,"n.a.") -> -768.67863 | C74: =_xlfn.IFERROR((C73-Inputs!C161)*10000,"n.a.") -> 131.36589 | D74: =_xlfn.IFERROR((D73-Inputs!D161)*10000,"n.a.") -> 589.45718 | E74: =_xlfn.IFERROR((E73-Inputs!E161)*10000,"n.a.") -> -294.27908 | F74: =_xlfn.IFERROR((F73-Inputs!F161)*10000,"n.a.") -> -684.39861 | G74: =_xlfn.IFERROR((G73-B73)*10000,"n.a.") -> 132.72358
A75: Q/Q change (bp) | B75: =_xlfn.IFERROR((B73-Inputs!E161)*10000,"n.a.") -> -572.98806 | C75: =_xlfn.IFERROR((C73-B73)*10000,"n.a.") -> 441.84688 | D75: =_xlfn.IFERROR((D73-C73)*10000,"n.a.") -> 454.08555 | E75: =_xlfn.IFERROR((E73-D73)*10000,"n.a.") -> -617.22345 | F75: n.a. | G75: =_xlfn.IFERROR((G73-E73)*10000,"n.a.") -> -145.9854
A76: OUS share of services revenue | B76: =B53/'Revenue summary'!B466 -> 0.34806769 | C76: =C53/'Revenue summary'!C466 -> 0.34620853 | D76: =D53/'Revenue summary'!D466 -> 0.35047268 | E76: =E53/'Revenue summary'!E466 -> 0.34229467 | F76: =F53/'Revenue summary'!F466 -> 0.34444374 | G76: 0.342
A77: Y/Y change (bp) | B77: =_xlfn.IFERROR((B76-Inputs!B162)*10000,"n.a.") -> -158.72714 | C77: =_xlfn.IFERROR((C76-Inputs!C162)*10000,"n.a.") -> -87.13749 | D77: =_xlfn.IFERROR((D76-Inputs!D162)*10000,"n.a.") -> 74.974704 | E77: =_xlfn.IFERROR((E76-Inputs!E162)*10000,"n.a.") -> 20.594917 | F77: =_xlfn.IFERROR((F76-Inputs!F162)*10000,"n.a.") -> -126.0622 | G77: =_xlfn.IFERROR((G76-B76)*10000,"n.a.") -> -60.676939
A78: Q/Q change (bp) | B78: =_xlfn.IFERROR((B76-Inputs!E162)*10000,"n.a.") -> 78.3252 | C78: =_xlfn.IFERROR((C76-B76)*10000,"n.a.") -> -18.591631 | D78: =_xlfn.IFERROR((D76-C76)*10000,"n.a.") -> 42.641462 | E78: =_xlfn.IFERROR((E76-D76)*10000,"n.a.") -> -81.780114 | F78: n.a. | G78: =_xlfn.IFERROR((G76-E76)*10000,"n.a.") -> -2.9466554
A79: Total revenue (U.S. + OUS) | B79: =B30+B60 -> 2505.1 | C79: =C30+C60 -> 2866.2 | D79: =D30+D60 -> 2770.8 | E79: =E30+E60 -> 2892.3 | F79: =F30+F60 -> 10064.7 | G79: =G30+G60 -> 2942.4529
A80: Check: Geo sums to total (= 0) | B80: =ROUND(B79-'Revenue summary'!B34,6) -> 0 | C80: =ROUND(C79-'Revenue summary'!C34,6) -> 0 | D80: =ROUND(D79-'Revenue summary'!D34,6) -> 0 | E80: =ROUND(E79-'Revenue summary'!E34,6) -> 0 | F80: =ROUND(F79-'Revenue summary'!F34,6) -> 0 | G80: =ROUND(G79-'Revenue summary'!G34,6) -> 0
A81: Check: Geo I&A = total I&A (= 0) | B81: =ROUND(B9+B39-'Revenue summary'!B351,6) -> 0 | C81: =ROUND(C9+C39-'Revenue summary'!C351,6) -> 0 | D81: =ROUND(D9+D39-'Revenue summary'!D351,6) -> 0 | E81: =ROUND(E9+E39-'Revenue summary'!E351,6) -> 0 | F81: =ROUND(F9+F39-'Revenue summary'!F351,6) -> 0 | G81: =ROUND(G9+G39-'Revenue summary'!G351,6) -> 0
A82: Check: Geo systems = total (= 0) | B82: =ROUND(B16+B46-'Revenue summary'!B413,6) -> 0 | C82: =ROUND(C16+C46-'Revenue summary'!C413,6) -> 0 | D82: =ROUND(D16+D46-'Revenue summary'!D413,6) -> 0 | E82: =ROUND(E16+E46-'Revenue summary'!E413,6) -> 0 | F82: =ROUND(F16+F46-'Revenue summary'!F413,6) -> 0 | G82: =ROUND(G16+G46-'Revenue summary'!G413,6) -> 0
A83: Check: Geo services = total (= 0) | B83: =ROUND(B23+B53-'Revenue summary'!B466,6) -> 0 | C83: =ROUND(C23+C53-'Revenue summary'!C466,6) -> 0 | D83: =ROUND(D23+D53-'Revenue summary'!D466,6) -> 0 | E83: =ROUND(E23+E53-'Revenue summary'!E466,6) -> 0 | F83: =ROUND(F23+F53-'Revenue summary'!F466,6) -> 0 | G83: =ROUND(G23+G53-'Revenue summary'!G466,6) -> 0

Sheet Share Count
A1: Intuitive Surgical, Inc. (NasdaqGS: ISRG)
A2: Share Count
A3: $ millions, except per share
A4: Period | B4: 3Q25A | C4: 4Q25A | D4: 1Q26A | E4: 2Q26A | F4: FY25A | G4: 3Q26E | H4: Source
A5: Period end | B5: =DATE(2025,9,30) -> 45930 | C5: =DATE(2025,12,31) -> 46022 | D5: =DATE(2026,3,31) -> 46112 | E5: =DATE(2026,6,30) -> 46203 | F5: =DATE(2025,12,31) -> 46022 | G5: =DATE(2026,9,30) -> 46295
A6: Days in period | B6: =B5-EOMONTH(B5,-3) -> 92 | C6: =C5-EOMONTH(C5,-3) -> 92 | D6: =D5-EOMONTH(D5,-3) -> 90 | E6: =E5-EOMONTH(E5,-3) -> 91 | F6: =F5-DATE(YEAR(F5)-1,12,31) -> 365 | G6: =G5-EOMONTH(G5,-3) -> 92
A8: Shares outstanding rollforward (m)
A9: Shares outstanding – beginning | B9: n.d. | C9: =B14 -> 354.9 | D9: =C14 -> 355.1 | E9: =D14 -> 354.4 | F9: 356.6 | G9: =E14 -> 353.9 | H9: S6
A10: Issued under employee plans, net | B10: n.d. | C10: n.d. | D10: =D14-D9+D13 -> 1.6 | E10: =E14-E9+E13 -> 0.4 | F10: n.d. | G10: 0.8
A11: Y/Y % | B11: n.a. | C11: n.a. | D11: n.a. | E11: n.a. | F11: n.a. | G11: =_xlfn.IFERROR(G10/B10-1,"n.a.") -> n.a.
A12: Q/Q change | B12: n.a. | C12: =_xlfn.IFERROR(C10-B10,"n.a.") -> n.a. | D12: =_xlfn.IFERROR(D10-C10,"n.a.") -> n.a. | E12: =_xlfn.IFERROR(E10-D10,"n.a.") -> -1.2 | F12: n.a. | G12: =_xlfn.IFERROR(G10-E10,"n.a.") -> 0.4
A13: Shares repurchased | B13: 4 | C13: n.d. | D13: 2.3 | E13: 0.9 | F13: n.d. | G13: =G16/G19 -> 1.3333333 | H13: S3/S4/S5
A14: Shares outstanding – ending | B14: ='Balance Sheet'!B50 -> 354.9 | C14: ='Balance Sheet'!C50 -> 355.1 | D14: ='Balance Sheet'!D50 -> 354.4 | E14: ='Balance Sheet'!E50 -> 353.9 | F14: =C14 -> 355.1 | G14: =G9+G10-G13 -> 353.36667
A15: Repurchases
A16: Value repurchased ($m, trade date) | B16: 1919.6 | C16: 200.3 | D16: 1127.5 | E16: 379 | F16: =Inputs!D144+Inputs!E144+B16+C16 -> 2300.9 | G16: 500 | H16: S1; G: assumption
A17: Y/Y % | B17: =_xlfn.IFERROR(B16/Inputs!B144-1,"n.a.") -> n.a. | C17: =_xlfn.IFERROR(C16/Inputs!C144-1,"n.a.") -> n.a. | D17: =_xlfn.IFERROR(D16/Inputs!D144-1,"n.a.") -> n.a. | E17: =_xlfn.IFERROR(E16/Inputs!E144-1,"n.a.") -> 1.0939227 | F17: =_xlfn.IFERROR(F16/Inputs!F144-1,"n.a.") -> n.a. | G17: =_xlfn.IFERROR(G16/B16-1,"n.a.") -> -0.73952907
A18: Q/Q change | B18: =_xlfn.IFERROR(B16-Inputs!E144,"n.a.") -> 1738.6 | C18: =_xlfn.IFERROR(C16-B16,"n.a.") -> -1719.3 | D18: =_xlfn.IFERROR(D16-C16,"n.a.") -> 927.2 | E18: =_xlfn.IFERROR(E16-D16,"n.a.") -> -748.5 | F18: n.a. | G18: =_xlfn.IFERROR(G16-E16,"n.a.") -> 121
A19: Average price paid per share ($) | B19: 479.6 | C19: n.d. | D19: 489.55 | E19: 438.68 | F19: n.d. | G19: 375 | H19: S3/S4/S5; G: assumption
A20: Y/Y % | B20: =_xlfn.IFERROR(B19/Inputs!B184-1,"n.a.") -> n.a. | C20: =_xlfn.IFERROR(C19/Inputs!C184-1,"n.a.") -> n.a. | D20: =_xlfn.IFERROR(D19/Inputs!D184-1,"n.a.") -> n.a. | E20: =_xlfn.IFERROR(E19/Inputs!E184-1,"n.a.") -> -0.15263666 | F20: =_xlfn.IFERROR(F19/Inputs!F184-1,"n.a.") -> n.a. | G20: =_xlfn.IFERROR(G19/B19-1,"n.a.") -> -0.21809842
A21: Q/Q change | B21: =_xlfn.IFERROR(B19-Inputs!E184,"n.a.") -> -38.1 | C21: =_xlfn.IFERROR(C19-B19,"n.a.") -> n.a. | D21: =_xlfn.IFERROR(D19-C19,"n.a.") -> n.a. | E21: =_xlfn.IFERROR(E19-D19,"n.a.") -> -50.87 | F21: n.a. | G21: =_xlfn.IFERROR(G19-E19,"n.a.") -> -63.68
A22: Cash paid for repurchases ($m) | B22: =-'Cash Flow Statement'!B39 -> 1913.3 | C22: =-'Cash Flow Statement'!C39 -> 201 | D22: =-'Cash Flow Statement'!D39 -> 1123.2 | E22: =-'Cash Flow Statement'!E39 -> 320.3 | F22: =-'Cash Flow Statement'!F39 -> 2295.3 | G22: =-'Cash Flow Statement'!G39 -> 500
A23: Weighted average shares (m)
A24: Basic weighted average shares | B24: ='Income Statement'!B68 -> 356.6 | C24: ='Income Statement'!C68 -> 354.9 | D24: ='Income Statement'!D68 -> 354.9 | E24: ='Income Statement'!E68 -> 354.1 | F24: ='Income Statement'!F68 -> 356.9 | G24: =(G9+G14)/2 -> 353.63333
A25: Y/Y % | B25: =_xlfn.IFERROR(B24/Inputs!B87-1,"n.a.") -> 0.0022484542 | C25: =_xlfn.IFERROR(C24/Inputs!C87-1,"n.a.") -> -0.0042087542 | D25: =_xlfn.IFERROR(D24/Inputs!D87-1,"n.a.") -> -0.0072727273 | E25: =_xlfn.IFERROR(E24/Inputs!E87-1,"n.a.") -> -0.012273361 | F25: =_xlfn.IFERROR(F24/Inputs!F87-1,"n.a.") -> 0.004786036 | G25: =_xlfn.IFERROR(G24/B24-1,"n.a.") -> -0.008319312
A26: Q/Q change | B26: =_xlfn.IFERROR(B24-Inputs!E87,"n.a.") -> -1.9 | C26: =_xlfn.IFERROR(C24-B24,"n.a.") -> -1.7 | D26: =_xlfn.IFERROR(D24-C24,"n.a.") -> 0 | E26: =_xlfn.IFERROR(E24-D24,"n.a.") -> -0.8 | F26: n.a. | G26: =_xlfn.IFERROR(G24-E24,"n.a.") -> -0.46666667
A27: Dilutive effect of equity awards | B27: ='Income Statement'!B69-'Income Statement'!B68 -> 5.2 | C27: ='Income Statement'!C69-'Income Statement'!C68 -> 5.5 | D27: ='Income Statement'!D69-'Income Statement'!D68 -> 4.9 | E27: ='Income Statement'!E69-'Income Statement'!E68 -> 3.2 | F27: ='Income Statement'!F69-'Income Statement'!F68 -> 5.8 | G27: 3
A28: Y/Y % | B28: =_xlfn.IFERROR(B27/Inputs!B183-1,"n.a.") -> -0.24637681 | C28: =_xlfn.IFERROR(C27/Inputs!C183-1,"n.a.") -> -0.26666667 | D28: =_xlfn.IFERROR(D27/Inputs!D183-1,"n.a.") -> -0.30985915 | E28: =_xlfn.IFERROR(E27/Inputs!E183-1,"n.a.") -> -0.42857143 | F28: =_xlfn.IFERROR(F27/Inputs!F183-1,"n.a.") -> -0.14705882 | G28: =_xlfn.IFERROR(G27/B27-1,"n.a.") -> -0.42307692
A29: Q/Q change | B29: =_xlfn.IFERROR(B27-Inputs!E183,"n.a.") -> -0.4 | C29: =_xlfn.IFERROR(C27-B27,"n.a.") -> 0.3 | D29: =_xlfn.IFERROR(D27-C27,"n.a.") -> -0.6 | E29: =_xlfn.IFERROR(E27-D27,"n.a.") -> -1.7 | F29: n.a. | G29: =_xlfn.IFERROR(G27-E27,"n.a.") -> -0.2
A30: Diluted weighted average shares | B30: ='Income Statement'!B69 -> 361.8 | C30: ='Income Statement'!C69 -> 360.4 | D30: ='Income Statement'!D69 -> 359.8 | E30: ='Income Statement'!E69 -> 357.3 | F30: ='Income Statement'!F69 -> 362.7 | G30: =G24+G27 -> 356.63333
A31: Y/Y % | B31: =_xlfn.IFERROR(B30/Inputs!B86-1,"n.a.") -> -0.0024813896 | C31: =_xlfn.IFERROR(C30/Inputs!C86-1,"n.a.") -> -0.0096180269 | D31: =_xlfn.IFERROR(D30/Inputs!D86-1,"n.a.") -> -0.013165112 | E31: =_xlfn.IFERROR(E30/Inputs!E86-1,"n.a.") -> -0.018676188 | F31: =_xlfn.IFERROR(F30/Inputs!F86-1,"n.a.") -> 0.0019337017 | G31: =_xlfn.IFERROR(G30/B30-1,"n.a.") -> -0.01428045
A32: Q/Q change | B32: =_xlfn.IFERROR(B30-Inputs!E86,"n.a.") -> -2.3 | C32: =_xlfn.IFERROR(C30-B30,"n.a.") -> -1.4 | D32: =_xlfn.IFERROR(D30-C30,"n.a.") -> -0.6 | E32: =_xlfn.IFERROR(E30-D30,"n.a.") -> -2.5 | F32: n.a. | G32: =_xlfn.IFERROR(G30-E30,"n.a.") -> -0.66666667
A33: EPS chain
A34: Non-GAAP net income ($m) | B34: ='Income Statement'!B92 -> 867.2 | C34: ='Income Statement'!C92 -> 913.6 | D34: ='Income Statement'!D92 -> 901.1 | E34: ='Income Statement'!E92 -> 1002.1 | F34: ='Income Statement'!F92 -> 3240.2 | G34: ='Income Statement'!G92 -> 983.93893
A35: Non-GAAP EPS = NI / diluted shs | B35: =B34/B30 -> 2.3969044 | C35: =C34/C30 -> 2.5349612 | D35: =D34/D30 -> 2.5044469 | E35: =E34/E30 -> 2.804646 | F35: =F34/F30 -> 8.9335539 | G35: =G34/G30 -> 2.7589651
A36: GAAP net income attributable ($m) | B36: ='Income Statement'!B62 -> 704.4 | C36: ='Income Statement'!C62 -> 794.8 | D36: ='Income Statement'!D62 -> 821.5 | E36: ='Income Statement'!E62 -> 818.1 | F36: ='Income Statement'!F62 -> 2856 | G36: ='Income Statement'!G62 -> 790.70893
A37: GAAP EPS = NI / diluted shs | B37: =B36/B30 -> 1.946932 | C37: =C36/C30 -> 2.2053274 | D37: =D36/D30 -> 2.2832129 | E37: =E36/E30 -> 2.2896725 | F37: =F36/F30 -> 7.8742763 | G37: =G36/G30 -> 2.2171481
A38: Check: EPS = NI / diluted shs (= 0) | B38: =ROUND(B35-'Income Statement'!B97,9)+ROUND(B37-'Income Statement'!B71,9) -> 0 | C38: =ROUND(C35-'Income Statement'!C97,9)+ROUND(C37-'Income Statement'!C71,9) -> 0 | D38: =ROUND(D35-'Income Statement'!D97,9)+ROUND(D37-'Income Statement'!D71,9) -> 0 | E38: =ROUND(E35-'Income Statement'!E97,9)+ROUND(E37-'Income Statement'!E71,9) -> 0 | F38: =ROUND(F35-'Income Statement'!F97,9)+ROUND(F37-'Income Statement'!F71,9) -> 0 | G38: =ROUND(G35-'Income Statement'!G97,9)+ROUND(G37-'Income Statement'!G71,9) -> 0

Sheet Guidance
A1: Intuitive Surgical, Inc. (NasdaqGS: ISRG)
A2: Guidance history
A3: $ millions, except per share
A4: Period | B4: 3Q26E
A5: Period end | B5: =DATE(2026,9,30) -> 46295
A6: Days in period | B6: =B5-EOMONTH(B5,-3) -> 92
A8: Metric (non-GAAP unless stated) | B8: Date given | C8: Period | D8: Low | E8: High | F8: Midpoint | G8: Actual | H8: Beat / miss | I8: Source
A9: Worldwide da Vinci procedure growth | B9: =DATE(2025,10,21) -> 45951 | C9: FY25 | D9: 0.17 | E9: 0.175 | F9: =AVERAGE(D9:E9) -> 0.1725 | G9: ='Revenue summary'!F78 -> 0.17517704 | H9: =IF(ISNUMBER(G9),IF(G9>F9,"Beat",IF(G9<F9,"Miss","In line")),"Pending") -> Beat | I9: S8
A10: Gross profit margin | B10: =DATE(2025,10,21) -> 45951 | C10: FY25 | D10: 0.67 | E10: 0.675 | F10: =AVERAGE(D10:E10) -> 0.6725 | G10: ='Income Statement'!F109 -> 0.67558894 | H10: =IF(ISNUMBER(G10),IF(G10>F10,"Beat",IF(G10<F10,"Miss","In line")),"Pending") -> Beat | I10: S8
A11: Operating expense growth | B11: =DATE(2025,10,21) -> 45951 | C11: FY25 | D11: 0.11 | E11: 0.13 | F11: =AVERAGE(D11:E11) -> 0.12 | G11: ='Income Statement'!F118/Inputs!F108-1 -> 0.12383981 | H11: =IF(ISNUMBER(G11),IF(G11<F11,"Below (favourable)",IF(G11>F11,"Above (unfavourable)","In line")),"Pending") -> Above (unfavourable) | I11: S8
A12: Worldwide da Vinci procedure growth | B12: =DATE(2026,1,22) -> 46044 | C12: FY26 | D12: 0.13 | E12: 0.15 | F12: =AVERAGE(D12:E12) -> 0.14 | G12: Pending | H12: =IF(ISNUMBER(G12),IF(G12>F12,"Beat",IF(G12<F12,"Miss","In line")),"Pending") -> Pending | I12: S11
A13: Gross profit margin | B13: =DATE(2026,1,22) -> 46044 | C13: FY26 | D13: 0.67 | E13: 0.68 | F13: =AVERAGE(D13:E13) -> 0.675 | G13: Pending | H13: =IF(ISNUMBER(G13),IF(G13>F13,"Beat",IF(G13<F13,"Miss","In line")),"Pending") -> Pending | I13: S11
A14: Operating expense growth | B14: =DATE(2026,1,22) -> 46044 | C14: FY26 | D14: 0.11 | E14: 0.15 | F14: =AVERAGE(D14:E14) -> 0.13 | G14: Pending | H14: =IF(ISNUMBER(G14),IF(G14<F14,"Below (favourable)",IF(G14>F14,"Above (unfavourable)","In line")),"Pending") -> Pending | I14: S11
A15: SBC ($m, GAAP) | B15: =DATE(2026,1,22) -> 46044 | C15: FY26 | D15: 890 | E15: 920 | F15: =AVERAGE(D15:E15) -> 905 | G15: Pending | H15: =IF(ISNUMBER(G15),"Reported","Pending") -> Pending | I15: S11
A16: Other income ($m) | B16: =DATE(2026,1,22) -> 46044 | C16: FY26 | D16: 355 | E16: 375 | F16: =AVERAGE(D16:E16) -> 365 | G16: Pending | H16: =IF(ISNUMBER(G16),IF(G16>F16,"Beat",IF(G16<F16,"Miss","In line")),"Pending") -> Pending | I16: S11
A17: Income tax rate | B17: =DATE(2026,1,22) -> 46044 | C17: FY26 | D17: 0.22 | E17: 0.23 | F17: =AVERAGE(D17:E17) -> 0.225 | G17: Pending | H17: =IF(ISNUMBER(G17),IF(G17<F17,"Below (favourable)",IF(G17>F17,"Above (unfavourable)","In line")),"Pending") -> Pending | I17: S11
A18: Worldwide da Vinci procedure growth | B18: =DATE(2026,4,21) -> 46133 | C18: FY26 | D18: 0.135 | E18: 0.155 | F18: =AVERAGE(D18:E18) -> 0.145 | G18: Pending | H18: =IF(ISNUMBER(G18),IF(G18>F18,"Beat",IF(G18<F18,"Miss","In line")),"Pending") -> Pending | I18: S10
A19: Gross profit margin | B19: =DATE(2026,4,21) -> 46133 | C19: FY26 | D19: 0.675 | E19: 0.685 | F19: =AVERAGE(D19:E19) -> 0.68 | G19: Pending | H19: =IF(ISNUMBER(G19),IF(G19>F19,"Beat",IF(G19<F19,"Miss","In line")),"Pending") -> Pending | I19: S10
A20: Operating expense growth | B20: =DATE(2026,4,21) -> 46133 | C20: FY26 | D20: 0.11 | E20: 0.14 | F20: =AVERAGE(D20:E20) -> 0.125 | G20: Pending | H20: =IF(ISNUMBER(G20),IF(G20<F20,"Below (favourable)",IF(G20>F20,"Above (unfavourable)","In line")),"Pending") -> Pending | I20: S10
A21: SBC ($m, GAAP) | B21: =DATE(2026,4,21) -> 46133 | C21: FY26 | D21: 890 | E21: 920 | F21: =AVERAGE(D21:E21) -> 905 | G21: Pending | H21: =IF(ISNUMBER(G21),"Reported","Pending") -> Pending | I21: S10
A22: Other income ($m) | B22: =DATE(2026,4,21) -> 46133 | C22: FY26 | D22: 315 | E22: 335 | F22: =AVERAGE(D22:E22) -> 325 | G22: Pending | H22: =IF(ISNUMBER(G22),IF(G22>F22,"Beat",IF(G22<F22,"Miss","In line")),"Pending") -> Pending | I22: S10
A23: Income tax rate | B23: =DATE(2026,4,21) -> 46133 | C23: FY26 | D23: 0.22 | E23: 0.23 | F23: =AVERAGE(D23:E23) -> 0.225 | G23: Pending | H23: =IF(ISNUMBER(G23),IF(G23<F23,"Below (favourable)",IF(G23>F23,"Above (unfavourable)","In line")),"Pending") -> Pending | I23: S10
A24: Worldwide da Vinci procedure growth | B24: =DATE(2026,7,16) -> 46219 | C24: FY26 | D24: 0.135 | E24: 0.155 | F24: =AVERAGE(D24:E24) -> 0.145 | G24: Pending | H24: =IF(ISNUMBER(G24),IF(G24>F24,"Beat",IF(G24<F24,"Miss","In line")),"Pending") -> Pending | I24: S2
A25: Gross profit margin | B25: =DATE(2026,7,16) -> 46219 | C25: FY26 | D25: 0.68 | E25: 0.69 | F25: =AVERAGE(D25:E25) -> 0.685 | G25: Pending | H25: =IF(ISNUMBER(G25),IF(G25>F25,"Beat",IF(G25<F25,"Miss","In line")),"Pending") -> Pending | I25: S2
A26: Operating expense growth | B26: =DATE(2026,7,16) -> 46219 | C26: FY26 | D26: 0.11 | E26: 0.13 | F26: =AVERAGE(D26:E26) -> 0.12 | G26: Pending | H26: =IF(ISNUMBER(G26),IF(G26<F26,"Below (favourable)",IF(G26>F26,"Above (unfavourable)","In line")),"Pending") -> Pending | I26: S2
A27: SBC ($m, GAAP) | B27: =DATE(2026,7,16) -> 46219 | C27: FY26 | D27: 880 | E27: 900 | F27: =AVERAGE(D27:E27) -> 890 | G27: Pending | H27: =IF(ISNUMBER(G27),"Reported","Pending") -> Pending | I27: S9
A28: Other income ($m) | B28: =DATE(2026,7,16) -> 46219 | C28: FY26 | D28: 315 | E28: 335 | F28: =AVERAGE(D28:E28) -> 325 | G28: Pending | H28: =IF(ISNUMBER(G28),IF(G28>F28,"Beat",IF(G28<F28,"Miss","In line")),"Pending") -> Pending | I28: S9
A29: Income tax rate | B29: =DATE(2026,7,16) -> 46219 | C29: FY26 | D29: 0.22 | E29: 0.23 | F29: =AVERAGE(D29:E29) -> 0.225 | G29: Pending | H29: =IF(ISNUMBER(G29),IF(G29<F29,"Below (favourable)",IF(G29>F29,"Above (unfavourable)","In line")),"Pending") -> Pending | I29: S9
A30: Revenue, net income, EPS (quarterly) | B30: =DATE(2026,7,16) -> 46219 | C30: 3Q26 | D30: n.a. | E30: n.a. | F30: n.a. | G30: n.a. | H30: Not guided | I30: S2
A32: Record: FY25 procedure and gross-margin guidance were raised through the year and finished above the final midpoint; FY26 procedure guidance raised in Apr-26 and held in Jul-26; GM guidance raised twice.

Sheet Sources
A1: Intuitive Surgical, Inc. (NasdaqGS: ISRG)
A2: Sources
A3: $ millions, except per share
A4: Period | B4: 3Q26E
A5: Period end | B5: =DATE(2026,9,30) -> 46295
A6: Days in period | B6: =B5-EOMONTH(B5,-3) -> 92
A8: ID | B8: Publication date | C8: Publisher | D8: Feeds | E8: Retrieved (UTC) | F8: URL or file
A9: S1 | B9: =DATE(2026,7,16) -> 46219 | C9: Intuitive Surgical (IR) | D9: Rev summary, Geo, IS, Inputs ext | E9: =DATE(2026,10,19) -> 46314 | F9: https://investor.intuitivesurgical.com/static-files/6ea9f7b2-ca9a-4441-96e2-9c95729cdce2
A10: S2 | B10: =DATE(2026,7,16) -> 46219 | C10: Intuitive / SEC 8-K Ex.99.1 | D10: IS bridge, guidance, BS | E10: =DATE(2026,10,19) -> 46314 | F10: https://www.sec.gov/Archives/edgar/data/1035267/000103526726000047/q226ex-991earningsrelease.htm
A11: S3 | B11: =DATE(2026,7,21) -> 46224 | C11: SEC 10-Q (2Q26) | D11: BS, CF, FX, buybacks | E11: =DATE(2026,10,19) -> 46314 | F11: https://www.sec.gov/Archives/edgar/data/1035267/000103526726000058/isrg-20260630.htm
A12: S4 | B12: =DATE(2026,4,22) -> 46134 | C12: SEC 10-Q (1Q26) | D12: BS, CF, FX, buybacks | E12: =DATE(2026,10,19) -> 46314 | F12: https://www.sec.gov/Archives/edgar/data/1035267/000103526726000032/isrg-20260331.htm
A13: S5 | B13: =DATE(2025,10,22) -> 45952 | C13: SEC 10-Q (3Q25) | D13: BS, CF, FX, buybacks | E13: =DATE(2026,10,19) -> 46314 | F13: https://www.sec.gov/Archives/edgar/data/1035267/000103526725000209/isrg-20250930.htm
A14: S6 | B14: =DATE(2026,2,3) -> 46056 | C14: SEC 10-K (FY25) incl. R4/R6/R9 | D14: FY25 IS, BS, CF | E14: =DATE(2026,10,19) -> 46314 | F14: https://www.sec.gov/Archives/edgar/data/1035267/000103526726000010/isrg-20251231.htm
A15: S7 | B15: =DATE(2026,1,22) -> 46044 | C15: Intuitive (IR) Q4 release | D15: IS (4Q25), tax adj | E15: =DATE(2026,10,19) -> 46314 | F15: https://investor.intuitivesurgical.com/news-releases/news-release-details/intuitive-announces-fourth-quarter-earnings-5
A16: S8 | B16: =DATE(2025,10,21) -> 45951 | C16: Intuitive / SEC 8-K Ex.99.1 | D16: Tax adj 3Q25, FY25 guide | E16: =DATE(2026,10,19) -> 46314 | F16: https://www.sec.gov/Archives/edgar/data/1035267/000103526725000206/q325ex-991earningsrelease.htm
A17: S9 | B17: =DATE(2026,7,16) -> 46219 | C17: Quartr via StockAnalysis | D17: 2Q26 call: guidance, drivers | E17: =DATE(2026,10,19) -> 46314 | F17: https://stockanalysis.com/stocks/isrg/transcripts/652493-q2-2026/
A18: S10 | B18: =DATE(2026,4,21) -> 46133 | C18: Quartr via StockAnalysis | D18: 1Q26 call: guidance | E18: =DATE(2026,10,19) -> 46314 | F18: https://stockanalysis.com/stocks/isrg/transcripts/544923-q1-2026/
A19: S11 | B19: =DATE(2026,1,22) -> 46044 | C19: Quartr via StockAnalysis | D19: 4Q25 call: FY26 guidance | E19: =DATE(2026,10,19) -> 46314 | F19: https://stockanalysis.com/stocks/isrg/transcripts/400878-q4-2025/
A20: S12 | B20: =DATE(2026,9,9) -> 46274 | C20: Investing.com transcript | D20: In-quarter mgmt commentary | E20: =DATE(2026,10,19) -> 46314 | F20: https://www.investing.com/news/transcripts/intuitive-surgical-at-wells-fargo-conference-growth-slows-outlook-holds-93CH-4894134
A21: S13 | B21: =DATE(2026,10,18) -> 46313 | C21: S&P Capital IQ (supplied) | D21: Consensus, Cover, Inputs | E21: =DATE(2026,10,19) -> 46314 | F21: ISRG_consensus.json
A22: S14 | B22: =DATE(2026,10,18) -> 46313 | C22: S&P Capital IQ (supplied) | D22: EPS history, calibration | E22: =DATE(2026,10,19) -> 46314 | F22: ISRG_history.csv
A23: S15 | B23: =DATE(2026,10,13) -> 46308 | C23: Intuitive IR / MarketBeat | D23: Report date 20-Oct-26 | E23: =DATE(2026,10,19) -> 46314 | F23: https://isrg.intuitive.com/events/event-details/q3-2026-intuitive-earnings-conference-call
A24: S16 | B24: =DATE(2026,9,29) -> 46294 | C24: Becker's Hospital Review | D24: U.S. procedure risk (ACA) | E24: =DATE(2026,10,19) -> 46314 | F24: https://www.beckershospitalreview.com/finance/aca-subsidy-lapse-slows-procedures-at-nearly-1-in-4-hospitals-survey/
A25: S17 | B25: =DATE(2026,9,17) -> 46282 | C25: Becker's Hospital Review | D25: HCA elective surgery slowdown | E25: =DATE(2026,10,19) -> 46314 | F25: https://www.beckershospitalreview.com/finance/hca-sees-elective-surgery-slowdown-as-coverage-erodes/
A26: S18 | B26: =DATE(2026,7,17) -> 46220 | C26: MedTech Dive | D26: 2Q26 U.S. softness context | E26: =DATE(2026,10,19) -> 46314 | F26: https://www.medtechdive.com/news/intuitive-ties-q2-procedure-softness-to-aca-subsidy-expirations/825548/
A27: S19 | B27: =DATE(2026,10,1) -> 46296 | C27: WIFO (Austrian Inst. of Econ. Research) | D27: FX assumption (EUR/USD) | E27: =DATE(2026,10,19) -> 46314 | F27: https://www.wifo.ac.at/wp-content/uploads/wtabellen/e/16.11_e_out.pdf
A28: S20 | B28: =DATE(2026,10,16) -> 46311 | C28: StockAnalysis (Nasdaq Data Link) | D28: Market cap (calibration) | E28: =DATE(2026,10,19) -> 46314 | F28: https://stockanalysis.com/stocks/isrg/market-cap/
A29: S21 | B29: =DATE(2026,10,16) -> 46311 | C29: WhichIndex | D29: S&P 500 membership | E29: =DATE(2026,10,19) -> 46314 | F29: https://whichindex.com/companies/intuitive-surgical/
A30: S22 | B30: =DATE(2026,10,15) -> 46310 | C30: Zacks via Yahoo Finance | D30: Alt. consensus, procedures | E30: =DATE(2026,10,19) -> 46314 | F30: https://finance.yahoo.com/markets/stocks/articles/countdown-intuitive-surgical-isrg-q3-121519440.html
A31: S23 | B31: =DATE(2026,10,13) -> 46308 | C31: MarketBeat | D31: Alt. consensus | E31: =DATE(2026,10,19) -> 46314 | F31: https://www.marketbeat.com/instant-alerts/upcoming-intuitive-surgical-isrg-expected-to-announce-earnings-on-tuesday-2026-10-13/
A32: S24 | B32: =DATE(2026,10,13) -> 46308 | C32: Johnson & Johnson | D32: Peer: surgery weakness OUS | E32: =DATE(2026,10,19) -> 46314 | F32: https://www.jnj.com/media-center/press-releases/johnson-johnson-q3-2026-earnings-ceo-and-cfo-prepared-remarks
A33: S25 | B33: =DATE(2026,10,13) -> 46308 | C33: UnitedHealth Group | D33: Payer utilization context | E33: =DATE(2026,10,19) -> 46314 | F33: https://www.unitedhealthgroup.com/newsroom/2026/2026-10-13-uhg-reports-third-quarter-2026-results.html
A34: S26 | B34: =DATE(2026,9,13) -> 46278 | C34: TIKR | D34: 3Q26 share price context | E34: =DATE(2026,10,19) -> 46314 | F34: https://www.tikr.com/blog/intuitive-surgical-stock-has-fallen-39-from-its-high-could-this-be-the-bottom
A35: S27 | B35: =DATE(2026,7,27) -> 46230 | C35: SEC EDGAR submissions API | D35: No 3Q26 Item 2.02 8-K pre-cutoff | E35: =DATE(2026,10,19) -> 46314 | F35: https://data.sec.gov/submissions/CIK0001035267.json
A37: Omitted tabs
A38: Segment tabs omitted: one reportable segment per FY25 10-K and 2Q26 10-Q segment note (S6, S3); drivers are on Revenue summary.
A39: Inputs tab included as required by the task: extended comparatives, CF year-to-date as reported, raw CapIQ snapshot and history, calibration.
A40: Target-quarter actuals: none seen; EDGAR showed no 3Q26 earnings 8-K and the release is scheduled for 20-Oct-26 (S15, S27).
A41: Retrieval note: column E is the live retrieval date (19-Oct-26), after the 18-Oct-26 21:34:46 UTC information cutoff.
A42: Only sources published on or before the cutoff (column B) were used. Retrieval dates have date precision only.
A43: No immutable page snapshots were captured, so no capture timestamps are asserted; pages may have changed after publication.
A44: Frozen CapIQ inputs (S13/S14) come from the 18-Oct-26 manifest.

Sheet Inputs
A1: Intuitive Surgical, Inc. (NasdaqGS: ISRG)
A2: Inputs — extended history comparatives and CapIQ snapshot
A3: $ millions, except per share
A4: Period | B4: 3Q24A | C4: 4Q24A | D4: 1Q25A | E4: 2Q25A | F4: FY24A | G4: 1H25A | H4: Source
A5: Period end | B5: =DATE(2024,9,30) -> 45565 | C5: =DATE(2024,12,31) -> 45657 | D5: =DATE(2025,3,31) -> 45747 | E5: =DATE(2025,6,30) -> 45838 | F5: =DATE(2024,12,31) -> 45657 | G5: =DATE(2025,6,30) -> 45838
A6: Days in period | B6: =B5-EOMONTH(B5,-3) -> 92 | C6: =C5-EOMONTH(C5,-3) -> 92 | D6: =D5-EOMONTH(D5,-3) -> 90 | E6: =E5-EOMONTH(E5,-3) -> 91 | F6: =F5-DATE(YEAR(F5)-1,12,31) -> 366 | G6: =G5-DATE(YEAR(G5)-1,12,31) -> 181
A8: A. Extended history comparatives (reported; used for Y/Y, Q/Q and FY25 = 1Q25 + 2Q25 + 3Q25 + 4Q25)
A9: U.S. da Vinci procedures (000s) | B9: 438 | C9: 474 | D9: 465 | E9: 495 | F9: 1757 | H9: S1
A10: OUS da Vinci procedures (000s) | B10: 232 | C10: 251 | D10: 267 | E10: 280 | F10: 926 | H10: S1
A11: Total da Vinci procedures (000s) | B11: =B9+B10 -> 670 | C11: =C9+C10 -> 725 | D11: =D9+D10 -> 732 | E11: =E9+E10 -> 775 | F11: =F9+F10 -> 2683 | H11: S1
A12: OUS % of da Vinci procedures | B12: =B10/B11 -> 0.34626866 | C12: =C10/C11 -> 0.3462069 | D12: =D10/D11 -> 0.3647541 | E12: =E10/E11 -> 0.36129032 | F12: =F10/F11 -> 0.34513604 | H12: S1
A13: Ion procedures (000s) | B13: 24.9 | C13: 27.9 | D13: 30.7 | E13: 35.3 | F13: 95.5 | H13: S1
A14: Total procedures (000s) | B14: =B11+B13 -> 694.9 | C14: =C11+C13 -> 752.9 | D14: =D11+D13 -> 762.7 | E14: =E11+E13 -> 810.3 | F14: =F11+F13 -> 2778.5 | H14: S1
A15: Placed: da Vinci X dual console | B15: 0 | C15: 2 | D15: 0 | E15: 2 | F15: 5 | H15: S1
A16: Placed: da Vinci X single console | B16: 47 | C16: 47 | D16: 38 | E16: 47 | F16: 170 | H16: S1
A17: Placed: da Vinci Xi dual console | B17: 45 | C17: 76 | D17: 40 | E17: 21 | F17: 223 | H17: S1
A18: Placed: da Vinci Xi single console | B18: 156 | C18: 164 | D18: 123 | E18: 122 | F18: 670 | H18: S1
A19: Placed: da Vinci 5 dual console | B19: 8 | C19: 46 | D19: 35 | E19: 56 | F19: 58 | H19: S1
A20: Placed: da Vinci 5 single console | B20: 102 | C20: 128 | D20: 112 | E20: 124 | F20: 304 | H20: S1
A21: Placed: da Vinci SP | B21: 21 | C21: 30 | D21: 19 | E21: 23 | F21: 96 | H21: S1
A22: Total da Vinci placements | B22: =B15+B16+B17+B18+B19+B20+B21 -> 379 | C22: =C15+C16+C17+C18+C19+C20+C21 -> 493 | D22: =D15+D16+D17+D18+D19+D20+D21 -> 367 | E22: =E15+E16+E17+E18+E19+E20+E21 -> 395 | F22: =F15+F16+F17+F18+F19+F20+F21 -> 1526 | H22: S1
A23: da Vinci 5 % of placements | B23: =(B19+B20)/B22 -> 0.29023747 | C23: =(C19+C20)/C22 -> 0.35294118 | D23: =(D19+D20)/D22 -> 0.40054496 | E23: =(E19+E20)/E22 -> 0.4556962 | F23: =(F19+F20)/F22 -> 0.23722149 | H23: S1
A24: U.S. placements | B24: 219 | C24: 284 | D24: 204 | E24: 216 | F24: 800 | H24: S1
A25: OUS placements | B25: 160 | C25: 209 | D25: 163 | E25: 179 | F25: 726 | H25: S1
A26: Fixed-payment lease placements | B26: 79 | C26: 82 | D26: 91 | E26: 69 | F26: 309 | H26: S1
A27: Usage-based lease placements | B27: 141 | C27: 140 | D27: 107 | E27: 124 | F27: 467 | H27: S1
A28: Total lease placements | B28: =B26+B27 -> 220 | C28: =C26+C27 -> 222 | D28: =D26+D27 -> 198 | E28: =E26+E27 -> 193 | F28: =F26+F27 -> 776 | H28: S1
A29: Purchased placements | B29: =B22-B28 -> 159 | C29: =C22-C28 -> 271 | D29: =D22-D28 -> 169 | E29: =E22-E28 -> 202 | F29: =F22-F28 -> 750 | H29: S1
A30: Lease % of placements | B30: =B28/B22 -> 0.58047493 | C30: =C28/C22 -> 0.45030426 | D30: =D28/D22 -> 0.53950954 | E30: =E28/E22 -> 0.48860759 | F30: =F28/F22 -> 0.508519 | H30: S1
A31: da Vinci system ASP ($000) | B31: 1510 | C31: 1590 | D31: 1620 | E31: 1500 | F31: 1500 | H31: S1
A32: Beginning da Vinci installed base | B32: 9203 | C32: 9539 | D32: 9902 | E32: 10189 | F32: 8606 | H32: S1
A33: Trade-ins, upgrades & retirements | B33: -43 | C33: -130 | D33: -80 | E33: -96 | F33: -230 | H33: S1
A34: Ending da Vinci installed base | B34: 9539 | C34: 9902 | D34: 10189 | E34: 10488 | F34: 9902 | H34: S1
A35: Average da Vinci installed base | B35: =(B32+B34)/2 -> 9371 | C35: =(C32+C34)/2 -> 9720.5 | D35: =(D32+D34)/2 -> 10045.5 | E35: =(E32+E34)/2 -> 10338.5 | F35: =(F32+F34)/2 -> 9254 | H35: S1
A36: Trade-in/retirement rate (% beg.) | B36: =-B33/B32 -> 0.0046723894 | C36: =-C33/C32 -> 0.013628263 | D36: =-D33/D32 -> 0.0080791759 | E36: =-E33/E32 -> 0.0094219256 | F36: =-F33/F32 -> 0.02672554 | H36: S1
A37: Procedures per avg dV system | B37: =B11*1000/B35 -> 71.497172 | C37: =C11*1000/C35 -> 74.584641 | D37: =D11*1000/D35 -> 72.868449 | E37: =E11*1000/E35 -> 74.962519 | F37: =F11*1000/F35 -> 289.92868 | H37: S1
A38: U.S. ending installed base | B38: 5582 | C38: 5807 | D38: 5957 | E38: 6087 | F38: 5807 | H38: S1
A39: OUS ending installed base | B39: 3957 | C39: 4095 | D39: 4232 | E39: 4401 | F39: 4095 | H39: S1
A40: Fixed-payment lease installed base | B40: 1289 | C40: 1307 | D40: 1308 | E40: 1301 | F40: 1307 | H40: S1
A41: Usage-based lease installed base | B41: 1352 | C41: 1492 | D41: 1598 | E41: 1686 | F41: 1492 | H41: S1
A42: Ion systems placed | B42: 58 | C42: 69 | D42: 49 | E42: 54 | F42: 271 | H42: S1
A43: Ending Ion installed base | B43: 736 | C43: 805 | D43: 853 | E43: 905 | F43: 805 | H43: S1
A44: Ion system ASP ($000) | B44: 590 | C44: 580 | D44: 550 | E44: 610 | F44: 570 | H44: S1
A45: Instruments & accessories revenue | B45: 1264.2 | C45: 1411.5 | D45: 1367.7 | E45: 1474.1 | F45: 5079 | H45: S1
A46: Ion I&A revenue | B46: 58.1 | C46: 61.9 | D46: 67.7 | E46: 77.5 | F46: 222.2 | H46: S1
A47: da Vinci I&A revenue | B47: =B45-B46 -> 1206.1 | C47: =C45-C46 -> 1349.6 | D47: =D45-D46 -> 1300 | E47: =E45-E46 -> 1396.6 | F47: =F45-F46 -> 4856.8 | H47: S1
A48: da Vinci I&A per procedure ($000) | B48: =B47/B11 -> 1.8001493 | C48: =C47/C11 -> 1.8615172 | D48: =D47/D11 -> 1.7759563 | E48: =E47/E11 -> 1.8020645 | F48: =F47/F11 -> 1.8102124 | H48: S1
A49: Ion I&A per procedure ($000) | B49: =B46/B13 -> 2.3333333 | C49: =C46/C13 -> 2.218638 | D49: =D46/D13 -> 2.2052117 | E49: =E46/E13 -> 2.1954674 | F49: =F46/F13 -> 2.3267016 | H49: S1
A50: Systems revenue | B50: 445 | C50: 654.6 | D50: 522.7 | E50: 574.7 | F50: 1966 | H50: S1
A51: Ion systems revenue | B51: 26.4 | C51: 31.2 | D51: 27.9 | E51: 24.1 | F51: 113.6 | H51: S1
A52: da Vinci systems revenue | B52: =B50-B51 -> 418.6 | C52: =C50-C51 -> 623.4 | D52: =D50-D51 -> 494.8 | E52: =E50-E51 -> 550.6 | F52: =F50-F51 -> 1852.4 | H52: S1
A53: dV system sales (units x ASP) | B53: =B29*B31/1000 -> 240.09 | C53: =C29*C31/1000 -> 430.89 | D53: =D29*D31/1000 -> 273.78 | E53: =E29*E31/1000 -> 303 | F53: =F29*F31/1000 -> 1125 | H53: S1
A54: dV lease, buyout & other systems | B54: =B52-B53 -> 178.51 | C54: =C52-C53 -> 192.51 | D54: =D52-D53 -> 221.02 | E54: =E52-E53 -> 247.6 | F54: =F52-F53 -> 727.4 | H54: S1
A55: Operating lease revenue (memo) | B55: 167.8 | C55: 181.5 | D55: 195.2 | E55: 213.8 | F55: 654.2 | H55: S1
A56: Services revenue | B56: 328.9 | C56: 347.4 | D56: 363 | E56: 391.2 | F56: 1307.1 | H56: S1
A57: Ion services revenue | B57: 10 | C57: 10.8 | D57: 11.2 | E57: 12.5 | F57: 36.5 | H57: S1
A58: da Vinci services revenue | B58: =B56-B57 -> 318.9 | C58: =C56-C57 -> 336.6 | D58: =D56-D57 -> 351.8 | E58: =E56-E57 -> 378.7 | F58: =F56-F57 -> 1270.6 | H58: S1
A59: dV service rev per avg system ($000) | B59: =B58*1000/B35 -> 34.03052 | C59: =C58*1000/C35 -> 34.627848 | D59: =D58*1000/D35 -> 35.020656 | E59: =E58*1000/E35 -> 36.630072 | F59: =F58*1000/F35 -> 137.30279 | H59: S1
A60: Total revenue | B60: =B45+B50+B56 -> 2038.1 | C60: =C45+C50+C56 -> 2413.5 | D60: =D45+D50+D56 -> 2253.4 | E60: =E45+E50+E56 -> 2440 | F60: =F45+F50+F56 -> 8352.1 | H60: S1
A61: Ion revenue | B61: =B46+B51+B57 -> 94.5 | C61: =C46+C51+C57 -> 103.9 | D61: =D46+D51+D57 -> 106.8 | E61: =E46+E51+E57 -> 114.1 | F61: =F46+F51+F57 -> 372.3 | H61: S1
A62: da Vinci revenue | B62: =B60-B61 -> 1943.6 | C62: =C60-C61 -> 2309.6 | D62: =D60-D61 -> 2146.6 | E62: =E60-E61 -> 2325.9 | F62: =F60-F61 -> 7979.8 | H62: S1
A63: Recurring revenue | B63: =B45+B56+B55 -> 1760.9 | C63: =C45+C56+C55 -> 1940.4 | D63: =D45+D56+D55 -> 1925.9 | E63: =E45+E56+E55 -> 2079.1 | F63: =F45+F56+F55 -> 7040.3 | H63: S1
A64: U.S. I&A revenue | B64: 904.8 | C64: 1007.8 | D64: 963.8 | E64: 1017.3 | F64: 3626.4 | H64: S1
A65: U.S. systems revenue | B65: 265.4 | C65: 420.4 | D65: 335.9 | E65: 354 | F65: 1122.6 | H65: S1
A66: U.S. services revenue | B66: 209.2 | C66: 224.1 | D66: 238.5 | E66: 258.1 | F66: 840.4 | H66: S1
A67: OUS I&A revenue | B67: 359.4 | C67: 403.7 | D67: 403.9 | E67: 456.8 | F67: 1452.6 | H67: S1
A68: OUS systems revenue | B68: 179.6 | C68: 234.2 | D68: 186.8 | E68: 220.7 | F68: 843.4 | H68: S1
A69: OUS services revenue | B69: 119.7 | C69: 123.3 | D69: 124.5 | E69: 133.1 | F69: 466.7 | H69: S1
A70: U.S. revenue | B70: =B64+B65+B66 -> 1379.4 | C70: =C64+C65+C66 -> 1652.3 | D70: =D64+D65+D66 -> 1538.2 | E70: =E64+E65+E66 -> 1629.4 | F70: =F64+F65+F66 -> 5589.4 | H70: S1
A71: OUS revenue | B71: =B67+B68+B69 -> 658.7 | C71: =C67+C68+C69 -> 761.2 | D71: =D67+D68+D69 -> 715.2 | E71: =E67+E68+E69 -> 810.6 | F71: =F67+F68+F69 -> 2762.7 | H71: S1
A72: Cost of revenue – product | B72: 555.4 | C72: 663.9 | D72: 670.7 | E72: 686.2 | F72: 2313.1 | H72: S1
A73: Cost of revenue – service | B73: 108.8 | C73: 107.4 | D73: 125 | E73: 135.9 | F73: 404.8 | H73: S1
A74: Total cost of revenue | B74: =B72+B73 -> 664.2 | C74: =C72+C73 -> 771.3 | D74: =D72+D73 -> 795.7 | E74: =E72+E73 -> 822.1 | F74: =F72+F73 -> 2717.9 | H74: S1
A75: Gross profit | B75: =B60-B74 -> 1373.9 | C75: =C60-C74 -> 1642.2 | D75: =D60-D74 -> 1457.7 | E75: =E60-E74 -> 1617.9 | F75: =F60-F74 -> 5634.2 | H75: S1
A76: SG&A | B76: 510.6 | C76: 612.6 | D76: 563.4 | E76: 561.2 | F76: 2140 | H76: S1
A77: R&D | B77: 286 | C77: 294.7 | D77: 316.2 | E77: 313.3 | F77: 1145.3 | H77: S1
A78: Total operating expenses | B78: =B76+B77 -> 796.6 | C78: =C76+C77 -> 907.3 | D78: =D76+D77 -> 879.6 | E78: =E76+E77 -> 874.5 | F78: =F76+F77 -> 3285.3 | H78: S1
A79: Income from operations | B79: =B75-B78 -> 577.3 | C79: =C75-C78 -> 734.9 | D79: =D75-D78 -> 578.1 | E79: =E75-E78 -> 743.4 | F79: =F75-F78 -> 2348.9 | H79: S1
A80: Interest and other income, net | B80: 93.7 | C80: 74.9 | D80: 90.4 | E80: 88.7 | F80: 324.9 | H80: S1
A81: Income before taxes | B81: =B79+B80 -> 671 | C81: =C79+C80 -> 809.8 | D81: =D79+D80 -> 668.5 | E81: =E79+E80 -> 832.1 | F81: =F79+F80 -> 2673.8 | H81: S1
A82: Income tax expense (benefit) | B82: 100.4 | C82: 121.8 | D82: -35.2 | E82: 167.9 | F82: 336.3 | H82: S1
A83: Net income | B83: =B81-B82 -> 570.6 | C83: =C81-C82 -> 688 | D83: =D81-D82 -> 703.7 | E83: =E81-E82 -> 664.2 | F83: =F81-F82 -> 2337.5 | H83: S1
A84: Net income attributable to NCI | B84: 5.5 | C84: 2.3 | D84: 5.3 | E84: 5.8 | F84: 14.9 | H84: S1
A85: Net income attributable to Intuitive | B85: =B83-B84 -> 565.1 | C85: =C83-C84 -> 685.7 | D85: =D83-D84 -> 698.4 | E85: =E83-E84 -> 658.4 | F85: =F83-F84 -> 2322.6 | H85: S1
A86: Diluted weighted shares (m) | B86: 362.7 | C86: 363.9 | D86: 364.6 | E86: 364.1 | F86: 362 | H86: S1
A87: Basic weighted shares (m) | B87: 355.8 | C87: 356.4 | D87: 357.5 | E87: 358.5 | F87: 355.2 | H87: S1
A88: GAAP diluted EPS (computed) | B88: =B85/B86 -> 1.5580369 | C88: =C85/C86 -> 1.8843089 | D88: =D85/D86 -> 1.9155239 | E88: =E85/E86 -> 1.8082944 | F88: =F85/F86 -> 6.4160221 | H88: S1
A89: COGS: share-based compensation | B89: 31.3 | C89: 33.6 | D89: 36.2 | E89: 36.6 | F89: 123.7 | H89: S1
A90: COGS: LTIP expense | B90: 0.2 | C90: 0.2 | D90: 0.3 | E90: 0.1 | F90: 0.8 | H90: S1
A91: COGS: amortization of intangibles | B91: 2.4 | C91: 2.4 | D91: 2.4 | E91: 2.5 | F91: 12.3 | H91: S1
A92: COGS: acquisition-related items | B92: 0 | C92: 0 | D92: 0 | E92: 0 | F92: 0 | H92: S1
A93: SG&A: share-based compensation | B93: 76.3 | C93: 77.7 | D93: 80.2 | E93: 85 | F93: 298.9 | H93: S1
A94: SG&A: LTIP expense | B94: 1 | C94: 1 | D94: 0.5 | E94: 0.2 | F94: 4.8 | H94: S1
A95: SG&A: amortization of intangibles | B95: 0.6 | C95: 0.2 | D95: 0.5 | E95: 0.1 | F95: 2.4 | H95: S1
A96: SG&A: facilities asset abandonment | B96: 0 | C96: 0 | D96: 0 | E96: 0 | F96: 0 | H96: S1
A97: SG&A: litigation charges | B97: 0 | C97: 12.6 | D97: 0 | E97: 3.5 | F97: 19.8 | H97: S1
A98: SG&A: (gains) on sale of assets | B98: 0 | C98: -1.1 | D98: 0 | E98: 0 | F98: -1.1 | H98: S1
A99: SG&A: acquisition-related items | B99: 0 | C99: 0 | D99: 0 | E99: 0 | F99: 0 | H99: S1
A100: R&D: share-based compensation | B100: 65.3 | C100: 65.7 | D100: 68.8 | E100: 74.6 | F100: 254.2 | H100: S1
... A104: NCI adjustments | B104: -0.5 | C104: -0.5 | D104: -0.3 | E104: -0.3 | F104: -2.2 | H104: S1
...
